Workbook
Name ____DIA1: #REF!
Name ____DIA1: #REF!
Name ____DIA1: #REF!
Name ____DIA1: #REF!
Name ____DIA2: #REF!
Name ____DIA2: #REF!
Name ____DIA2: #REF!
Name ____DIA2: #REF!
Name ____EE1: #REF!
Name ____EE1: #REF!
Name ____EE1: #REF!
Name ____EE1: #REF!
Name ____GT1: #REF!
Name ____GT1: #REF!
Name ____GT1: #REF!
Name ____GT1: #REF!
Name ____GTO1: #REF!
Name ____GTO1: #REF!
Name ____GTO1: #REF!
Name ____GTO1: #REF!
Name ____INC1: #REF!
Name ____INC1: #REF!
Name ____INC1: #REF!
Name ____INC1: #REF!
Name ____INI1: #REF!
Name ____INI1: #REF!
Name ____INI1: #REF!
Name ____INI1: #REF!
Name ____MA1: #REF!
Name ____MA1: #REF!
Name ____MA1: #REF!
Name ____MA1: #REF!
Name ____MES1: #REF!
Name ____MES1: #REF!
Name ____MES1: #REF!
Name ____MES1: #REF!
Name ____RC: #REF!
Name ____RC: #REF!
Name ____RC: #REF!
Name ____RC: #REF!
Name ___DAT1: #REF!
Name ___DAT1: #REF!
Name ___DAT1: #REF!
Name ___DAT1: #REF!
Name ___DIA1: #REF!
Name ___DIA1: #REF!
Name ___DIA1: #REF!
Name ___DIA1: #REF!
Name ___DIA2: #REF!
Name ___DIA2: #REF!
Name ___DIA2: #REF!
Name ___DIA2: #REF!
Name ___EE1: #REF!
Name ___EE1: #REF!
Name ___EE1: #REF!
Name ___EE1: #REF!
Name ___GT1: #REF!
Name ___GT1: #REF!
Name ___GT1: #REF!
Name ___GT1: #REF!

Sheet DMC
A1: ANEXO Nº 1 (ESPECIFICACIONES TECNICAS POLIZA TODO RIESGO DAÑO MATERIAL)
A2: TOMADOR: | C2: INSTITUTO PARA LA INVESTIGACION Y PRESERVACION DEL PATRIMONIO CULTURAL Y NATURAL DEL VALLE DEL CAUCA - INCIVA
A3: ASEGURADO : | C3: =+C2 -> INSTITUTO PARA LA INVESTIGACION Y PRESERVACION DEL PATRIMONIO CULTURAL Y NATURAL DEL VALLE DEL CAUCA - INCIVA
A4: BENEFICIARIO: | C4: =+C2 -> INSTITUTO PARA LA INVESTIGACION Y PRESERVACION DEL PATRIMONIO CULTURAL Y NATURAL DEL VALLE DEL CAUCA - INCIVA
A5: NIT | C5: 800.086.201 - 5
A6: RAMO Y POLIZA No. | C6: TODO RIESGO DANO MATERIAL
A7: PROCESO
A8: VIGENCIA | C8: Desde las 00:00 horas del 30 de Septiembre de 2026 Hasta las 24:00 del 10 de Julio de 2027
A9: CONDICIONES MINIMAS REQUERIDAS OBLIGATORIAS
A10: BIENES ASEGURADOS | C10: VALOR ASEGURADO | D10: TASA | E10: PRIMA NETA
B11: 1. Edificio, incluye mejoras locativas, cimientos, muros de contención, todo elemento que forme parte integrante del edificios aledaños y adyacentes de propiedad del asegurado y de los bienes que estan bajo su responsabildiad y en comodato y similares, cableado estructurado, auditorios. | C11: 1.0106539e+10
B12: 2. Incremento en los costos de contruccion para edificios | C12: 7.3502101e+08
B13: 3.Muebles y enseres propios de la actividad delasegurado, incluye material bibliografico y demas elementos que forme parte integrante de los contenidos | C13: 6.9218431e+08
B14: 4.Maquinaria y Equipo : subestaciones electricas,plantas de emergencia,ascensores,motores electricos,motacargas,aires acondicionados de cada oficina, aire acondicionado central,motobombas,transformadores y equipos similares de acuerdo a la relacion de activos que figuran como propios del asegurado y/o que esten bajo su responsabilidad ciudado y tenencia. | C14: 3.5690754e+08
B15: 5.Dinero en efectivo | C15: 57720000
B16: 6.Equipos electricos y electrónicos de computo y sus accesorios, incluye equipos en comodato, telescopios y equipos de observacion solar y demas equipos no mencionados explicitamente. | C16: 9.0451668e+08
B17: 7.Equipos moviles y portatiles | C17: 1.0710478e+08
B18: Sustraccion con y sin violencia: muebles y enseres, material bibliografico,maquinaria y equipo, dinero dentro y fuera de caja fuerte, equipos de computo fijos, moviles y portatiles y demas bienes no mencionados explicitamente (todo riesgo). | C18: 7.4990431e+08
B19: SUBTOTAL | C19: 1.2959993e+10
B20: * Indice variable 10% | C20: 1.2902273e+09
B21: TOTAL | C21: 1.4250221e+10
B22: PRIMA NETA
B23: IVA
B24: TOTAL
A25: OBJETO DEL SEGURO | C25: Amparar las pérdidas y/o daños materiales que sufran los bienes de propiedad del ASEGURADO, o bajo su responsabilidad, tenencia o control y, en general, dados y recibidos a cualquier título y/o por los que tenga algún interés asegurable.
A26: COBERTURA OBLIGATORIA
B27: Modalidad de la póliza: Todo Riesgo pérdida y/o daño material con exclusiones.
B28: La aseguradora se obliga a indemnizar al asegurado los daños y/o pérdidas que sufran los intereses asegurados, así como los costos y/o gastos en que incurra, o todos combinados, como consecuencia de los riesgos que a continuación se enuncian y sujeto a los riesgos excluidos: Todo riesgo para las pérdidas y/o daños materiales que sufran los intereses asegurados por cualquier riesgo y/o causas, incluidos, pero no limitados a: Incendio, explosión, anegación, daños por agua; extended coverage; huelga, asonada, motín, conmoción civil o popular, actos malintencionados de terceros, incluidos sabotaje y los actos terroristas, cometidos o no por movimientos subversivos (tomas a poblaciones, municipios y ciudades y los actos de la autoridad para repelerlos; también se amparan las pérdidas materiales que sufran los bienes asegurados causados directa o indirectamente por cohetes, misiles o similares); terremoto, temblor y/o erupción volcánica, maremoto, tsunami, y/o eventos de la naturaleza tales como ciclón, huracán, tempestad, vientos, inundación, desbordamiento, alza en el nivel de aguas y enfangamiento, hundimiento, deslizamiento del terreno, derrumbes, aludes, desprendimiento de tierra y rocas, y las pérdidas y/o daños consecuenciales originados por tales fenómenos; ; daño interno de equipos eléctricos y electrónicos: coberturas de todo riesgo daño material por rotura de maquinaria y equipos eléctricos y electrónicos (explosión física o química interna, caída directa de rayo, rotura debido a fuerza centrifuga, cuerpo extraños, acción directa de la energía eléctrica y/o rayo, impericia, descuido, negligencia; sabotaje individual; error de diseño, defecto de mano de obra, falta de agua en aparatos generadores de vapor, otros accidentes ocurridos a los equipos por causas no expresamente excluidas en la póliza); rotura de vidrios, sustracción con violencia y sustracción sin violencia, y demás amparos y/o cobertura que no se encuentren expresamente excluidas. La cobertura de Hurto simple y calificado se extiende a amparar los equipos moviles y portatiles , kit de emergencias, herramientas, equipos y similares dentro y/o fuera de los predios del asegurado y en aquellos donde ejerza su actividad y cuando estan siendo transportados en vehiculos del asegurado, de sus empleados y/o de terceros contratistas y/o subcontratistas del mismo.
A29: BIENES ASEGURADOS (INTERES ASEGURABLE) OBLIGATORIA
B30: Todos los bienes de propiedad real o personal del ASEGURADO, o en los que tuviere interes asegurable , o los recibidos a cualquier titulo, los tomados en arriendo, los recibidos en donacion de pagos o posesión o los recibidos a cualquier titulo, los de terceros o aquellos por los cuales sea o pueda llegar a ser responsable, que se encuentren bajo su cuidado, control y custodia, utilizados en el desarrollo del objeto social del asegurado, consistentes principalmente en, pero no limitados a : edificios, estructuras,cimientos, muros de contencion, cercas, escaleras externas, vidrios planos, patios, estacionamientos, vias de acceso, otras construcciones separadas de las edificaciones, alumbrado publico (luminarias), instalaciones subterraneas, instalaciones electricas, de cableado estructural de aires acondicionados, plantas electronicas, de comunicacion, para conduccion de gas sean o no subterraneas y en general todo tipo de equipo que se encuentren por debajo del nivel del suelo, instalaciones fijas de proteccion contra incenido, alarmas, alumbrado publico zona rural y urbana (luminarias), camaras y circuitos cerrados de television, maquinaria, equipos, herramientas, ascensores, subestaciones y /o plantas electricas, muebles, enseres, aviso, , equipos de oficina, equipos de comunicacion, de audiovisuales, de sistemas, de laboratorios, mejoras locativas (acabados y obras realizadas en el edificio, mercancías, repuestos, insumos, armas de fuego, equipos movilesm vehículos inmovilizados ( en reposo), dinero en efectivo, medallas, plata labrada, obras de arte, estatuas, frescos, colecciones, y muebles que tengan valor artístico, científico e histórico, manuscritos, planos, croquis, patrones, sellos, monedas, libros de comercio, títulos valores y billetes de bancos, instrumentos musicales, equipos de sonidos, bienes que por su naturaleza deben permanecer a la intemperie, bienes de la personeria municipal, los vehiculos y enseres y demás bienes aunque no hayan determinado especificamente, localizados dentro y/o fuera de los predios donde el asegurado desarrolle su actividad en el territorio de la Republica de colombia.
A31: DIRECCION UBICACIÓN RIESGOS | C31: Calle 5 No.24-91 Cali ( Valle )
A32: COBERTURAS SUBLIMITADAS
B33: Terremoto, temblor, erupcion volcanica | C33: 1
B34: Actos Mal intencionados de terceros ,sabotaje y Terrorismo, Huelga Motín, Asonada, conmoción civil o popular | C34: 1
B35: Rotura de maquinaria | C35: =C14 -> 3.5690754e+08
B36: Sustracción con violencia y sin violencia | C36: =C18 -> 7.4990431e+08
B37: Hurto de dinero en efectivo dentro y fuera de caja fuerte | C37: =C15 -> 57720000
A38: CLAUSULAS PARTICULARES Y CONDICIONES ESPECIALES OBLIGATORIAS
A39: 1 | B39: CONVENIO PARA EL PLAZO DEL PAGO DE LA PRIMA | C39: No obstante cualquier estipulación en contrario, por la presente cláusula se deja establecido que, de acuerdo con lo estipulado en el artículo 81 de la Ley 45/90 y la Resolución numero 03750 de Diciembre 31/74 de la Superintendencia Financiera, las partes contratantes convienen que las primas causadas por el presente Contrato de seguros y los Certificados o Anexos que se emitan en aplicación al mismo serán pagadas por EL ASEGURADO, mínimo dentro de los noventa (90) días contados a partir de la fecha en que el respectivo documento sea recibido en sus oficinas, directamente por la Aseguradora y/o por el intermediario de seguros, quien deberá certificar haber recibido a satisfacción las respectivas pólizas en las condiciones contratadas;. Si las pólizas no han sido correctamente elaboradas, el término para el pago solo empezará a contarse desde la fecha en que se presenten en debida forma. La demora en el pago originada por la presentación incorrecta de los documentos requeridos será responsabilidad del contratista y no tendrán por ello derecho al pago de intereses o compensación de ninguna naturaleza o a la aplicación de la terminación del contrato por mora en el pago de la prima.
A40: 3 | B40: DOCUMENTO PARA SUSTENTAR RECLAMO | C40: Para la demostración de la propiedad de los bienes del asegurados, EL ASEGURADO aportará la factura de compra o en su defecto la certificación expedida y firmada por el jefe del departamento de Gestión de Servicio Administrativo o quien haga sus veces donde conste que el bien materia del siniestro se encontraba incluido en su sistema de inventarios. En los casos de hurto el asegurado aportará copia al carbón del denuncio o fotocopia SIMPLE de este o en su defecto una constancia de la fiscalía de que conoce el caso.
A41: 4 | B41: GARANTIAS | C41: La compañía Aseguradora acepta como cumplimiento de garantía, el mantenimiento preventivo y correctivo realizado a los equipos y/o instalaciones directamente por empleados del asegurado o personal a su servicio.
A42: 5 | B42: NO APLICACIÓN DE GARANTIAS | C42: Queda expresamente acordado y aceptado que la aseguradora no establecerá garantías a cumplir por parte del asegurado ., sin previo acuerdo con la entidad tomadora y/o asegurada. Para tal efecto, queda expresamente acordado que para la determinación de garantías, la aseguradora presentará previamente para aceptación del asegurado., la propuesta en la que se detallen los terminos en los que se aplicarán, los cuales quedarán sujetos a los siguientes requisitos: - Que la operación de la entidad, ya contemple el cumplimiento de las condiciones de las garantías propuestas. - Que para el cumplimiento de las condiciones de las garantías propuestas, la entidad cuente con los recursos presupuestales que le permita atender las mismas. - Que las condiciones de las garantías propuestas se enmarquen dentro de las disposiciones legales y/o políticas de la entidad. Se precisa que en el caso de que en algún documento de la propuesta se contenga algún tipo de garantía que no cumpla con cualquiera de los anteriores requisitos, se dará como no exigida y el proponente con la firma de la propuesta acepta esta condición.
A43: 6 | B43: SE ACEPTAN VALORES ARQUITECTONICOS, ARTISTICOS Y LOS BIENES ORNAMENTALES SIEMPRE Y CUANDO ESTEN INCLUIDOS DENTRO DE LOS VALORES ASEGURADOS Y SOPORTADOS POR LOS AVALUOS CORRESPONDIENTES
A44: 7 | B44: VALORES ASEGURADOS GLOBALES | C44: (PARCIALES SOLO PARA LIQUIDACION DE RECLAMOS POR TERREMOTO) Se deja aclarado y convenido que los proponentes que participen en la presente solicitud de ofertas, aceptan el manejo de valores asegurados globales. Para efectos de habilitar la propuesta, el oferente deberá expresar la aceptación de esta condición en la carta de presentación, so pena de rechazo de la oferta.
A45: 8 | B45: DEDUCIBLES PARA EQUIPOS MOVILES | C45: El deducible que figura en la póliza para equipos móviles y portátiles solo opera cuando dichos bienes se encuentran fuera de los predios descritos en la póliza. En los demas casos se aplicara el que corresponda a los equipos dentro de los predios.
A46: 9 | B46: HURTO CALIFICADO Y HURTO EN PREDIOS | C46: Queda convenido que la definición de establecimiento comprende los predios que forman parte de dicho establecimiento.
A47: 10 | B47: HURTO SIMPLE | C47: para equipos móviles dentro Y/O Fuera de los predios del asegurado.
A48: 11 | B48: SE AMPARAN LOS CIMIENTOS - Incluido dentro del valor asegurable.
A49: 12 | B49: TERREMOTO, TEMBLOR Y ERUPCION VOLCANICA, MAREMOTO, TSUNAMI : SE AMPARA AL 100% MENOS EL DEDUCIBLE RESPECTIVO
A50: 13 | B50: SE AMPARAN LOS HUNDIMIENTOS, DESPLAZAMIENTOS, AGRIETAMIENTOS O ASENTAMIENTOS DE CIMIENTOS, MUROS, PISOS, TECHOS Y PAVIMENTOS, VIBRACIONES O MOVIMIENTOS NATURALES DEL SUELO, CUANDO CORRESPONDAN A UN HECHO SUBITO E IMPREVISTO. como consecuencia de un evento específicamente cubierto en la póliza.
A51: 14 | B51: CLÁUSULA DE APLICACIÓN DE CONDICIONES PARTICULARES | C51: Queda expresamente acordado y convenido, que la Compañía acepta las condiciones básicas tecnicas establecidas en este anexo en los terminos señalados en el mismo, por lo tanto, en caso de existir discrepancia ente los ofrecimientos contenidos en la propuesta tecnica básica, frente a los textos de los ejemplares de las pólizas, certificados, anexos o cualquier otro documento; prevalecerá la información y condiciones básicas tecnicas establecidas.
A52: 15 | B52: BIENES A LA INTEMPERIE | C52: Se ampara todo tipo de bien de propiedad del asegurado y/po bajo su responabilidad, cuidado, tenencia o control que por su naturaleza deban permanecer a la intemperie.
A53: 16 | B53: NO SE EXIGE COMO GARANTIA EL CONTRATO DE MANTENIMIENTO PARA LOS EQUIPOS ASEGURADOS, SE ACEPTA EL MANTENIMIENTO REALIZADO POR EMPLEADOS DE LA ENTIDAD
A54: PARA LOS SIGUIENTES AMPAROS ADICIONALES SUBLIMITADOS NO HAY APLICACIÓN DE DEDUCIBLE- OBLIGATORIA
A55: AMPAROS ADICIONALES SUBLIMITADOS
A57: 17 | B57: REMOCION DE ESCOMBROS | C57: Los gastos en quen incurra el asegurado para la remocion de escombros o el desmantelamiento, demolicion o apuntalamiento de la parte o parte de los bienes amparados que hayna sido danados o destruidos a consecuencia de la realizacion de cualquier riesgo cubierto bajo la presente polizas, hasta por la suma de: $ 300.000.000
A58: 18 | B58: GASTOS PARA LA EXTINCION Y EVITAR LA PROPAGACION DEL SINIESTRO | C58: Gastos en que incurra el asegurado por la utilizacion de productos y sustancias dirigidas a la extincion del siniestro o evitar su propagacion, asi como los elementos o equipos destruídos total o parcialmente como consecuencia de la actividad dirigida a este proposito, hasta la suma de $150.000.000.
A59: 19 | B59: GASTOS POR REPOSICION DE INFORMACION, ARCHIVOS Y DOCUMENTOS: HASTA POR $ 200.000.000 | C59: Se cubre la reproducción ó reemplazo de la información contenida en documentos manuscritos, planos, cintas magnéticas, sistemas electrónicos de procesamiento de datos y demás sistemas de almacenamiento de información, archivos de contabilidad y registros, incluyendo el arrendamiento de equipos y el pago de digitadores, programadores de sistemas, ingenieros y dibujantes, entre otros, necesarios para recopilar o reconstruir de nuevo toda la información destruida, averiada o inutilizada de la contabilidad por el limite estipulado en la póliza.
A60: 20 | B60: ROTURA DE VIDRIOS | C60: Incluyendo los generados por Hmacc, Amit y terrorismo , hasta la suma de $ 100.000.000
A61: 21 | B61: GASTOS DE SALVAMENTO, PRESERVACION O MANTENIMIENTO DE LOS BIENES ASEGURADOS | C61: Se amparan los gastos en que incurra el asegurado, por las medidas en que necesaria y razonablemente adopte, como consecuencia del siniestro con el el fin de efectuar reparaciones o construcciones provisionales o transitorias siempre y cuando se efectuen con el proposito de salvar, preservar, o conservar los bienes asegurados, hasta por la suma de $100.000.000
A62: 22 | B62: SEGURO PORTADOR EXTERNO DE DATOS (excluye software) HASTA LA SUMA DE $ 100.000.000 | C62: Ampara las perdidas o danos materiales que sufran los portadores externos de datos, excluyendo la informacion en ellos contenidas, que se hallen dentro y/o fuera de los predios asegurados como consecuencia directa de cualquiera de los eventos amparados bajo la presente poliza.
A63: 23 | B63: HONORARIOS PROFESIONAELS INCLUIDOS VIAJES DE ESTADIA | C63: Se reconoce el costo de honorarios, incluyendo los gastos de viaje y estadia diferentes a los que normalmente forman parte de una indemnizacion, bajo la cobertura otorgada, de tecnicos, expertos, interventores, ingenieros, consultores, arquitectos u otros profesionales para la planificacion, reconstruccion, reposicion, reeemplazo, reparacion de los bienes e intereses asegurados, sin exceder de las tarifas autorizadas por las respectivas agremiaciones o colegios profesionales y, a falta de uno u otras de las que sean usuales o comunes. En las mismas condiciones que para las anteriores, la Compania indemnizara los honorarios de auditores, revisores, contadores, para obtener y certificar la informacion de la contabilidad del establecimiento y demas informacion documentos y testimonios que sean requeridos en una reclamacion, Hasta la suma de $ 100.000.000
A64: 24 | B64: Gastos adicionales y extraordinarios por horas extra, trabajo en dias festivos, trabajo nocturno, flete expreso: HASTA $100.000.000: | C64: Por la presente cláusula y no obstante lo que se diga en contrario en las condiciones generales de la Póliza y sus anexos, este seguro cubre los gastos extraordinarios, honorarios profesionales, en que incurra el Asegurado por concepto de tiempo extra, trabajo nocturno, trabajo en días festivos, envíos por expreso, gastos adicionales por arrendamiento de otros equipos, reposición de material y pérdida de información en portadores externos de datos, con ocasión de cualquier daño o pérdida, amparada por la presente póliza.
A65: 25 | B65: GASTOS PARA LA DEMOSTRACION Y CUANTIFICACION DE LA PERDIDA | C65: Se cubren los gastos y costos en que necesaria y razonablemente incurra el asegurado, para la demostracion de lan ocurrencia y cuantia del siniestro, distintos a los que constituyen costos o gastos fijos de su propia organizacion o los necesarios para la actualizacion de la contabilidad, hasta la suma de $ 100.000.000
A66: 26 | B66: FLETE AEREO | C66: Se reconocen los gastos adicionales por concepto de flete aero siempre y cuando dichos gastos se generen en conexion con cualquier perdida o dano indemnizable respecto de los bienes amparados, hasta por la suma de $ 50.000.000
A67: 27 | B67: PROPIEDAD PERSONAL DE EMPLEADOS | C67: ( Excluye vehiculos, joyas y dinero), hasta la suma de $ 20.000.000 máximo $10.000.000 por persona: Ampara las perdidas o danos materiales que sufran los bienes de propiedad de los empleados del asegurado, excluyendo especificamente vehiculos, joyas, dinero, que se hallen dentarpo de los predios del asegurado, como consecuencia de cualquier evento amparado bajo la presente poliza.
A68: 28 | B68: INCENDIO Y/O RAYO EN APARATOS ELECTRICOS: $ 200.000.000
A69: 29 | B69: HONORARIO POR ADECUACION DE TERRENOS $100.000.000
A70: 30 | B70: CONTINUACION TEMPORAL DE ACTIVIDADES SUBLIMITE $100.000.000 | C70: Cubre los gastos adicionales requeridos para realizar reacondicionamiento, reemplazos, o reparaciones temporales y/o provisionales o construcciones provisionales o transitorias, asi como el valor del arrendamiento temporal de bienes, muebles e inmuebles, siempre que todo se efectue con el fin de salvar , preservar o conservar los bienes asegurados y/o continuar o restablecer sus atividades industirales y/o comerciales.
A71: 31 | B71: REPARACIONES TEMPORALES | C71: Se reconocen los gastos en que incurra el asegurado, con el fin de efectura reparaciones temporales que tengan como objetivo acelerar la reparacion o el reemplazo del bien danado o destruido a consecuencia de la realizacion de un evento amparado, siempre y cuando contribuya a la reparacion o reposicion definitiva, hasta por la suma de $ 50,000,000 EVENTO/VIGENCIA
A72: 32 | B72: REVOCACIÓN , NO RENOVACIÓN O MODIFICACIONES DE LA PÓLIZA Y SUS ANEXOS | C72: La Aseguradora deberá dar aviso por escrito aL ASEGURADO, con una anticipación de noventa (90) días, en caso que decida modificar, revocar o no renovar esta póliza y/o alguno de sus amparos adicionales o modificar cualquiera de sus condiciones. En caso de revocación la aseguradora devolverá al asegurado, la proporción de prima correspondiente al tiempo que falte para el vencimiento de la Póliza, liquidada a prorrata. Para HMACC AMIT TERRORISMO Aplican 10 días. Si la revocación es solicitada por EL ASEGURADO , la Aseguradora devolverá el valor de la prima no corrida del riesgo, liquidada a Prorrata.
A73: 33 | B73: PRORROGAS | C73: Queda expresamente declarado y convenido que la (s) aseguradora (s) queda (n) obligadas (s) a otorgar la (s) prorroga (s) que el Asegurado solicite en caso de que se requiera tiempo adicional para surtir los trámites internos de una nueva licitación, en las mismas condiciones en que se encuentran suscritas las pólizas, incluido el intermediario y su cobro será calculado a prorrata
A74: 34 | B74: RESTABLECIMIENTO AUTOMATICO DEL VALOR ASEGURADO POR PAGO DE SINIESTRO, NO APLICA PARA HAMCCOP, AMIT Y TERRORISMO | C74: Queda entendido y convenido en adición a los términos y condiciones contenidas en la Póliza o en sus anexos que el valor asegurado se reducirá en igual cantidad del monto del siniestro y que la Aseguradora acepta el restablecimiento automático del mismo, mediante el pago de la prima a que haya lugar.
A75: 35 | B75: ERRORES Y OMISIONES NO INTENCIONALES | C75: El tomador esta obligado a declarar sinceramente los hechos o circunstancias que determinen el estado del riesgo, la inexactitud sobre hechos o circunstancias que conocidas por la compañía, la hubiere retraído de celebrar el contrato, o inducido a estipular condiciones más onerosas, produce la nulidad relativa del seguro. Sin embargo, si el tomador incurriere en errores, omisiones o inexactitudes inculpables a él o al asegurado, el contrato de seguro al cual se adhiere este documento no será nulo, ni habrá lugar a la aplicación del inciso tercero del Art. 1058 del Código de Comercio sobre reducción porcentual de la prestación asegurada. En ese caso, se deberá pagar la prima adecuada al verdadero estado del riesgo: la cual será calculada a la (s) tasa (s) establecida (s) en la (s) póliza (s) a prorrata y en las mismas condiciones en que viene suscrito el riesgo.
A76: 36 | B76: MODIFICACIÓN DEL ESTADO DEL RIESGO | C76: No obstante lo estipulado en las condiciones generales de la póliza y sus anexos, por la presente cláusula se establece una limitación a la obligación que el Asegurado notifique los hechos o circunstancias que agraven el riesgo durante la vigencia del contrato, en el sentido, que la aseguradora solo puede invocarla cuando exista relación de causalidad entre la agravación y el siniestro. Se ampararán automáticamente los riesgos cuya agravación se informe, hasta el pronunciamiento del asegurador en contrario.
A77: 37 | B77: CLAUSULA DE ANTICIPO DE LA INDEMNIZACION HASTA 50% | C77: la Aseguradora anticipara la indemnización, hasta por el 50%, con la demostración de la ocurrencia del siniestro por parte del asegurado, el valor de los daños y la comprobación de que existe cobertura y mientras se formaliza a cabalidad la indemnización Correspondiente
A78: 38 | B78: CONOCIMIENTO DEL RIESGO | C78: Por medio de la presente cláusula, la (s) Compañía(s) Aseguradora(s) declara (n) que conocen los riesgos y por consiguiente dejan constancia del conocimiento y aceptación de las circunstancias y condiciones de los mismos. En consecuencia de lo anterior, los proponentes no podrán en ningún caso, oponer excepciones, ni formular objeciones fundamentadas en la circunstancia de no haber llevado a cabo la visita de inspección de los bienes o en el desconocimiento de los mismos.
A79: 39 | B79: DEFINICION DE EDIFICIOS | C79: Se entiende como tal las construcciones fijas con todas sus adiciones y/o anexos, incluyendo instalaciones de caneria sanitaria, e hidraulicas: las instalaciones electricas, aparatos, maquinariay accesorios estacionarios para calefaccion, refrigeracion, ventiliacion, alumbrado, ascensores, divisiones, rejas, vidrios, puertas, ventanas, avisos, chimeneas, mejores locativas, refacciones y en general todos los implementeos e instalaciones permanente que formen parte de la construccion, incluyendo los costos de direccion de obra e interventoria, cuyo valor esta incluido en la suma asegurada.Incluye la Norma Retie y Retilap.
A80: 40 | B80: DEFINICION DE MUEBLES Y ENSERES | C80: Consistente principalmente en toda clase de muebles, enseres, equipos, utensilios de las diferentes dependencias del asegurado tales como pero no limitados a: maquinas de escribir, protectora de cheques y toda clase de maquinas , equipos y utensilios de oficina , armas de fuego, cuadros, estanterías, lámparas, alfombras etc., aunque se hayan determinado específicamente de propiedad del asegurado o por los que sea responsable siempre y cuando en este ultimo caso , no estén cubiertos por otras pólizas y se encuentre contenidos en los diferentes riesgos amparado bajo la presente póliza.
A81: 41 | B81: DEFINICION DE MAQUINARIA Y EQUIPO | C81: Toda la maquinaria , equipo , accesorios , herramientas., repuestos, tanques de almacenamiento, instalaciones eléctricas, vapor, aire, líquidos y de agua que correspondan a maquinaria, equipos fijos para manejo y movilización de materiales, transformadores, subestaciones, plantas eléctricas, calderas, equipos para extensión de incendio en general todo elemento correspondiente a maquinaria, siempre que su valor quede incluido dentro de la suma asegurada, de propiedad del asegurado, o por lo que sea responsable siempre y cuando no estén cubiertos por otra póliza y que se especifiquen con su correspondiente valor, contenidos dentro de cualquier edificio en la póliza
... A107: 67 | B107: ADECUACION A NORMAS DE SISMORESISTENCIA | C107: Las pérdidas o dañosa se indemnizarán al 100 % del valor asegurado (el cual incluye el mayor valor por adecuación a la normatividad vigente sobre sismo resistencia) menos el deducible respectivo, y siempre hasta el límite asegurado. También se amparan tanques, cimientos, muros de contención, bienes por debajo del nivel de la superficie, toldos, avisos, chimeneas, escaleras exteriores, patios, aceras y muros de cerramiento y cualquier otra construccion separada, cualquier clase de fresco o murales que , como motivo de decoracion o de ornamentacion , esten pintados o formen parte de la edificacion, incluidos dentro del valor asegurado
A108: 68 | B108: La cobertura se extiende a cubrir torres, toldos, avisos,chimeneas, aditamentos temporales de llos techos, o de techos de paja, madera o carton. Edificio ( o e; contenidos de los mismos en curso de construccion , de reconstruccion.
A109: 69 | B109: AUTORIZACIÓN PARA REPARACIONES EN CASO DE SINIESTRO | C109: Por medio de la presente cláusula se autoriza al asegurado para iniciar trabajos conducentes a identificar el alcance y magnitud de las fallas y/o adelantar las reparaciones necesarias inmediatamente después de un siniestro sin consultar previamente a la Aseguradora, siempre que estas reparaciones no excedan en más de $ 20.000.000 el deducible pactado y bajo el compromiso de: a. Informar el siniestro a la Aseguradora dentro de los treinta (30) días hábiles siguientes a la fecha del mismo. b. Presentar un informe detallado del siniestro. c. Presentar todas las facturas relacionadas con la reparación. La Aseguradora se reserva el derecho de inspeccionar y pedir informes adicionales cuando a su juicio lo considere necesario, aún después de haber sido hecha la reparación.
A110: 70 | B110: EXTENSION DE COBERTURA PARA EQUIPOS QUE ESTEN O NO TRABAJANDO | C110: Por medio de la presente cláusula se extiende el amparo de la Póliza para los equipos cubiertos por la misma, ya sea que tales equipos estén o no trabajando o hayan sido desmontados para reparación, limpieza, revisión, reacondicionamiento o cuando sean desmontados, trasladados, montados y probados dentro de los predios del Asegurado.
A111: 71 | B111: AMPARO AUTOMATICO PARA EQUIPOS EN DEMOSTRACION HASTA POR LA SUMA DE $ 200.000.000 | C111: Cubre todos los equipos que teniendo relacion con la actividad desarrollada por el asegurado, este reciba, durante la vigencia de la poliza bajo su responabilidad a titulo de demsotracion y que dichos equipos asegurados se encuentren dentro de los predios o establecimientos asegurados, donde el asegurado ejerza su actividad, siempre y cuando no impliquen agravacion del riesgo y en los mismos terminos y condiciones establecidas en la poliza.
A112: 72 | B112: COBERTURA DE INUNDACION O ENLODAMIENTO | C112: Cubre las perdidas o daños a la propiedad asegurada causados por inundación o enlodamiento como resultado de rotura o estallido de la tubería de conducción (tubería de presión suministrando el agua de accionamiento para la maquina asegurada), válvulas de cierre, y/o bombas de retorno debido a los riesgos cubiertos por la presente póliza.
A113: 73 | B113: COBERTURA DE MAQUINARIA Y EQUIPO BAJO TIERRA | C113: Cubre la perdida y/o daños debidos a avenidas, inundaciones, corrimientos de tierra, o caída de rocas, hundimientos, asentamientos, enlodamientos, hundimientos de minas, galerías, túneles, etc. Sublimite $ 200.000.000
A114: 74 | B114: COBERTURA DE BOMBAS SUMERGIDAS Y BOMBAS PARA POZOS PROFUNDOS | C114: \Cubre las perdidas y/o daños causados por erosión de arena y daños resultantes de falta de agua. Sublimte $ 150.000.000
A115: 75 | B115: COBERTURA DE ACEITES LUBRICANTES O REFRIGERANTES | C115: Se cubren las perdidas de aceites lubricante o refrigerantes causados por un accidente indemnizable a los equipos amparados bajo la presente póliza.
A116: 76 | B116: COBERTURA DE CADENAS Y CINTAS TRANSPORTADORAS | C116: La cobertura se extiende a cubrir las perdidas de o daños a cadenas y cintas transportadoras, siempre y cuando tales perdidas de o daños sean causados pro un accidente indemnizable bajo la presente póliza
A117: 77 | B117: COBERTURA DE CABLES METALICOS Y CABLES NO ELECTRICOS | C117: La cobertura se extiende a cubrir las perdidas de o daños a cables metálicos y cables no eléctricos, siempre y cuando tales perdidas de o daños sean causados por un accidente indemnizable bajo la presente póliza
A118: 78 | B118: EQUIPOS DESCONTINUADOS | C118: Para aquellos equipos que ya no se fabrican y que por lo tanto ya no se encuentran en el mercado, para efectos del valor asegurado este se entenderá como el valor real del modelo del equipo que lo reemplace , producido por el mismo fabricante.
A119: 79 | B119: NO APLICACION DE DEMERITO PARA REBOBINADO O NUCLEOS DE EQUIPO ELECTRONICO Y/O ELECTRICO
A120: 80 | B120: DOMICILIO | C120: Sin perjuicios de las disposiciones procesales para los efectos relacionados con el presente contrato, se fija como domicilio de las partes la ciudad de CALI, en la República de Colombia.
A121: 81 | B121: MODIFICACION A FAVOR DEL ASEGURADO | C121: Si durante la vigencia de este seguro se presentan modificaciones a las condiciones generales y particulares de la póliza, que presenten un beneficio a favor del ASEGURADO, tales modificaciones se consideran automáticamente incorporadas a la póliza siempre que el cambio no implique un aumento en la prima originalmente pactada.
A122: 82 | B122: REPOSICION DE TITULOS VALORES | C122: Queda establecido y convenidos por la presente cláusulas que en el caso de perdida o daños al interés asegurado como consecuencia de cualquier accidente incendio u otra causa cubierta por la presente póliza, la responsabilidad de la aseguradora se limitará a las costas y/o cargos incurridos por el asegurado en la reimpresión y obtención de la reexpedición del interés perdido/dañado. Esta cláusula actuará sin perjuicio de lo establecido en la cobertura “extensión para costo financiero” y no será contraria al interés cubierto bajo la póliza.
A123: 83 | B123: MAQUINARIA , HERRAMIENTAS, EQUIPO MOVIL Y PORTATIL FUERA DE LOS PREDIOS.
A124: 84 | B124: DEMOLICION POR ORDEN DE AUTORIDAD COMPETENTE | C124: Se extiende a cubrir hasta concurrencia de la suma asegurada, la demolición del bien asegurado ordenado por la autoridad competente, como consecuencia de daños producidos por un evento cubierto por la póliza.
A125: 85 | B125: FERIAS Y EXPOSICIONES | C125: se amparan automaticamente los bienes asegurados que sean trasladados temporalemten a otro (s) sitio (s), a los predios donde el asegurado ejerce su actividad, con destino a participar en ferias y/o exposiciones dentro del territorio de la Republica de Colombia.
A126: 86 | B126: GASTOS PARA LA OBTENCION DE LICENCIAS Y PERMISOS PARA RECONSTRUIR EL EDIFICIO | C126: Se cubre el costo razonable de los honorarios y materiales necesarios pra obtener las licencias y permisos necesarios para reconstruir el edificion, siempre y cuando dichos gastos se hayan generado en conexion con cualquier perdida o dano amterial indemnizable a los bienes inmuebles asegurados bajo la poliza, hasta por la suma de $500.000.000
...

Sheet VEHICULO INMOVILIZADOS
A1: ANEXO 1A RELACION DEL PARQUE AUTOMOTOR
A2: MUNICIPIO DE PALMIRA
A3: =+A2 -> MUNICIPIO DE PALMIRA
A4: =+A2 -> MUNICIPIO DE PALMIRA
A5: 891.380.007-3
A6: TODO RIESGO DAÑO MATERIAL VEHICULOS INACTIVOS
A9: PLACA | B9: MOTOR | C9: CLASE | D9: MARCA | E9: MODELO | F9: ESTADO | T9: OBSERVACIONES
A10: IHT19A | C10: MOTOCICLETA | D10: VESPA | E10: 1996 | F10: ANTIGUO IDEMA PATIOS | G10: PENDIENTE CONDONACION DE IMPUESTOS | H10: PATIOS | T10: ESTOS VEHICULOS POR ESTAR INACTIVOS SON INCLUIDOS BAJO LA POLIZA DE TODO RIESGO DAÑO MATERIAL Y NO POR LA POLIZA DE AUTOMOVILES
A11: IHT20A | C11: MOTOCICLETA | D11: PIAGGIO | E11: 1996 | F11: ANTIGUO IDEMA PATIOS | G11: PENDIENTE CONDONACION DE IMPUESTOS | H11: PATIOS
A12: IHT23A | C12: MOTOCICLETA | D12: PIAGGIO | E12: 1996 | F12: ANTIGUO IDEMA PATIOS | G12: PENDIENTE CONDONACION DE IMPUESTOS | H12: PATIOS
A13: IHT27A | C13: MOTOCICLETA | D13: PIAGGIO | E13: 1996 | F13: ANTIGUO IDEMA PATIOS | G13: PENDIENTE CONDONACION DE IMPUESTOS | H13: PATIOS
A14: OOK065 | B14: 354677 | C14: CAMIONETA | D14: DOBLE CABINA | E14: 1994 | F14: SECRETARIA DE MOVILIDAD | G14: MAL ESTADO | H14: PATIOS
A15: IHT24A | C15: MOTOCICLETA | D15: PIAGGIO | E15: 1996 | F15: ANTIGUO IDEMA PATIOS | G15: PENDIENTE CONDONACION DE IMPUESTOS | H15: PATIOS
A16: IHT28A | C16: MOTOCICLETA | D16: PIAGGIO | E16: 1996 | F16: ANTIGUO IDEMA PATIOS | G16: PENDIENTE CONDONACION DE IMPUESTOS | H16: PATIOS
A17: IGZ63A | C17: MOTOCICLETA | D17: HONDA | E17: 1993 | F17: ANTIGUO IDEMA PATIOS | G17: SIN PENDIENTE | H17: PATIOS
A18: IHT15A | C18: MOTOCICLETA | D18: PIAGGIO | E18: 1996 | F18: SOTANO CAMP | G18: PENDIENTE CONDONACION DE IMPUESTOS | H18: PATIOS
A19: IHT22A | C19: MOTOCICLETA | D19: PIAGGIO | E19: 1996 | F19: ANTIGUO IDEMA PATIOS | G19: PENDIENTE CONDONACION DE IMPUESTOS | H19: PATIOS
A20: IHT25A | C20: MOTOCICLETA | D20: PIAGGIO | E20: 1996 | F20: ANTIGUO IDEMA PATIOS | G20: PENDIENTE CONDONACION DE IMPUESTOS | H20: PATIOS
A21: IHT30A | C21: MOTOCICLETA | D21: PIAGGIO | E21: 1996 | F21: ANTIGUO IDEMA PATIOS | G21: PENDIENTE CONDONACION DE IMPUESTOS | H21: PATIOS
A22: IHL47A | C22: MOTOCICLETA | D22: HONDA | E22: 1996 | F22: ANTIGUO IDEMA PATIOS | G22: PENDIENTE CONDONACION DE IMPUESTOS | H22: PATIOS
A23: MP001 | C23: MOTOCICLETA | D23: HONDA | E23: 1996 | F23: ANTIGUO IDEMA PATIOS | G23: SIN PENDIENTE | H23: PATIOS
A24: MP002 | C24: MOTOCICLETA | D24: HONDA | E24: 1996 | F24: POLICIA NACIONAL PALMIRA | G24: SIN PENDIENTE | H24: PATIOS
A25: VP025 | C25: MOTOCICLETA | D25: YAMAHA | E25: 1988 | F25: ANTIGUO IDEMA PATIOS | G25: SIN PENDIENTE | H25: PATIOS
A26: IHT34A | C26: MOTOCICLETA | D26: PIAGGIO | E26: 1996 | F26: ANTIGUO IDEMA PATIOS | G26: PENDIENTE CONDONACION DE IMPUESTOS | H26: PATIOS
... A32: IHL48A | C32: MOTOCICLETA | D32: HONDA | E32: 1996 | F32: ANTIGUO IDEMA PATIOS | G32: PENDIENTE CONDONACION DE IMPUESTOS | H32: PATIOS
A33: OOE163 | B33: F477370 | C33: CAMPERO | D33: TOYOYA LANCRUISE | F33: TALLER DEL MUNICIPIO | G33: MAL ESTADO | H33: TALLERES DEL MUNICIPIO
A34: VP014 | C34: MOTOCICLETA | D34: SUZUKI | E34: 1984 | F34: ANTIGUO IDEMA PATIOS | G34: CHATARRA | H34: PATIOS
A35: OOK121 | B35: F2813493 | C35: CAMIONETA | D35: MAZDA | E35: 1999 | F35: DEVUELTO POR LA POLICIA | G35: NO FUNCIONA | H35: TALLERES DEL MUNICIPIO
A36: VP018 | C36: MOTOCICLETA | D36: SUZUKI | E36: 1984 | F36: ANTIGUO IDEMA PATIOS | G36: CHATARRA | H36: PATIOS
A37: 271030 | C37: MOTOCICLETAS | D37: HONDA | E37: 1996 | F37: ANTIGUO IDEMA PATIOS | G37: PENDIENTE CONDONACION DE IMPUESTOS | H37: PATIOS
A38: ON6789 | C38: VOLQUETA | D38: MERCBENZVP199 | E38: 1980 | F38: SCRIA. OBRAS PUBLICAS | G38: PROPEITARIO - GOBERNACION | H38: TALLER MUNICIPAL
A39: OOK017 | C39: VOLQUETA | D39: CHEVROLET | E39: 1992 | F39: SCRIA. OBRAS PUBLICAS | G39: PENDIENTE LEASING | H39: TALLER MUNICIPAL
A40: VP204 | C40: VOLQUETA | D40: MERC-BENZ | E40: 1980 | F40: SCRIA. OBRAS PUBLICAS | G40: PROPEITARIO - GOBERNACION | H40: TALLER MUNICIPAL
A41: VPO20 | C41: MOTOCICLETA | D41: SUZUKI TS 125 | E41: 1986 | F41: SCRIA. TRANSITO OPERATIVA | G41: SIN PENDIENTE | H41: PATIOS
A42: OOK062 | B42: 4G54KW0501 | C42: CAMPERO | D42: MITSUBISCHI | E42: 1993 | F42: MANTENIMIENTO | G42: CONCEJO MPAL | H42: TALLER MUNICIPAL
A43: IHL40A | C43: MOTOCICLETA | D43: HONDA | E43: 1996 | F43: OBRAS PUBLICAS | G43: PENDIENTE CONDONACION DE IMPUESTOS | H43: PATIOS
A44: IHT14A | C44: MOTOCICLETA | D44: PIAGGIO | E44: 1996 | F44: OBRAS PUBLICAS - INSPECTOR | G44: PENDIENTE CONDONACION DE IMPUESTOS | H44: PATIOS
A45: IHT31A | C45: MOTOCICLETA | D45: PIAGGIO | E45: 1996 | F45: PLANEACION - INSPECTORES | G45: PENDIENTE CONDONACION DE IMPUESTOS | H45: PATIOS
A46: IHT26A | C46: MOTOCICLETA | D46: PIAGGIO | E46: 1996 | F46: DIVISION CIVIL - INSPECTOR | G46: PENDIENTE CONDONACION DE IMPUESTOS | H46: PATIOS
A47: IHT21A | C47: MOTOCICLETA | D47: PIAGGIO | E47: 1996 | F47: SERVICIOS ADMON. SUPERVISOR DE VIGILANCIA | G47: PENDIENTE CONDONACION DE IMPUESTOS | H47: PATIOS
A48: IHT16A | C48: MOTOCICLETA | D48: PIAGGIO | E48: 1996 | F48: SERVICIOS ADMON - TECNICO TELEFONOS | G48: PENDIENTE CONDONACION DE IMPUESTOS | H48: PATIOS
A49: OOE119 | C49: AMBULANCIA | D49: DOGGE | E49: XXX | F49: XXXXXXXX | G49: MAL ESTADO | H49: TALLERES DEL MUNICIPIO
A50: IIL02A | B50: 5GP013510 | C50: MOTOCICLETA | D50: YAMAHA | E50: 2003 | F50: POLICIA NACIONAL PALMIRA | H50: PATIOS
A51: IIL03A | B51: 5GP014073 | C51: MOTOCICLETA | D51: YAMAHA | E51: 2003 | F51: POLICIA NACIONAL PALMIRA | H51: PATIOS
A52: IJC32A | B52: 5GP018966 | C52: MOTICICLETA | D52: YAMAHA | E52: 2005 | F52: DEVUELTO AL MUNICIPIO | G52: TALLERES DEL MUNICIPIO | H52: PATIOS
A53: VPO31 | C53: MOTOCICLETA | D53: HONDA XL | E53: 1988 | F53: SCRIA. TRANSITO OPERATIVA | G53: C0MODATO DPTO | H53: PATIOS
A54: VP022 | C54: MOTOCICLETA | D54: SUZUKI | E54: 1986 | F54: SCRIA. TRANSITO OPERATIVA | G54: CHATARRA | H54: PATIOS

Sheet MANEJO 
A1: ANEXO Nº 2 ( ESPECIFICACIONES TECNICAS MANEJO SERVIDORES PUBLICOS)
A2: TOMADOR: | C2: =+DMC!C3 -> INSTITUTO PARA LA INVESTIGACION Y PRESERVACION DEL PATRIMONIO CULTURAL Y NATURAL DEL VALLE DEL CAUCA - INCIVA
A3: ASEGURADO : | C3: =+C2 -> INSTITUTO PARA LA INVESTIGACION Y PRESERVACION DEL PATRIMONIO CULTURAL Y NATURAL DEL VALLE DEL CAUCA - INCIVA
A4: BENEFICIARIO: | C4: =+C2 -> INSTITUTO PARA LA INVESTIGACION Y PRESERVACION DEL PATRIMONIO CULTURAL Y NATURAL DEL VALLE DEL CAUCA - INCIVA
A5: NIT | C5: =+DMC!C5 -> 800.086.201 - 5
A6: RAMO Y POLIZA No. | C6: Seguro de Manejo Empleados Oficiales
A7: PROCESO
A8: VIGENCIA | C8: =DMC!C8 -> Desde las 00:00 horas del 30 de Septiembre de 2026 Hasta las 24:00 del 10 de Julio de 2027
A9: CONDICIONES MINIMAS REQUERIDAS OBLIGATORIAS
A10: INTERES ASEGURADO | C10: COBERTURAS | D10: VALOR ASEGURADO | F10: TASA | G10: PRIMA NETA ACTUAL
A11: Se amparan a las entidades estatales aseguradas contra los riesgos que impliquen menoscabode fondos y bienes, causados por sus empleados en el ejercicio de los cargos amparados, por actos que se tipifiquen como delitos contra la administración pública o fallos con responsabilidad fiscal, siempre y cuando hecho sea cometido dentro de la vigencia de la póliza. | C11: Abuso de confianza, Estafa, Peculado, hurto, huto calificado | E11: 140000000
C12: Falsificación, Delitos contra la
C13: Administración Pública, Delitos contra
C14: el patrimonio economico, alcances fiscales
C15: Gastos de Rendiciòn y reconstrucciòn de cuentas
C16: CAJAS MENORES | E16: 10000000
C17: Empleados no identificados | D17: =D11 | E17: =E11/2 -> 70000000
C18: Protecciòn de Depósitos bancarios | D18: =D17 | E18: =E11/2 -> 70000000
C19: Empleados de firma especializada y temporales, cooperativas y empresas asociativas | D19: =D17 | E19: =E11/2 -> 70000000
D20: PRIMA NETA | F20: Prima Neta | G20: =SUM(G13:G19) -> 0
D21: IVA | F21: Iva | G21: =+G20*0.19 -> 0
D22: PRIMA TOTAL | F22: Total | G22: =SUM(G20:G21) -> 0
A23: CONDICIONES ESPECIALES OBLIGATORIAS
A24: 1 | B24: AMPARO POR PECULADO | C24: Mediante la presente Cláusula se conviene en amparar al Asegurado las pérdidas o detrimentos patrimoniales que sufra por causa de peculado cometido por sus empleados de acuerdo con las denominaciones que para delitos cometidos por empleados oficiales o públicos contempla la ley
A25: 2 | B25: AMPARO POR DELITOS CONTRA LA ADMINISTRACION PÚBLICA: | C25: Mediante la presente Cláusula se conviene en amparar AL ASEGURADO, las pérdidas o detrimentos patrimoniales que sufra por causa de los delitos cometidos por sus servidores públicos, empleados oficiales ó públicos, contemplados en la Ley
A26: 3 | B26: EXTENSION DE COBERTURAS A EMPLEADOS TEMPORALES Y FIRMAS ESPECIALIZADAS: | C26: Se consideran cubiertas todas las perdidas y/o daños que ocasionen los empleados de firmas especializadas, temporales y provisionales, que pertenezcan o no a la firma especializada, estos últimos asesores, estudiantes en práctica, contratistas y subcontratistas.
A27: 4 | B27: PERDIDAS CAUSADAS POR EMPLEADOS NO IDENTIFICADOS | C27: Con sujecion a las condiciones genereales de la poliza y no obstante lo que en contratio se diga en la misma o en sus anexos, si una perdida cubierta se presume haber sido causada por uno o mas de los empleados y el asegurado no pudiere senalar especdificamente el empelado o empleados causantes, dicha perdia se considera debidamene amparada, siempre y cuando las pruebas que se presentern sean concluyente quedando entendido ademas la responsabilidad de la aseguradora no excedera en ningun caso el valor asegurado por cada evento.
A28: 5 | B28: PROTECCION DE DEPOSITOS BANCARIOS | C28: Por medio del presente anexo, se cubren las pérdidas que el Asegurado sufra en cuanto a los dineros depositados en su cuenta corriente o de ahorros que mantenga con una entidad bancaria o financiera, siempre y cuando dicha pérdida se deba a falsificación de un cheque, letra de cambio, pagaré, carta de crédito o cualquier otra clase de titulo valor que el banco o LA ENTIDAD financiera presuma que ha sido firmado, endosado o avalado por el Asegurado o por una persona que obre en su nombre o representación y que el banco o entidad financiera compruebe que no es responsable por dicho pago. El amparo se hace extensivo a cualquiera de los siguientes eventos: A. Cuando el cheque girado presuntamente por el Asegurado o su representante sea pagado a una persona ficticia. B. Cuando un cheque girado por el Asegurado o su representante a favor de un tercero y entregado a dicho tercero o a un representante de este, resulte endosado y cobrado por una persona distinta a dicho tercero o a aquella otra a quien ha debido hacerse el pago en virtud de una transferencia posterior que hubiese podido efectuarse respecto a dicho cheque. C. Cualquier cheque con destino al pago de salarios que habiendo sido girado u ordenado por el Asegurado, resultase endosado y cobrado por un tercero obrando supuestamente a nombre del girador, o de aquel a quien se debía hacer el pago. Es requisito indispensable para que sea procedente una indemnización bajo los literales a, b, y c, que exista falsificación o adulteración de conformidad con las disposiciones legales vigentes al momento del siniestro. Las firmas estampadas por medios mecánicos, serán consideradas como firmas autógrafas.
A29: 6 | B29: =DMC!B39 -> CONVENIO PARA EL PLAZO DEL PAGO DE LA PRIMA | C29: =DMC!C39 -> No obstante cualquier estipulación en contrario, por la presente cláusula se deja establecido que, de acuerdo con lo estipulado en el artículo 81 de la Ley 45/90 y la Resolución numero 03750 de Diciembre 31/74 de la Superintendencia Financiera, las partes contratantes convienen que las primas causadas por el presente Contrato de seguros y los Certificados o Anexos que se emitan en aplicación al mismo serán pagadas por EL ASEGURADO, mínimo dentro de los noventa (90) días contados a partir de la fecha en que el respectivo documento sea recibido en sus oficinas, directamente por la Aseguradora y/o por el intermediario de seguros, quien deberá certificar haber recibido a satisfacción las respectivas pólizas en las condiciones contratadas;. Si las pólizas no han sido correctamente elaboradas, el término para el pago solo empezará a contarse desde la fecha en que se presenten en debida forma. La demora en el pago originada por la presentación incorrecta de los documentos requeridos será responsabilidad del contratista y no tendrán por ello derecho al pago de intereses o compensación de ninguna naturaleza o a la aplicación de la terminación del contrato por mora en el pago de la prima.
A30: 7 | B30: AMPARO AUTOMÁTICO PARA NUEVOS CARGOS | C30: No obstante cualquier estipulación en contrario en las condiciones generales de la póliza y sus anexos, este seguro se extiende a cubrir todo nuevo cargo creado por el Asegurado sin limite de plazo para reportar a la aseguradora.
A31: 8 | B31: PERÍODO ADICIONAL DE COBERTURAS | C31: Por medio de la presente cláusula se deja establecido y convenido que las personas al servicio del asegurado, continuarán amparadas los treinta (30) días inmediatamente siguientes a la fecha de retiro, con sujeción a las Cláusulas relativas a vigencia, terminación y revocación de la Póliza
A32: 9 | B32: REVOCACIÓN , NO RENOVACIÓN O MODIFICACIONES DE LA PÓLIZA Y SUS ANEXOS | C32: La Aseguradora deberá dar aviso por escrito aL ASEGURADO, con una anticipación de noventa (90) días, en caso que decida modificar, revocar o no renovar esta póliza y/o alguno de sus amparos adicionales o modificar cualquiera de sus condiciones. En caso de revocación la aseguradora devolverá al asegurado, la proporción de prima correspondiente al tiempo que falte para el vencimiento de la Póliza, liquidada a prorrata. Si la revocación es solicitada por EL ASEGURADO , la Aseguradora devolverá el valor de la prima no corrida del riesgo, liquidada a Prorrata.
A33: 10 | B33: PRORROGAS | C33: Queda expresamente declarado y convenido que la (s) aseguradora (s) queda (n) obligadas (s) a otorgar la (s) prorroga (s) que el Asegurado solicite en caso de que se requiera tiempo adicional para surtir los trámites internos de una nueva licitación, en las mismas condiciones en que se encuentran suscritas las pólizas, incluido el intermediario y su cobro será calculado a prorrata..
A34: 11 | B34: ERRORES Y OMISIONES NO INTENCIONALES | C34: El tomador esta obligado a declarar sinceramente los hechos o circunstancias que determinen el estado del riesgo, la inexactitud sobre hechos o circunstancias que conocidas por la compañía, la hubiere retraído de celebrar el contrato, o inducido a estipular condiciones más onerosas, produce la nulidad relativa del seguro. Sin embargo, si el tomador incurriere en errores, omisiones o inexactitudes inculpables a él o al asegurado, el contrato de seguro al cual se adhiere este documento no será nulo, ni habrá lugar a la aplicación del inciso tercero del Art. 1058 del Código de Comercio sobre reducción porcentual de la prestación asegurada. En ese caso, se deberá pagar la prima adecuada al verdadero estado del riesgo
A35: 12 | B35: No Aplicación de Garantías | C35: Queda expresamente acordado y aceptado que la aseguradora no establecerá garantías a cumplir por parte del ASEGURADO ., sin previo acuerdo con la entidad tomadora y/o asegurada. Para tal efecto, queda expresamente acordado que para la determinación de garantías, la aseguradora presentará previamente para aceptación del ASEGURADO., la propuesta en la que se detallen los terminos en los que se aplicarán, los cuales quedarán sujetos a los siguientes requisitos: - Que la operación de la entidad, ya contemple el cumplimiento de las condiciones de las garantías propuestas. - Que para el cumplimiento de las condiciones de las garantías propuestas, la entidad cuente con los recursos presupuestales que le permita atender las mismas. - Que las condiciones de las garantías propuestas se enmarquen dentro de las disposiciones legales y/o políticas de la entidad. Se precisa que en el caso de que en algún documento de la propuesta se contenga algún tipo de garantía que no cumpla con cualquiera de los anteriores requisitos, se dará como no exigida y el proponente con la firma de la propuesta acepta esta condición.
A36: 13 | B36: MODIFICACIÓN DEL ESTADO DEL RIESGO | C36: No obstante lo estipulado en las condiciones generales de la póliza y sus anexos, por la presente cláusula se establece una limitación a la obligación que el Asegurado notifique los hechos o circunstancias que agraven el riesgo durante la vigencia del contrato, en el sentido, que la aseguradora solo puede invocarla cuando exista relación de causalidad entre la agravación y el siniestro. Se ampararán automáticamente los riesgos cuya agravación se informe, hasta el pronunciamiento del asegurador en contrario.
A37: 14 | B37: CLAUSULA DE ANTICIPO DE LA INDEMNIZACION HASTA 50% | C37: la Aseguradora anticipara la indemnización, hasta por el 50%, con la demostración de la ocurrencia del siniestro por parte del asegurado, el valor de los daños y la comprobación de que existe cobertura y mientras se formaliza a cabalidad la indemnización Correspondiente
A38: 16 | B38: ACUERDO PARA AJUSTE EN CASO DE SINIESTRO | C38: Por medio de la presente Cláusula se conviene que todos los siniestros serán ajustados conforme al procedimiento especial de ajuste que se acuerde entre el Asegurador y Asegurado, y que bajo estas condiciones, operará el Ajustador que se designe cuando sea necesario
A39: 17 | B39: NOMBRAMIENTO DE AJUSTADOR | C39: En caso de siniestro que afecte las pólizas contratadas y en los que a juicio de la aseguradora se deba asignar Ajustador, dichos Ajustadores no podrán ser asignados unilateralmente por la aseguradora, sino bajo los siguientes parámetros
A40: 18 | B40: DESIGNACION DE CARGOS | C40: En adición a los términos y condiciones contenidas en la póliza y sus anexos, la Aseguradora acepta el titulo, nombre, denominación, nomenclatura con que el Asegurado identifica o describe los cargos asegurados
A41: 19 | B41: CAMBIO EN LA DENOMINACION DEL CARGO | C41: La presene poliza se extiende a cubrir automaticamente todo cargo creado en reemplazo de cualesquiera de los cargos asegurados en la misma
... A50: 28 | B50: CLAUSULA DE COMPENSACION | C50: Si al momento de descubrirse el ilícito o cuando se haya determinado el menoscabo de los fondos o bienes de la misma y antes de ser pagada la indemnización, EL ASEGURADO es deudor del empleado o trabajador por cualquier concepto, la pérdida será reducida en el monto de dicha deuda siempre y cuando la compensación no este prohibida por las leyes.
A51: CLAUSULAS PARTICULARES OPCIONALES REQUERIDAS | F51: S/ N / D | G51: PUNTOS
B52: RESTABLECIMIENTO AUTOMÁTICO DE VALOR ASEGURADO POR PAGO DE SINIESTRO | C52: En caso de siniestro el límite asegurado se rebajará en la suma indemnizada a partir de la fecha en que se efectúe el pago y se restablecerá automáticamente por una vez a su límite inicial y el Asegurado pagará la prima adicional correspondiente a prorrata. Está cláusula tiene aplicación durante la vigencia de la poliza.
A53: CLAUSULAS PARTICULARES SOLICITADAS :Si la clausula es aceptada anotar una S, si es negada una N o si es aceptada con desviacion, indicar en el formato de desviaciones el texto propuesto.
A54: DEDUCIBLES
B55: DEDUCIBLES MINIMOS REQUERIDOS
B56: Todas las coberturas: % de la pérdida mínimo SMMLV
B57: Caja Menor sin deducible
A58: REGISTRO SUPERBANCARIA - POLIZA: ANEXAR CONDICIONADO Y TEXTOS DE CLAUSULAS
A59: NOTA: SE DEBE DILIGENCIAR UNICAMENTE LA PARTE SOMBREADA EN GRIS. LAS DEMAS AREAS DEL CUADRO NO DEBEN SER MODIFICADAS

Sheet RCE 
A1: ANEXO Nº 3 ( ESPECIFICACIONES TECNICAS RESPONSABILIDAD CIVIL EXTRACONTRACTUAL )
A2: TOMADOR: | C2: =+DMC!C2 -> INSTITUTO PARA LA INVESTIGACION Y PRESERVACION DEL PATRIMONIO CULTURAL Y NATURAL DEL VALLE DEL CAUCA - INCIVA
A3: ASEGURADO : | C3: =+C2 -> INSTITUTO PARA LA INVESTIGACION Y PRESERVACION DEL PATRIMONIO CULTURAL Y NATURAL DEL VALLE DEL CAUCA - INCIVA
A4: BENEFICIARIO: | C4: LOS TERCEROS AFECTADOS
A5: NIT | C5: =+DMC!C5 -> 800.086.201 - 5
A6: RAMO Y POLIZA No. | C6: Seguro de Responsabilidad Civil Extracontractual,
A7: PROCESO
A8: VIGENCIA | C8: =DMC!C8 -> Desde las 00:00 horas del 30 de Septiembre de 2026 Hasta las 24:00 del 10 de Julio de 2027
A9: COBERTURAS Y CONDICIONES MINIMAS REQUERIDAS OBLIGATORIAS
A10: OBJETO | C10: AMPAROS | D10: LIMITE ASEGURADO | F10: TASA POR MIL | G10: PRIMA ANUAL
D12: EVENTO | E12: VIGENCIA
B13: Territorio Colombiano | D13: 1000000000
B14: Se amparan los perjuicios patrimoniales y extrapatrimoniales, incluyendo los perjuicios morales, que el asegurado cause a terceros, con motivo de la responsabilidad civil en que incurra de acuerdo con la Ley, durante el giro normal de sus actividades, incluyendo las complementarias. Los perjuicios cubiertos son los derivados de: Lesiones ó muerte a personas, Daños a bienes de propiedad de terceros, Perjuicios morales,, perjuicios de dano en la vida relacion y fisiológicos. lucro cesante que se derive de un daño material y/o de un daño corporal - La cobertura se extiende a amparar la Responsabilidad del asegurado frente a terceros cuando sea necesario acceder a predios que no son propiedad del asegurado para reparar daños a sus redes, cables, tubería y similares. | C14: Predios, labores y operaciones.
C15: La posesion, el uso el mantenimiento de los predios en los cuales se desarrolla la actividad propia del asegurado.
C16: Las operaciones que lleve a Cabo el asegurado en los predios asegurados y donde desarrolle su actividad.
C17: Las actividades que razonablemente forman parte del riesgo asegurado y que son inherentes al desarrollo del giro normal de su actividad.
C18: Incendio y explosión
C19: Uso de maquina y equipos de trabajo de carque, descarque y transporte dentro y/o fuera de los predios del asegurado.
C20: Actividades sociales, deportivas y culturales, asi como las instalaciones sociales y deportivas dentro y/o fuera de los predios del asegurado
C21: Participacion del asegurado en ferias y exposiciones nacionales.
C22: Viajes al exterior realizados por los representantes, directores y empleados al servicio del asegurado, en funciones inherentes al desarrollo de las actividades propias del asegurado.
C23: viajes dentro del territorio nacional de los representantes, directores y empleados al servicio del asegurado, en funciones inherentes al desarrollo de las actividades propias del asegurado.
C24: Posesion y uso de depositos, tanques, y tuberias dentro de los predios asegurados;
C25: Cafeteria, restaurantes, casinos, bares
C26: Transporte de materias primas y productos azarosos, Manejo de combustible según decreto No. 1521 de 1996
... C31: Ascensores, montacargas, escaleras automáticas
C32: Contratistas y/o subcontratistas independientes | D32: =D13*50% -> 500000000 | E32: =D13 -> 1000000000
C33: Patronal | D33: 500000000 | E33: 1000000000
C34: Vehículos propios y no propios (Incluye maquinaria pesada) | D34: 500000000 | E34: 1000000000
C35: Gastos medicos | D35: 200000000 | E35: 600000000
C36: Bienes bajo cuidado tenencia y control | D36: 250000000 | E36: 500000000
C37: Responsabilidad Civil Cruzada | D37: =D13*50% -> 500000000 | E37: =D13*100% -> 1000000000
C38: Parqueaderos | D38: 200000000 | E38: 300000000
D39: PRIMA NETA | G39: =SUM(G22:G36) -> 0
D40: IMPOVENTAS | G40: =+G39*0.19 -> 0
D41: TOTAL IMPOVENTAS | G41: =SUM(G39:G40) -> 0
A42: CONDICIONES ESPECIALES OBLIGATORIAS
A43: 1 | B43: LOS CLIENTES, VISITANTES Y USUARIOS SON CONSIDERADOS COMO TERCEROS
A44: 2 | B44: ACTIVIDADES SOCIALES, CULTURALES Y DEPORTIVAS | C44: Por la presente cláusula y no obstante lo que en contrario se diga en las condiciones generales de la Póliza o en sus anexos, la Aseguradora cubre la responsabilidad civil imputable al Asegurado, derivada del ejercicio, dirección o supervisión de actividades deportivas, sociales y culturales, que se desarrollen en cualquier parte del territorio de la República de Colombia.
A45: 3 | B45: RCE DERIVADA DEL SERVICIO DE VIGILANCIA | C45: Por la presente cláusula y no obstante lo que en contrario se diga en las condiciones generales de la Póliza o en sus anexos, la Aseguradora ampara la responsabilidad civil deL ASEGURADO, frente a terceros por perjuicios patrimoniales y extrapatrimoniales, causados por vigilantes y personal de seguridad, en el cumplimiento de sus obligaciones y de los ocasionados por su negligencia o imprudencia, incluso, los que se ocasionen como consecuencia del uso de armas de fuego, en cualquier parte del territorio de la República de Colombia.
A46: 4 | B46: RESPONSABILIDAD CIVIL POR PERSONAL DE SEGURIDAD. | C46: Cubre la Responsabilidad Civil que pueda derivarse para el asegurado por los actos del personal de escolta que sean empleados suyos o personas particulares o pertenezcan a empresas de vigilancia contratadas por el, en cuyo caso operara en exceso de la póliza contratada por dicha empresa, cometidos en el desempeño de sus funciones en cualquier sitio del territorio colombiano-
A47: 5 | B47: USO DE ARMAS DE FUEGO Y ERRORES DE PUNTERÍA | C47: Por la presente cláusula y no obstante lo que en contrario se diga en las condiciones generales de la póliza o en sus anexos, la aseguradora ampara la responsabilidad civil del ASEGURADO, frente a terceros por las reclamaciones por daños, lesiones y perjuicios causados por los vigilantes y personas de seguridad en el cumplimiento de sus obligaciones y de los ocasionados por su negligencia o imprudencia incluso los que se ocasionen como consecuencia del uso de armas de fuego en cualquier parte del Territorio de la República de Colombia. Tratándose de vigilantes no propios esta cobertura operará en exceso de la póliza de responsabilidad civil de la empresa de vigilancia, siempre que la póliza exista y se logre obtener la indemnización en caso de reclamo bajo dicha póliza con su límite asegurado, de lo contrario operará la presente póliza como primera capa
A48: 6 | B48: ELEVADORES,ESCALERAS Y EQUIPOS SIMILARES | C48: Por la presente cláusula y no obstante lo que en contrario se diga en las condiciones generales de la póliza o en sus anexos, mediante el presente seguro, se ampara la responsabilidad civil por los perjuicios patrimoniales y extrapatrimoniales que debiere pagar EL ASEGURADO como consecuencia del uso o manejo de elevadores, ascensores, cabrias, montacargas, carretas, escaleras metálicas y equipos similares
A49: 7 | B49: RC PATRONAL, EN EXCESO DE LAS PRSTACIONES DE LEY | C49: La aseguradora reconocera al ASEGURADO las sumas que debiere pagar en virtud de la responsabilidad civil extracontractual, que le sea imputable por accidente de trabajo o enfermedades profesionales, que afecten a los trabajadores a su servicio en el desarrollo de las actividades a ellos asignadas, en exceso de las prestaciones legales incluyendo trabajadores de los contratistas y /o subcontratiatas
A50: 8 | B50: CONTRATISTA Y/O SUBCONTRATISTA INDEPENDIENTES | C50: Mediante la presente cláusula y no obstante lo que se diga en contrario en las condiciones generales de la Póliza o en sus anexos, se reconocerán a los terceros afectados y/ó al asegurado, las sumas que debiere pagar EL ASEGURADO, en razón de la responsabilidad civil Extracontractual por perjuicios patrimoniales y extrapatrimoniales resultantes como consecuencia de labores realizadas a su servicio por Contratistas ó Subcontratistas independientes.
A51: 9 | B51: VEHICULOS PROPIOS Y NO PROPIOS | C51: Por la presente cláusula y no obstante lo que en contrario se diga en las condiciones generales de la póliza o en sus anexos, y sujeto a que el Asegurado ha pagado la prima adicional acordada a la Aseguradora, le indemnizará las sumas que debiere pagar en razón de su responsabilidad civil extracontractual por las lesiones personales o muerte causadas a terceros, ó daños causados a propiedades de terceros, como consecuencia de la utilización de vehículos de transporte terrestre, que sean o no de su propiedad y se extiende a amparar los establecidos en la póliza incluyendo equipos que no tengan tracción propia, hasta por los limites establecidos en la póliza.
A52: 10 | B52: GASTOS MEDICOS | C52: ). Queda entendido y convenido en adición a los términos y condiciones contenidas en la Póliza y sus anexos, que la Aseguradora reconocerá al Asegurado, a los terceros afectados, ó a la institución prestadora del servicio, los gastos médicos, hospitalarios, medicinas y demás gastos requeridos para la prestación de los servicios médicos y hospitalarios que se causen ó en que deba incurrir, hasta el límite convenido, como consecuencia de lesiones personales causadas a terceros, con ocasión del desarrollo de las actividades del Asegurado.
A53: 11 | B53: CONTAMINACION ACCIDENTAL SUBITA E IMPREVISTA | C53: No obstante cualquier estipulación en contrario de las condiciones generales y particulares de la póliza y sus anexos, esta póliza de seguro cubre la polución y/o contaminación accidental, proveniente de cualquiera de las actividades desarrolladas por el asegurado.
A54: 12 | B54: USO DE CAFETERÍAS, RESTAURANTES, CASINOS Y BARES-AVISOS Y VALLAS | C54: Por la presente cláusula y no obstante lo que en contrario se diga en las condiciones generales de la póliza o en sus anexos, la Aseguradora cubre la responsabilidad civil del Asegurado, como consecuencia de la propiedad, posesión, tenencia, mantenimiento y uso de cafeterías, restaurantes, casinos y bares, así como de avisos, vallas dentro y fuera de los predios del asegurado y en general bienes utilizados para propaganda y publicidad.
A55: 13 | B55: TRANSPORTE Y MANEJO DE MATERIAS PRIMAS | C55: Por la presente cláusula queda aclarado y convenido que la Póliza ampara la responsabilidad civil, como consecuencia del transporte y manejo por parte del asegurado, contratistas ó subcontratistas, de materias primas y productos de cualquier naturaleza, incluyendo cargue y descargue, entendiéndose que toda esta operación puede ser ejecutada directamente por EL ASEGURADO ó contratada
... A58: 16 | B58: CRUZADA | C58: Por la presente cláusula queda entendido y convenido en adición a los términos y condiciones contenidas en la Póliza o en sus anexos, que la cobertura de responsabilidad civil se aplicará al Asegurado y a los Contratistas y Subcontratistas independientes, al servicio del Asegurado, en la misma forma que si a cada uno de ellos, se hubiera extendido una Póliza por separado, hasta los limites establecidos en la póliza.
A59: 17 | B59: =DMC!B39 -> CONVENIO PARA EL PLAZO DEL PAGO DE LA PRIMA | C59: =DMC!C39 -> No obstante cualquier estipulación en contrario, por la presente cláusula se deja establecido que, de acuerdo con lo estipulado en el artículo 81 de la Ley 45/90 y la Resolución numero 03750 de Diciembre 31/74 de la Superintendencia Financiera, las partes contratantes convienen que las primas causadas por el presente Contrato de seguros y los Certificados o Anexos que se emitan en aplicación al mismo serán pagadas por EL ASEGURADO, mínimo dentro de los noventa (90) días contados a partir de la fecha en que el respectivo documento sea recibido en sus oficinas, directamente por la Aseguradora y/o por el intermediario de seguros, quien deberá certificar haber recibido a satisfacción las respectivas pólizas en las condiciones contratadas;. Si las pólizas no han sido correctamente elaboradas, el término para el pago solo empezará a contarse desde la fecha en que se presenten en debida forma. La demora en el pago originada por la presentación incorrecta de los documentos requeridos será responsabilidad del contratista y no tendrán por ello derecho al pago de intereses o compensación de ninguna naturaleza o a la aplicación de la terminación del contrato por mora en el pago de la prima.
A60: 18 | B60: LA COBERTURA DE RESPONSABILIDAD CIVIL EXTRACONTRACTUAL AMPARA LOS PERJUICIOS PATRIMONIALES Y EXTRAPATRIMONIALES ( DAÑO MORAL, LUCRO CESANTE Y PERJUICIO DE DAÑO EN LA VIDA RELACION.
A61: 19 | B61: Queda aceptado y convenido que los usuarios, clientes y visitantes son considerados terceros
A62: 20 | B62: FORMATO 5 : ACEPTACION CLAUSULAS Y CONDICIONES OBLIGATORIAS
A63: 21 | B63: REVOCACIÓN , NO RENOVACIÓN O MODIFICACIONES DE LA PÓLIZA Y SUS ANEXOS | C63: La Aseguradora deberá dar aviso por escrito aL ASEGURADO, con una anticipación de noventa (90) días, en caso que decida modificar, revocar o no renovar esta póliza y/o alguno de sus amparos adicionales o modificar cualquiera de sus condiciones. En caso de revocación la aseguradora devolverá al asegurado, la proporción de prima correspondiente al tiempo que falte para el vencimiento de la Póliza, liquidada a prorrata. Si la revocación es solicitada por EL ASEGURADO , la Aseguradora devolverá el valor de la prima no corrida del riesgo, liquidada a Prorrata.
A64: 22 | B64: PRORROGAS | C64: Queda expresamente declarado y convenido que la (s) aseguradora (s) queda (n) obligadas (s) a otorgar la (s) prorroga (s) que el Asegurado solicite en caso de que se requiera tiempo adicional para surtir los trámites internos de una nueva licitación, en las mismas condiciones en que se encuentran suscritas las pólizas, incluido el intermediario y su cobro será calculado a prorrata..
A65: 23 | B65: ERRORES Y OMISIONES NO INTENCIONALES | C65: El tomador esta obligado a declarar sinceramente los hechos o circunstancias que determinen el estado del riesgo, la inexactitud sobre hechos o circunstancias que conocidas por la compañía, la hubiere retraído de celebrar el contrato, o inducido a estipular condiciones más onerosas, produce la nulidad relativa del seguro. Sin embargo, si el tomador incurriere en errores, omisiones o inexactitudes inculpables a él o al asegurado, el contrato de seguro al cual se adhiere este documento no será nulo, ni habrá lugar a la aplicación del inciso tercero del Art. 1058 del Código de Comercio sobre reducción porcentual de la prestación asegurada. En ese caso, se deberá pagar la prima adecuada al verdadero estado del riesgo la cual será calculada a la (s) tasa (s) establecida (s) en la (s) póliza (s) a prorrata y en las mismas condiciones en que viene suscrito el riesgo.
A66: 24 | B66: MODIFICACIÓN DEL ESTADO DEL RIESGO | C66: No obstante lo estipulado en las condiciones generales de la póliza y sus anexos, por la presente cláusula se establece una limitación a la obligación que el Asegurado notifique los hechos o circunstancias que agraven el riesgo durante la vigencia del contrato, en el sentido, que la aseguradora solo puede invocarla cuando exista relación de causalidad entre la agravación y el siniestro. Se ampararán automáticamente los riesgos cuya agravación se informe, hasta el pronunciamiento del asegurador en contrario.
A67: 25 | B67: CLAUSULA DE ANTICIPO DE LA INDEMNIZACION HASTA 50% | C67: la Aseguradora anticipara la indemnización, hasta por el 50%, con la demostración de la ocurrencia del siniestro por parte del asegurado, el valor de los daños y la comprobación de que existe cobertura y mientras se formaliza a cabalidad la indemnización Correspondiente
A68: 26 | B68: CONOCIMIENTO DEL RIESGO | C68: Por medio de la presente cláusula, la (s) Compañía(s) Aseguradora(s) declara (n) que conocen los riesgos y por consiguiente dejan constancia del conocimiento y aceptación de las circunstancias y condiciones de los mismos. En consecuencia de lo anterior, los proponentes no podrán en ningún caso, oponer excepciones, ni formular objeciones fundamentadas en la circunstancia de no haber llevado a cabo la visita de inspección de los bienes o en el desconocimiento de los mismos.
A69: 27 | B69: ACUERDO PARA AJUSTE EN CASO DE SINIESTRO | C69: Por medio de la presente Cláusula se conviene que todos los siniestros serán ajustados conforme al procedimiento especial de ajuste que se acuerde entre el Asegurador y Asegurado, y que bajo estas condiciones, operará el Ajustador que se designe cuando sea necesario
A70: 28 | B70: NOMBRAMIENTO DE AJUSTADOR | C70: En caso de siniestro que afecte las pólizas contratadas y en los que a juicio de la aseguradora se deba asignar Ajustador, dichos Ajustadores no podrán ser asignados unilateralmente por la aseguradora, sino bajo los siguientes parámetros
A71: 29 | B71: AVISO DE PÉRDIDA 60 DÍAS | C71: No obstante lo dispuesto en las condiciones la Póliza o en sus anexos, por la presente cláusula se conviene entre las partes, un término SESENTA (60) días calendario para que el Asegurado de aviso al Asegurador de cualquier evento que afecte a la presente Póliza, contados a partir de la fecha en que haya tenido conocimiento de dicho evento, sin perjuicio de lo establecido en el artículo 1081 del Código de Comercio.
A72: 30 | B72: PAGO DE INDEMNIZACIONES | C72: No obstante lo estipulado en la Cláusula de indemnizaciones del presente Contrato se conviene entre las partes, que el pago de la indemnización o la autorización de reparar el bien afectado por la realización de un riesgo amparado, se hará a quién designe el Asegurado, previa información escrita a la Aseguradora y con la firma de la solicitud de indemnización correspondiente, todo, teniendo en cuenta los controles administrativos que posee el asegurado . Igualmente, se conviene que en caso de reparaciones o reposiciones, se tendrá prelación por la firma con la cual el Asegurado posea relaciones comerciales o sea su contratista.
A73: 31 | B73: DOMICILIO | C73: Sin perjuicios de las disposiciones procesales para los efectos relacionados con el presente contrato, se fija como domicilio de las partes la ciudad de CALI, en la República de Colombia.
A74: 32 | B74: ADHESION | C74: Si durante la vigencia de este seguro se presentan modificaciones a las condiciones generales y particulares de la póliza, que presenten un beneficio a favor del ASEGURADO, tales modificaciones se consideran automáticamente incorporadas a la póliza siempre que el cambio no implique un aumento en la prima originalmente pactada.
... A80: 38 | B80: PROPIETARIOS, COPROPIETARIOS, ARRENDATARIOS Y POSEEDORES | C80: En virtud del presente amparo se cubren las indemnizaciones que deba pagar el asegurado en razón de la responsabilidad civil que le sea imputable en su calidad de propietario, copropietario, arrendatario, arrendador ó poseedor de los inmuebles que ocupe o de en arrendamiento.
A81: 39 | B81: Responsabilidad civil extracontractual por DAÑOS A CABLES Y/O TUBERIAS SUBTERRANEAS EXISTENTES
A82: 40 | B82: EXTENSION POR ACTOS DE EMPLEADOS | C82: Se extiende a cubrir la responsabilidad civil extracontractual del asegurado a consecuencia de los actos u omisiones cometidas por los empleados a su servicio, incluidos los temporales, ocasionales transitorios, estudiantes en practica, durante el desempeño de sus funciones dentro de la Republica de Colombia y en el exterior, siendo entendido que todo juicio o demanda deberá ser entablada ante las autoridades competentes colombianas.
A83: 41 | B83: Cláusula de aplicación de condiciones particulares | C83: Queda expresamente acordado y convenido, que la Compañía acepta las condiciones básicas tecnicas establecidas en este anexo en los terminos señalados en el mismo, por lo tanto, en caso de existir discrepancia ente los ofrecimientos contenidos en la propuesta tecnica básica, frente a los textos de los ejemplares de las pólizas, certificados, anexos o cualquier otro documento; prevalecerá la información y condiciones básicas tecnicas establecidas.
A84: 42 | B84: NO APLICACION DE DEDUCIBLES EN ARREGLOS TRANSACIONALES: | C84: No obstante las condiciones del deducible de la polzia, por la presente clausula se conviene entre las partes, que en caso de transacion directa o conciliacion, ya sea judicial o extrajudicail, con los terceros afectados que mejore en cualqueir circunstancai el monto de la pretension inicial, el valor que se convenga paga,contmeplara el deducible estipuLado
A85: CAUCION JUDICIAL
A86: CLAUSULAS PARTICULARES OPCIONALES REQUERIDAS | F86: S / N / D | G86: PUNTOS
B87: RESTABLECIMIENTO AUTOMÁTICO DE VALOR ASEGURADO POR PAGO DE SINIESTRO | C87: En caso de siniestro el límite asegurado se rebajará en la suma indemnizada a partir de la fecha en que se efectúe el pago y se restablecerá automáticamente a su límite inicial y el Asegurado pagará la prima adicional correspondiente a prorrata. Está cláusula tiene aplicación en cualquier época, aún en aquellos casos en que la indemnización se efectúe posteriormente a la terminación de la vigencia afectada por la reclamación.
B88: AMPARO DE CIMENTACIÓN Y/O ASENTAMIENTO DERRUMBAMIENTO A PROPIEDADES ADYACENTES | C88: Por el presente anexo y no obstante lo que en contrario se diga en las Condiciones Generales de la Póliza o en sus Anexos, la Aseguradora indemnizara las perdidas patrimoniales que sufra el asegurado por la Responsabilidad Civil en que incurra a consecuencia del deterioro o destrucción de bienes de terceros y/o propiedades adyacentes, así como por los asentimientos y/o derrumbamientos que tales propiedades sufran, en el desarrollo y/o construcción de obras civiles.
B89: RESPONSABILIDAD CIVIL POR ENSANCHES O MONTAJES Y/O EJECUCION DE OBRAS | C89: Este seguro se extiende a cubrir la responsabilidad civil patrimonial ó extrapatrimonial en que incurra, el asegurado y/ó contratistas y subcontratistas, durante la ejecución de cualquier tipo de ensanche ó montaje de maquinaria y equipo y/ó ejecución de obra, que se realice dentro y/o fuera de los predios asegurados
B90: EXTENSION DE COBERTURA EN RESPONSABILIDAD CIVIL EXTRACONTRACTUAL | C90: Por medio de la presente clausula y no obstante lo que en contrario se diga en las condiciones general de la poliza o sus anexos, mediante el presente seguro se ampara: La responsabilidad civil extracontractual en que incurra el ASEGURADO debido a reclamaciones de la eventual prestacion del servicio de saludy/o atencion a pacientes. La responsabilidad civil extracontractual de las entidades subsidiarias y/o adscritas como colegios, empresa de servicios publicos, empresas sociales y comerciales del estado , hospitales, etc.- lo anterior hasta por un sublimite del 60% del limite maximo, por evento /vigencia y aplicable unicamente en exceso de las polizas que tengan contratadas dichas entidades subsiduario y/o adscritas. - Para todos los efectos se consideran terceros a los estudiantes, padresde familia o acudientes de los estudiantes de los diferentes establecimientos educativos vinculados al asegurado
B91: RECLAMACIONES | C91: Este seguro se extiende a cubrir el reembolso de cualquier suma que se vea precisado a pagar el asegurado como consecuencia de los actos y omisiones a que se refiere este contrato , en el evento de que la victima, dejando de lado la eventual responsabilidad civil extracontractual que ello podria generar, opte por reclamar o iniciar en contra del asegurado una responsabiliad de tipo contractual.
A92: PUNTAJE TOTAL | G92: =SUM(G88:G91) -> 0
A93: CLAUSULAS PARTICULARES SOLICITADAS: Indicar con una S si es aceptada, con una N si es negada, con una D si es aceptada con desviacion, para lo cual debe estipular en el formato de desviaciones el texto propuesto.
A95: DEDUCIBLES MINIMOS REQUERIDOS
A96: TODAS LAS COBERTURAS: % de la pérdida mínimo SMMLV
A97: GASTOS MEDICOS Y GASTOS DE DEFENSA Y COSTO SIN DEDUCIBLE
A99: REGISTRO SUPERBANCARIA - POLIZA: ANEXAR CONDICIONADO Y TEXTOS DE CLAUSULAS
A100: NOTA: SE DEBE DILIGENCIAR UNICAMENTE LA PARTE SOMBREADA EN GRIS. LAS DEMAS AREAS DEL CUADRO NO DEBEN SER MODIFICADAS

Sheet AUTOS 
A1: ANEXO Nº 5 (ESPECIFICACIONES TECNICAS SEGURO DE AUTOMOVILES )
A2: TOMADOR: | B2: MUNICIPIO DE PALMIRA
A3: ASEGURADO : | B3: =+B2 -> MUNICIPIO DE PALMIRA
A4: BENEFICIARIO: | B4: =+B2 -> MUNICIPIO DE PALMIRA
A5: NIT | B5: 891.380.007-3
A6: RAMO Y POLIZA No. | B6: Automoviles
A7: PROCESO | B7: MP-SG-LP-CS-021-2014
A8: VIGENCIA | B8: 01 de septiembre de 2014 a las 00:00 horas Hasta el 23 de Agosto de 2015 a las 24:00 horas
A9: COBERTURAS OBLIGATORIAS
A10: AUTOMOVILES
A11: INTERES Y BIENES ASEGURADOS | B11: AMPAROS | C11: VALOR ASEGURADO | D11: Tasa | E11: PRIMA NETA ACTUAL | G11: VALOR ASEGURADO | H11: TASA | I11: PRIMA NETA ACTUAL | K11: VALOR ASEGURADO MINIMO REQUERIDO | L11: PROPUESTA ASEGURADORA PARA RCE | M11: TASA | N11: PRIMA NETA ACTUAL
A13: Vehículos propiedad del asegurado
B14: Responsabilidad Civil Extracontractual : (Cubre el lucro cesante y el daño moral) | D14: Autos 3.5% | E14: #REF! | H14: Autos 4.%
A15: Ver Relacion Anexo No. xxxx | B15: Daños a bienes de terceros | C15: 200000000 | D15: Furgones 6% | E15: #REF! | G15: 200000000 | H15: Furgones 6% | K15: 500000000
B16: Lesiones o muerte a una persona | C16: 200000000 | G16: 200000000 | K16: 500000000
B17: Lesiones o muerte a dos o más personas | C17: 400000000 | G17: 400000000 | K17: 1000000000
G19: Vlr comercial fasecolda+ accesorios
B20: Perdida Total para Daños | C20: Vlr comercial fasecolda+ accesorios | G20: Vlr comercial fasecolda+ accesorios | K20: V/r Comercial guia fasecolda + accesorios no originales
B21: Perdida Parcial para Daños | C21: Vlr comercial fasecolda+ accesorios | G21: Vlr comercial fasecolda+ accesorios
B22: Perdida Total para Hurto | C22: Vlr comercial fasecolda+ accesorios | G22: Vlr comercial fasecolda+ accesorios
B23: Perdida Parcial para Hurto | C23: Vlr comercial fasecolda+ accesorios | G23: Vlr comercial fasecolda+ accesorios
B24: Terremoto | C24: Vlr comercial fasecolda+ accesorios | G24: Vlr comercial fasecolda+ accesorios
B25: Proteccion Patrimonial | C25: Si ampara | G25: Si ampara
B26: Gastos de Transporte por perdidas totales Daños $50.000 DIARIOS X 60 DIAS | C26: 480000 | G26: =SUM(20000*60) -> 1200000
B27: Gastos de Transporte por perdidas total Hurto $50.000 DIARIOS X 60 DIAS | C27: 480000 | G27: =SUM(20000*60) -> 1200000
B28: Asistencia Juridica Penal | C28: Si ampara | G28: Si ampara
B29: Asistencia Juridica Civil | C29: Si ampara | G29: Si ampara
B30: Asistencia en Viaje (excluido motos) | C30: Si ampara | G30: Si ampara, excluye motos, públicos y pesados
B31: hmccop | C31: Si ampara | G31: Si ampara
B32: Rc en exceso | C32: No ampara | G32: No ampara | K32: 1000 SMMLV
L33: PRIMA NETA
L34: IVA
L35: TOTAL
A36: CONDICIONES ESPECIALES OBLIGATORIAS
A37: CONTINUIDAD DE COBERTURA : Se otorga continuidad de seguros a los vehículos que vienen amparados y por lo tanto la propuesta no debe contener ningún tipo de restricciones en cuanto al estado, modelo y características de los vehículos, ni exigencias de inspecciones. SE OTORGA
A38: NO APLICACIÓN DE DEDUCIBLES PARA ENTIDADES ESTATALES: La Aseguradora no aplicará ningún tipo de deducible en las coberturas del ramo de automóviles. SE OTORGA
A39: FORMATO 5 : ACEPTACION CLAUSULAS Y CONDICIONES OBLIGATORIAS
A40: LA COBERTURA DE RESPONSABILIDAD CIVIL EXTRACONTRACTUAL AMPARA LOS PERJUICIOS PATRIMONIALES Y EXTRAPATRIMONIALES ( DAÑO MORAL, LUCRO CESANTE Y PERJUICIO DE DAÑO EN LA VIDA RELACION. SE OTORGA
A41: REVOCACIÓN , NO RENOVACIÓN O MODIFICACIONES DE LA PÓLIZA Y SUS ANEXOS : La Aseguradora deberá dar aviso por escrito aL ASEGURADO, con una anticipación de noventa (90) días, en caso que decida modificar, revocar o no renovar esta póliza y/o alguno de sus amparos adicionales o modificar cualquiera de sus condiciones. En caso de revocación la aseguradora devolverá al asegurado, la proporción de prima correspondiente al tiempo que falte para el vencimiento de la Póliza, liquidada a prorrata. Para HMACC AMIT TERRORISMO Aplican 10 días. Si la revocación es solicitada por EL ASEGURADO , la Aseguradora devolverá el valor de la prima no corrida del riesgo, liquidada a Prorrata.
A42: . RESTABLECIMIENTO AUTOMATICO DEL VALOR ASEGURADO POR SINIESTRO PARA LA COBERTURA DE RCE:
A43: ERRORES Y OMISIONES NO INTENCIONALES : El tomador esta obligado a declarar sinceramente los hechos o circunstancias que determinen el estado del riesgo, la inexactitud sobre hechos o circunstancias que conocidas por la compañía, la hubiere retraído de celebrar el contrato, o inducido a estipular condiciones más onerosas, produce la nulidad relativa del seguro. Sin embargo, si el tomador incurriere en errores, omisiones o inexactitudes inculpables a él o al asegurado, el contrato de seguro al cual se adhiere este documento no será nulo, ni habrá lugar a la aplicación del inciso tercero del Art. 1058 del Código de Comercio sobre reducción porcentual de la prestación asegurada. En ese caso, se deberá pagar la prima adecuada al verdadero estado del riesgo: la cual será calculada a la (s) tasa (s) establecida (s) en la (s) póliza (s) a prorrata y en las mismas condiciones en que viene suscrito el riesgo.
A44: MODIFICACIÓN DEL ESTADO DEL RIESGO: No obstante lo estipulado en las condiciones generales de la póliza y sus anexos, por la presente cláusula se establece una limitación a la obligación que el Asegurado notifique los hechos o circunstancias que agraven el riesgo durante la vigencia del contrato, en el sentido, que la aseguradora solo puede invocarla cuando exista relación de causalidad entre la agravación y el siniestro. Se ampararán automáticamente los riesgos cuya agravación se informe, hasta el pronunciamiento del asegurador en contrario.
A45: CLAUSULA DE ANTICIPO DE LA INDEMNIZACION HASTA 50%: la Aseguradora anticipara la indemnización, hasta por el 50%, con la demostración de la ocurrencia del siniestro por parte del asegurado, el valor de los daños y la comprobación de que existe cobertura y mientras se formaliza a cabalidad la indemnización Correspondiente
A46: CONOCIMIENTO DEL RIESGO: Por medio de la presente cláusula, la (s) Compañía(s) Aseguradora(s) declara (n) que conocen los riesgos y por consiguiente dejan constancia del conocimiento y aceptación de las circunstancias y condiciones de los mismos. En consecuencia de lo anterior, los proponentes no podrán en ningún caso, oponer excepciones, ni formular objeciones fundamentadas en la circunstancia de no haber llevado a cabo la visita de inspección de los bienes o en el desconocimiento de los mismos.
A47: CONDICIONES TECNICAS Y ECONOMICAS DE REASEGURADORES: Las Aseguradoras deberán conservar sus Reaseguradores durante el período de adjudicación y no podrán cambiarlos salvo fuerza mayor o causa justificada. En caso de ser necesario cambiarlos ó que el reasegurador se retire voluntariamente, él (ó los) reasegurador(es) que lo sustituya(n) deberá(n) ser de la misma categoría ó tener la misma calificación del (os) que se reemplaza(n). Durante el período de adjudicación los oferentes no podrán cambiar las condiciones técnicas y económicas ofrecidas salvo aquellas que sean favorables al asegurado, las cuales deberán incorporarse automáticamente a las Pólizas
... A81: Queda expresamente declarado y convenido que la ASEGURADORA, indemnizara los danos o perdidas causados por Derrumbes, caida de piedras, rocas, avalancha, aluvion, danos subitos de carretera, de tuneles, puentes, o caida de estos.
A82: CLAUSULAS PARTICULARES OPCIONALES REQUERIDAS | M82: S / N / D | N82: 200 PUNTOS
A83: ASONADA, MOTIN, CONMOCION CIVIL O POPULAR, HUELGA, CONFLICTOS COLECTIVOS DE TRABAJO, ACTOS MAL INTENCIONADOS DE TERCEROS, INCLUYENDO LOS ACTOS TERRORISTAS Y DE MOVIMIENTOS SUBVERSIVOS : No obstante lo establecido en las condiciones generales de la póliza ó de sus anexos, se deja constancia que los hechos cometidos por movimientos subversivos o terroristas, incluyendo los eventos de guerra, rebelión, sedición, revolución, insurrección, usurpación ó toma del poder militar serán considerados dentro de esta cobertura. Se cubren los daños o perjuicios a terceros , causados por o a consecuencia de asonada según su definición en el código penal, Motín o Conmoción civil o popular, huelgas, conflictos colectivos de trabajo, suspensión de hecho de labores; actos mal intencionado de terceros que incluyen actos de cualquier naturaleza cometidos por movimientos subversivos. Se hace constar que estas coberturas se extienden a cubrir los daños que se causen mediante el uso de cohetes, misiles y proyectiles en general, sean estos fabricados mediante el uso de tecnología especializadas en armas de este tipo, o a partir de elementos adaptados para tal propósito, tales como cilindros, tubos, recipientes o cualquier otro elemento que inicialmente hayan sido diseñados para un propósito diferente. Los daños ocasionados por estos eventos, deben ser indemnizados directamente por la aseguradora sin exigencia al asegurado de reclamarle al estado u organo competente que lo represente. La cobertura se extiende a amparar las perdidas o danos como consecuencia de un accidente por cualesquiera de los eventos antes mencionados cuando los vehiculos esten siendo conducidos o se encuentren en un sitio de estacionamiento. | N83: =200/5 -> 40
A84: USO DE DOBLE PLACA: Para efectos del seguro otorgado por la presente Póliza, la Aseguradora conviene en aceptar la designación que el Asegurado de en sus libros o registros a los bienes asegurados. | N84: =200/5 -> 40
A85: CLAUSULAS DE AJUSTE DE VALORES ASEGURADOS TRIMESTRALMENTE; La aseguradora acepta realizar un ajuste trimestral de los valores asegaurados para los vehiculos amparados, de acuerdo a los envios de Fasecolda, efectuando el correspondient cobro o devolucion de prima a prorrata. En caso de no realizar el ajuste , la aseguradora indemnizara a valor caratula, si la diferencia entre el valor asegurado ( caratula ) y el nuevo valor establecio en el envio de la Guia comercail de Fasecolda , es menor o igual al 15%., en caso contrario procedera a efectuar la devolucion de la prima respectiva a partir de la fecha del envio de fasecolda donde figura el nuevo valor comercial. | N85: =200/5 -> 40
A86: VEHICULO DE REEMPLAZO: La aseguradora otorgara un vehiculo de reemplazo con cobertura gratuita, como consecuencia de una reclamacion que ocasione la inmovilizacion del vehiculo asegurado, por reclamaciones de perdidast totales o parciales por danos o hurto. | N86: =200/5 -> 40
A87: REVISION TECNOMECANICA | N87: =200/5 -> 40
A88: CLAUSULAS PARTICULARES SOLICITADAS :Si la clausula es aceptada anotar una S, si es negada una N o si es aceptada con desviacion, indicar en el formato de desviaciones el texto propuesto.
A89: DEDUCIBLES
A90: Sin aplicación del deducible
A92: REGISTRO SUPERBANCARIA - POLIZA: ANEXAR CONDICIONADO Y TEXTOS DE CLAUSULAS
A93: NOTA: SE DEBE DILIGENCIAR UNICAMENTE LA PARTE SOMBREADA EN GRIS. LAS DEMAS AREAS DEL CUADRO NO DEBEN SER MODIFICADAS

Sheet RELACION AUTOS
A2: ANEXO Nº 5A (ESPECIFICACIONES TECNICAS SEGURO DE AUTOMOVILES)
A3: RELACION PARQUE AUTOMOTOR
A5: No. | B5: CÓDIGO FASECOLDA | C5: MARCA * | D5: CLASE * | E5: MODELO * | F5: PLACA * | G5: MOTOR | H5: CHASIS | I5: VALOR ASEGURADO FASECOLDA 212 | J5: TASA | K5: PRIMA ANUAL SIN IVA
A6: 1 | B6: 05621004 | C6: MAZDA | D6: CAMIONETA | E6: 1999 | F6: OOK130 | G6: G6219502 | H6: B260D02422 | I6: 14100000
A7: 2 | B7: 01620058 | C7: CHEVROLET | D7: CAMIONETA | E7: 1997 | F7: OOK108 | G7: TS96342407 | H7: 476010 | I7: 10000000
A8: 3 | B8: 05621004 | C8: MAZDA | D8: CAMIONETA | E8: 1999 | F8: OOK124 | G8: G6220400 | H8: B2600D02282 | I8: 14100000
A9: 4 | B9: 09020027 | C9: TOYOTA | D9: CAMIONETA | E9: 1995 | F9: OOK086 | G9: 3992123 | H9: RN855124707 | I9: 8800000
A10: 5 | B10: 01621037 | C10: CHEVROLET | D10: CAMIONETA | E10: 2008 | F10: OOK147 | G10: C24SE31023447 | H10: 8LBETF1D080008225 | I10: 25400000
A11: 6 | B11: 01620040 | C11: CHEVROLET | D11: CAMIONETA | E11: 1993 | F11: OOK049 | G11: C24SE31023540 | H11: 8LBETF1D880008215 | I11: 7700000
A12: 7 | B12: 01620058 | C12: CHEVROLEV. | D12: CAMIONETA | E12: 1995 | F12: OOK094 | G12: C24SE31023540 | H12: 8LBETF1D880008215 | I12: 9000000
A13: 8 | B13: 01621037 | C13: CHEVROLET | D13: CAMIONETA | E13: 2008 | F13: OOK149 | G13: C24SE31023540 | H13: 8LBETF1D880008215 | I13: 25400000
A14: 9 | B14: 01603038 | C14: CHEVROLET | D14: CAMIONETA | E14: 2011 | F14: OOK165 | G14: 806298 | H14: 9GCNPR712BB002054 | I14: 121400000
A15: 10 | B15: 06221010 | C15: CHEVROLET | D15: CAMIONETA | E15: 2012 | F15: OOK170 | G15: 4D56UCCK5252 | H15: MMBJNKB40BD628182 | I15: 71000000
A16: 11 | B16: 01603110 | C16: CHEVROLET | D16: MICROBUS | E16: 2011 | F16: OOK171 | G16: 847472 | H16: 9GCNPR710BB040074 | I16: 81900000
A17: 12 | B17: 01621037 | C17: CHEVROLET | D17: CAMIONETA | E17: 2008 | F17: OOK156 | G17: C24SE31025432 | H17: 8LBETF1D980008949 | I17: 25400000
A18: 13 | B18: 01621037 | C18: CHEVROLET | D18: CAMIONETA | E18: 2008 | F18: OOK148 | G18: C24SE31023446 | H18: 8LBETF1D980008224 | I18: 25400000
A19: 14 | B19: 01608047 | C19: CHEVROLET | D19: CAMIONETA | E19: 2008 | F19: OOK158 | G19: C8J178747 | H19: 1GNFK13J48J178747 | I19: 68300000
A20: 15 | B20: 06206002 | C20: MITSUBISHI | D20: AMBULANCIA | E20: 1995 | F20: OOK082 | G20: 4G54KY5873 | H20: L042M10629 | I20: 11500000
A21: 16 | B21: 06206002 | C21: MITSUBISHI | D21: AMBULANCIA | E21: 1995 | F21: OOK084 | G21: 4G54KY5873 | H21: L042M10629 | I21: 11500000
A22: 17 | B22: 06206002 | C22: MISSUBISHI | D22: CAMIONETA | E22: 1994 | F22: OOK064 | G22: 4GE63PP7576 | H22: P13WHLCLBO151 | I22: 10700000
A23: 18 | B23: 04606004 | C23: KIA | D23: CAMIONETA | E23: 1997 | F23: OOK116 | G23: HW414579 | H23: KMFTP152B6345042 | I23: 10600000
A24: 19 | B24: 06206002 | C24: MITSUBISHI | D24: CAMPERO | E24: 1995 | F24: OOK083 | G24: 4G54KY5876 | H24: LO42M10617 | I24: 11500000
A25: 20 | B25: 09817018 | C25: YAMAHA | D25: MOTOCICLETA | E25: 2008 | F25: IJY66A | G25: 3TK029109 | H25: 9FK3TK11682029109 | I25: 3300000
A26: 21 | B26: 09817018 | C26: YAMAHA | D26: MOTOCICLETA | E26: 2008 | F26: IJY67A | G26: 3TK029116 | H26: 9FK3TK11682029116 | I26: 3300000
A27: 22 | B27: 09817018 | C27: YAMAHA | D27: MOTOCICLETA | E27: 2008 | F27: IJY68A | G27: 3TK029118 | H27: 9FK3TK11682029118 | I27: 3300000
A28: 23 | B28: 09817018 | C28: YAMAHA | D28: MOTOCICLETA | E28: 2008 | F28: IJY69A | G28: 3TK029114 | H28: 9FK3TK11682029114 | I28: 3300000
... A38: 33 | B38: 06421005 | C38: NISSAN | D38: CAMIONETA | E38: 2006 | F38: OOK144 | G38: K24002992C | H38: 3N6CD13S7ZK856290 | I38: 15800000
A39: 34 | B39: 10606002 | C39: CHERY | D39: CAMIONETA | E39: 2013 | F39: OOK189 | G39: SQR473FAFCM00056 | H39: LVTDB12A0DB023150 | I39: 21300000
A40: 35 | B40: 01612075 | C40: CHEVROLET | D40: CAMIONETA | E40: 2008 | F40: OOK150 | G40: C24SE31023635 | H40: 8LBETF7D780000887 | I40: 24700000
A41: 36 | B41: 06421005 | C41: NISSAN | D41: CAMIONETA | E41: 2006 | F41: OOK139 | G41: K24002930286C | H41: 3N6CD13S4Z856361 | I41: 15800000
A42: 37 | B42: 03203016 | C42: NISSAN | D42: CAI MOVIL | E42: 2010 | F42: OOK164 | G42: D4B93920SA | H42: KMFGA17BPAC900734 | I42: 57200000
A43: 38 | B43: 09817123 | C43: YAMAHA | D43: MOTOCICLETA | E43: 2006 | F43: IJM93A | G43: 5GPO27278 | H43: 9FK5GP11061027278 | I43: 2600000
A44: 39 | B44: 09817123 | C44: YAMAHA | D44: MOTOCICLETA | E44: 2006 | F44: IJM94A | G44: 5GPO27255 | H44: 9FK5GP11061027255 | I44: 2600000
A45: 40 | B45: 09817123 | C45: YAMAHA | D45: MOTOCICLETA | E45: 2006 | F45: IJM95A | G45: 5GPO27275 | H45: 9FK5GP11061027275 | I45: 2600000
A46: 41 | B46: 09817123 | C46: YAMAHA | D46: MOTOCICLETA | E46: 2006 | F46: IJM96A | G46: 5GPO27273 | H46: 9FK5GP11061027273 | I46: 2600000
A47: 42 | B47: 09817123 | C47: YAMAHA | D47: MOTOCICLETA | E47: 2006 | F47: IJM97A | G47: 5GPO27271 | H47: 9FK5GP11061027271 | I47: 2600000
A48: 43 | B48: 09817123 | C48: YAMAHA | D48: MOTOCICLETA | E48: 2006 | F48: IJM98A | G48: 5GPO27257 | H48: 9FK5GP11061027257 | I48: 2600000
A49: 44 | B49: 09817123 | C49: YAMAHA | D49: MOTOCICLETA | E49: 2006 | F49: IJM99A | G49: 5GPO27272 | H49: 9FK5GP110610272272 | I49: 2600000
A50: 45 | B50: 09817123 | C50: YAMAHA | D50: MOTOCICLETA | E50: 2006 | F50: IJN01A | G50: 5GP027274 | H50: 9FK5GP11061027274 | I50: 2600000
A51: 46 | B51: 09817123 | C51: YAMAHA | D51: MOTOCICLETA | E51: 2006 | F51: IJN02A | G51: 5GPO27277 | H51: 9FK5GP11061027277 | I51: 2600000
... A157: 152 | B157: 05621026 | C157: MAZDA | D157: CAMIONETA | E157: 1999 | F157: OOK122 | G157: F2812977 | H157: B22DI00688 | I157: 11900000
A158: 153 | B158: 08817064 | C158: SUZUKI | D158: MOTOCICLETA | E158: 2000 | F158: IIE29A | G158: 111111111 | H158: 111111111 | I158: 470000
A159: 154 | B159: 01606199 | C159: CHEVROLET | D159: CAMIONETA | E159: 2010 | F159: OOK162 | G159: G16B715757 | H159: 8LDBSEV445A0036062 | I159: 32400000
A160: 155 | B160: 5826002 | C160: MERCEDES | D160: VOLQUETA | E160: 1980 | F160: ON6667 | G160: 1236644744 | H160: 123546441214 | I160: 15900000
A161: 156 | B161: 5826002 | C161: MERCEDES | D161: VOLQUETA | E161: 1980 | F161: ONF773 | G161: 34499110587882 | H161: 34502112477420 | I161: 15900000
A162: 157 | B162: 01604067 | C162: INTERNATIONAL | D162: CAMION | E162: 2008 | F162: OOK154 | G162: 470HM2U1517646 | H162: 3HAMMAARX8L647069 | I162: 20900000
K163: =SUM(K6:K162) -> 0

Sheet RELACION SOAT
A3: RELACION PARQUE AUTOMOTOR PARA SOAT
A5: No. | B5: VENCIMIENTO | C5: CÓDIGO FASECOLDA | D5: MARCA * | E5: CLASE * | F5: MODELO * | G5: PLACA * | H5: PRIMA SOAT
A6: 20 | B6: 41403 | C6: 01621037 | D6: CHEVROLET | E6: CAMIONETA | F6: 2008 | G6: OOK147 | H6: 516560 | I6: 06206002
A7: 3 | B7: 41409 | C7: 09817018 | D7: YAMAHA | E7: MOTOCICLETA | F7: 2008 | G7: IJY66A | H7: 361240 | I7: 05621004
A8: 4 | B8: 41409 | C8: 05621004 | D8: MAZDA | E8: CAMIONETA | F8: 1999 | G8: OOK130 | H8: 692340
A9: 5 | B9: 41409 | C9: 06206002 | D9: MITSUBISHI | E9: AMBULANCIA | F9: 1995 | G9: OOK082 | H9: 555500 | I9: 01621037
A10: 6 | B10: 41409 | C10: 06206002 | D10: MITSUBISHI | E10: AMBULANCIA | F10: 1995 | G10: OOK084 | H10: 555500 | I10: 01620040
A11: 7 | B11: 41409 | C11: 06206002 | D11: MISSUBISHI | E11: CAMIONETA | F11: 1994 | G11: OOK064 | H11: 555500 | I11: 01620058
A12: 8 | B12: 41409 | C12: 04606004 | D12: KIA | E12: CAMIONETA | F12: 1997 | G12: OOK116 | H12: 555500 | I12: 01621037
A13: 9 | B13: 41409 | C13: 06206002 | D13: MITSUBISHI | E13: CAMPERO | F13: 1995 | G13: OOK083 | H13: 555500 | I13: 01603038
A14: 10 | B14: 41409 | C14: 08817064 | D14: SUZUKI | E14: MOTOCICLETA | F14: 2002 | G14: IIG05A | H14: 361240 | I14: 06221010
A15: 11 | B15: 41409 | C15: 01626003 | D15: CHEVROLET | E15: VOLQUETA | F15: 1991 | G15: OOK006 | H15: 699710 | I15: 01603110
A16: 12 | B16: 41409 | C16: 01626003 | D16: CHEVROLET | E16: VOLQUETA | F16: 1991 | G16: OOK007 | H16: 699710 | I16: 01621037
A17: 13 | B17: 41409 | C17: 01626011 | D17: CHEVROLET | E17: VOLQUETA | F17: 1994 | G17: OOK080 | H17: 699710 | I17: 01621037
A18: 14 | B18: 41409 | C18: 05621026 | D18: MAZDA | E18: CAMIONETA | F18: 1999 | G18: OOK120 | H18: 605770 | I18: 01608047
A19: 15 | B19: 41409 | C19: 05621026 | D19: MAZDA | E19: CAMIONETA | F19: 1999 | G19: OOK122 | H19: 605770 | I19: 01621037
A20: 16 | B20: 41409 | C20: 05826002 | D20: MERCEDES | E20: VOLQUETA | F20: 1980 | G20: ONF773 | H20: 699710 | I20: 06206002
... A24: 1 | B24: 41409 | C24: 09817123 | D24: YAMAHA | E24: MOTOCICLETA | F24: 2006 | G24: IJN03A | H24: 328400 | I24: 05621004
A25: 2 | B25: 41409 | C25: 09817123 | D25: YAMAHA | E25: MOTOCICLETA | F25: 2006 | G25: IJN05A | H25: 328400
A26: 21 | B26: 41409 | C26: 01621037 | D26: CHEVROLET LUV | E26: CAMIONETA | F26: 2008 | G26: OOK146 | H26: 469600 | I26: 09817018
A27: 22 | B27: 41409 | C27: 09817018 | D27: YAMAHA | E27: MOTOCICLETA | F27: 2008 | G27: IJY67A | H27: 328400 | I27: 09817018
A28: 23 | B28: 41409 | C28: 06421005 | D28: NISSAN | E28: CAMIONETA | F28: 2006 | G28: OOK142 | H28: 469600 | I28: 09817018
A29: 24 | B29: 41409 | C29: 06221010 | D29: NISSAN | E29: CAMIONETA | F29: 2010 | G29: OOK168 | H29: 469600 | I29: 09817018
A30: 25 | B30: 41409 | C30: 06421005 | D30: NISSAN | E30: CAMIONETA | F30: 2006 | G30: OOK143 | H30: 469600 | I30: 09817018
A31: 26 | B31: 41409 | C31: 06421005 | D31: NISSAN | E31: CAMIONETA | F31: 2006 | G31: OOK144 | H31: 469600 | I31: 09817018
A32: 27 | B32: 41409 | C32: 01612075 | D32: CHEVROLET | E32: CAMIONETA | F32: 2008 | G32: OOK150 | H32: 469600 | I32: 09817018
A33: 28 | B33: 41409 | C33: 03203016 | D33: NISSAN | E33: CAMIONETA | F33: 2006 | G33: OOK139 | H33: 550700 | I33: 09817018
A34: 29 | B34: 41409 | C34: 03203016 | D34: NISSAN | E34: CAI MOVIL | F34: 2010 | G34: OOK164 | H34: 550700 | I34: 09817018
A35: 30 | B35: 41409 | C35: 09817123 | D35: YAMAHA | E35: MOTOCICLETA | F35: 2006 | G35: IJM94A | H35: 328400 | I35: 06421005
A36: 31 | B36: 41409 | C36: 09817123 | D36: YAMAHA | E36: MOTOCICLETA | F36: 2006 | G36: IJM95A | H36: 328400 | I36: 06421005
A37: 32 | B37: 41409 | C37: 09817123 | D37: YAMAHA | E37: MOTOCICLETA | F37: 2006 | G37: IJM97A | H37: 328400 | I37: 06221010
... A123: 118 | B123: 41511 | C123: 01608047 | D123: CHEVROLET | E123: CAMIONETA | F123: 2008 | G123: OOK158 | H123: 550700 | I123: 08817082
A124: 119 | B124: 41529 | D124: INTERNATIONAL | E124: CAMION | F124: 2008 | G124: OOK154 | H124: 440700 | I124: 08817082
A125: 120 | B125: 41555 | C125: 01621037 | D125: CHEVROLET | E125: CAMIONETA | F125: 2008 | G125: OOK149 | H125: 624900 | I125: 08817082
A126: 121 | B126: 41596 | C126: 09817018 | D126: YAMAHA | E126: MOTOCICLETA | F126: 2008 | G126: IJY68A | H126: 328400 | I126: 08817082
A127: 122 | B127: 41596 | C127: 09817018 | D127: YAMAHA | E127: MOTOCICLETA | F127: 2008 | G127: IJY69A | H127: 328400 | I127: 08817082
A128: 123 | B128: 41596 | C128: 09817018 | D128: YAMAHA | E128: MOTOCICLETA | F128: 2008 | G128: IJY70A | H128: 328400 | I128: 08817082
A129: 124 | B129: 41596 | C129: 09817018 | D129: YAMAHA | E129: MOTOCICLETA | F129: 2008 | G129: IJY71A | H129: 328400 | I129: 15917002
A130: 125 | B130: 41596 | C130: 09817018 | D130: YAMAHA | E130: MOTOCICLETA | F130: 2008 | G130: IJY72A | H130: 328400 | I130: 15917002
A131: 126 | B131: 41596 | C131: 09817018 | D131: YAMAHA | E131: MOTOCICLETA | F131: 2008 | G131: IJY73A | H131: 328400 | I131: 08817064
A132: 127 | B132: 41596 | C132: 09817018 | D132: YAMAHA | E132: MOTOCICLETA | F132: 2008 | G132: IJY74A | H132: 328400 | I132: 08817002
A133: 128 | B133: 41596 | C133: 09817123 | D133: YAMAHA | E133: MOTOCICLETA | F133: 2006 | G133: IJM93A | H133: 328400 | I133: 08817064
A134: 129 | B134: 41596 | C134: 09817123 | D134: YAMAHA | E134: MOTOCICLETA | F134: 2006 | G134: IJM99A | H134: 328400 | I134: 00317025
A135: 130 | B135: 41596 | C135: 09817123 | D135: YAMAHA | E135: MOTOCICLETA | F135: 2006 | G135: IJN01A | H135: 328400 | I135: 00317025
A136: 131 | B136: 41596 | C136: 09817123 | D136: YAMAHA | E136: MOTOCICLETA | F136: 2006 | G136: IJN02A | H136: 328400 | I136: 00317025
A137: 132 | B137: 41612 | D137: cHEVROLET | E137: CAMIONETA | F137: 1994 | G137: OOK066 | H137: 620400 | I137: 00317025
A138: 133 | B138: 41622 | C138: 06421005 | D138: NISSAN | E138: CAMIONETA | F138: 2006 | G138: OOK140 | H138: 469600 | I138: 00317025
A139: 134 | B139: 41622 | C139: 09817123 | D139: YAMAHA | E139: MOTOCICLETA | F139: 2006 | G139: IJN04A | H139: 328400 | I139: 00317025
A140: 135 | B140: 41622 | C140: 09817123 | D140: YAMAHA | E140: MOTOCICLETA | F140: 2006 | G140: IJN06A | H140: 328400 | I140: 00317025
A141: 136 | B141: 41681 | C141: 05621004 | D141: MAZDA | E141: CAMIONETA | F141: 1999 | G141: OOK124 | H141: 632000 | I141: 00317025
A142: 155 | B142: 41684 | C142: 01620014 | D142: CHEVROLET | E142: CAMIONETA | F142: 1987 | G142: OOE186 | H142: 556300 | I142: 00317045
A143: 137 | B143: 41685 | D143: CHEVROLET | E143: CAMIONETA | F143: 1997 | G143: OOK108 | H143: 556300 | I143: 00317025
A144: 138 | B144: 41685 | D144: TOYOTA | E144: CAMIONETA | F144: 1995 | G144: OOK086 | H144: 556300 | I144: 09817015
A145: 139 | B145: 41685 | C145: 01620040 | D145: CHEVROLET | E145: CAMIONETA | F145: 1993 | G145: OOK049 | H145: 556300 | I145: 01614001
A146: 140 | B146: 41685 | C146: 01620058 | D146: CHEVROLEV. | E146: CAMIONETA | F146: 1995 | G146: OOK094 | H146: 556300 | I146: 08817064
A147: 141 | B147: 41685 | C147: 08817002 | D147: SUZUKI | E147: MOTOCICLETA | F147: 2002 | G147: IIG06A | H147: 370300
A148: 142 | B148: 41685 | C148: 00317025 | D148: BAJAJ | E148: MOTOCICLETA | F148: 2006 | G148: IJE60A | H148: 328400 | I148: 01604018
A149: 143 | B149: 41685 | C149: 00317025 | D149: BAJAJ | E149: MOTOCICLETA | F149: 2006 | G149: IJE62A | H149: 328400 | I149: 09817015
A150: 144 | B150: 41685 | C150: 00317025 | D150: BAJAJ | E150: MOTOCICLETA | F150: 2006 | G150: IJE63A | H150: 328400 | I150: 05826002
A151: 145 | B151: 41685 | C151: 00317025 | D151: BAJAJ | E151: MOTOCICLETA | F151: 2006 | G151: IJE64A | H151: 328400
A152: 146 | B152: 41685 | C152: 00317025 | D152: BAJAJ | E152: MOTOCICLETA | F152: 2006 | G152: IJE65A | H152: 328400 | I152: 05826002
A153: 147 | B153: 41685 | C153: 00317025 | D153: BAJAJ | E153: MOTOCICLETA | F153: 2006 | G153: IJE66A | H153: 328400 | I153: 01626003
A154: 148 | B154: 41685 | C154: 00317025 | D154: BAJAJ | E154: MOTOCICLETA | F154: 2006 | G154: IJE67A | H154: 328400 | I154: 01626003
A155: 149 | B155: 41685 | C155: 00317025 | D155: BAJAJ | E155: MOTOCICLETA | F155: 2006 | G155: IJE68A | H155: 328400 | I155: 01626011
A156: 150 | B156: 41685 | C156: 00317025 | D156: BAJAJ | E156: MOTOCICLETA | F156: 2006 | G156: IJE69A | H156: 328400
A157: 151 | B157: 41685 | C157: 09817015 | D157: YAMAHA | E157: MOTOCICLETA | F157: 1988 | G157: VPO24 | H157: 328400 | I157: 01620014
A158: 152 | B158: 41685 | C158: 01604018 | D158: CHEVROLET | E158: CAMION | F158: 1994 | G158: OOK081 | H158: 636100 | I158: 5621026
A159: 153 | B159: 41691 | C159: 01621037 | D159: CHEVROLET | E159: CAMIONETA | F159: 2008 | G159: OOK156 | H159: 469600 | I159: 05621026
A160: 154 | B160: 41706 | C160: 08817064 | D160: SUZUKI | E160: MOTOCICLETA | F160: 2002 | G160: IIG07A | H160: 328400 | I160: 08817064
A161: 156 | B161: 41833 | C161: 01603110 | D161: CHEVROLET | E161: MICROBUS | F161: 2011 | G161: OOK171 | H161: 644400 | I161: 01606199
H162: =SUM(H6:H161) -> 64538780

Sheet FORMA DE PAGO
A1: ALTERNATIVAS DE PAGO
A2: =#REF! -> #REF!
B7: FORMA PARTE INTEGRAL DE LA COTIZACION DE LA POLIZA DE DAÑO MATERIAL
A9: CONTADO
B10: EFECTIVO
B11: CHEQUE
B12: TARJETA DE CREDITO
A14: CONVENDIO DE PAGO A 60 DIAS
B15: 1. CONVENIO ESCRITO CON COMPROMISO DE PAGO EL LAS FECHAS INDICADAS A CONTINUACION.
B16: 2.GIRO DE 3 CHEQUES ASI:
B17: - EL PRIMERO AL DIA DE LA EXPEDICION DE LA POLIZA
B18: - EL SEGUNDO A 30 DIAS
B19: - EL TERCERO A 60 DIAS, EL CUAL NO DEBEN EXCEDER LOS 60 DIAS A PARTIR DE LA VIGENCIA DE LA POLIZA
A21: FINANCIACION CON LA COMPAÑÍA DE SEGUROS
B22: TERMINOS
B23: - 20% DE CUOTA INICIAL (APLICADO SOBRE LA PRIMA TOTAL)
B24: - EL SALDO A 10 CUOTAS MAXIMO
B26: PERSONA NATURAL
B27: - VALOR MINIMO A FINANCIAR $400.000
B28: - SOLICITUD DE CREDITO
B29: - CARTA DE DESEMBOLSO
B30: - FOTOCOPIA DE LA CEDULA DE CIUDADANIA
B31: - FOTOCOPIA DE LA POLIZA
B33: PERSONAL JURIDICA
B34: - VALOR MINIMO A FINANCIAR $2.000.000
B35: - SOLICITUD DE CREDITO
... B39: - CERTIFICADO DE CAMARA DE COMERCIO NO MAYOR A 45 DIAS DE EXPEDIDO

Sheet INFIDELIDAD Y RIESGOS FINANCI
A1: ANEXO Nº 6 (ESPECIFICACIONES TECNICAS SEGURO DE INFIDELIDAD Y RIESGOS FINANCIEROS
A2: TOMADOR | B2: MUNICIPIO DE PALMIRA
A3: ASEGURADO | B3: MUNICIPIO DE PALMIRA
A4: BENEFICIARIO | B4: MUNICIPIO DE PALMIRA
A5: NIT | B5: 891.380.007-3
A6: RAMO Y POLIZA No. | B6: INFIDELIDAD Y RIESGOS FINANCIEROS
A7: PROCESO | B7: MP-SG-LP-CS-021-2014
A8: VIGENCIA | B8: 01 de septiembre de 2014 a las 00:00 horas Hasta el 23 de Agosto de 2015 a las 24:00 horas
A9: CONDICIONES MINIMAS REQUERIDAS OBLIGATORIAS
A10: OBJETO | B10: AMPAROS | C10: V/R ASEGURADO | D10: TASA | E10: PRIMA
A12: La aseguradora respondera al asegurado por perdidas | B12: Infidelidad de Empleados | C12: 2000000000
A13: directas de dinero, titulo valores y otras propiedades a causa | B13: Predios
B14: Peculado
A15: de cualquier infidelidad o falsificacion por parte de cualquier | B15: Transito de valores u otras propiedades, incluyendo mercancia
A16: empleado que actue solo o en concurso con otros; asi | B16: Falsificacion o adulteracion de cheques u otros documentos
A17: mismo sera responsible por las perdidas directas causadas | B17: Perdida causadas por empleados no identificados
A18: por la destruccion real, desaparicion o hurto de dinero o titulos valores dentro de los predios. | B18: Hurto por computador y Fraude Transferencia de Fondos
B19: Gastos legales y honorarios de abogados
B20: Empleados no indentificados
B21: Proteccion de Depositos bancarios
A22: PRIMA NETA
A23: IVA
A24: PRIMATOTAL
A26: =+'[4]TODO RIESGO DAÑO MATERIAL'!A27 -> DIRECCION COMERCIAL | B26: Calle 30 con Carrera 29 esquina Palmira (V)
A27: ALCANCE TERRITORIAL | B27: MUNDIAL
A28: JURISDICION | B28: territorio de la República de Colombia
A29: =+'[4]TODO RIESGO DAÑO MATERIAL'!A29 -> OCUPACION / ACTIVIDAD | B29: Empresa Estatal
A30: FECHA DE RETROACTIVIDAD: | B30: A partir del inicio de vigencia de la primera poliza expedida por la Previsora Seguros , 26 enero 2010: de lo contrario queda inhabilitado para concursar en esta poliza.
A31: CLAUSULA DE DESCUBRIMIENTO: No obstante cualquier estipulación en contrario en las condiciones generales y particulares de la póliza, se conviene que las pérdidas provenientes de los amparos del presente seguro, se regirán por el término descubrimiento (claims made) y no ocurrencia y por lo tanto quedan debidamente amparadas todas las pérdidas que se descubran durante la vigencia de la misma y hayan ocuurido dentro del periodo de retroactividad pactado.
A32: COBERTURAS
A33: CLAUSULAS Y CONDICIONES OBLIGATORIAS
A34: A-INFEDILIDAD | B34: Cubre la perdida resultante directa y unicamente de actos dolosos cometidos por empleados del asegurado, solos o en colusion con otros, mientras se encuentre al serivio regular de este.
A35: PERDIDAS CAUSADAS POR EMPLEADOS O IDENTIFICADOS | B35: En todos aquellos casos en que no obstante atribuirse una perdida a actos dolosos cometidos por uno o mas empleados, no sea posible para el asegurado precisar nombres o sindicar concretamente al empleado o empleados causantes de la misma , se pagara la indemnizacion correspondiente previa presentacion de la respectiva denuncia penal y de pruebas que acrediten que la perdida es a consecuencia de actos doloso de uno o mas empleados.
A36: B- PREDIOS: LA COBERTURA DE ESTA AMPARO INCLUIRA | B36: Perdidas DE DINERO o VALORES directamente resultante de: * destruccion o desaparicion por hurto, hurto calificado, mientras esten en predios del asegurado. * Perdidas causadas a otros bienes dentro de los predios del asegurado, causadas por hurto calificado tentativa a bovedas o cajas fuertes. * Perdidas causadas dentro de locales a cajillas registradoras, en las que se guarde dinero, causadas por hurto calificado o la tentativa .* Danos a los locales del asegurado, causados por hurto calificado o tentativa, siempre que el asegurado sea propietario o usufructuario de dichos predios o responsable ante otras personas por tales perdidas
A37: C= BIENES EN TRANSITO : LA COBERTURA BAJO ESTE AMPARO TAMBIEN INCLUIRA: | B37: Perdidas o dano de otras propiedades por hurto calificado o un inteno de ello , fuera del predio , mientras la propiedad esta siendo transportada por el asegurado, un socio, un empleado o por una compania de transporte de valores; Perdida por hurto de tal propiedad mientras se encuentra temporalmente dentro de la residencia del asegurado, socio o un empleado;
A38: D-PERDIDA POR FALSIFICACION | B38: Adulteracion de dineros o titulos valores.* Solo cubre falsedad material.* La aceptacion, de buena fe, y en el curso normal de sus negocios de monedas o billetes falsificados de todo el mundo.* La falsificacion o alteracion dolosa de cualquier cheque, pagare, giro, o cualquier documento o titulo similar, mediante los cuales se ordene o se de instrucciones de pagar una suma determinada de dinero.
A39: AMPARO DE PERDIDA POR AMENAZA O EXTORSION: Queda expresamente declarado y convenido que esta cobertura debe comprender la indemnizacion de las perdidas que sufra el asegurado como consecuencia o que resulten de la entrega de valores dentro o fuera del establecimiento del asegurado, como resultado de la amenaza comunicada a este y con el fin de causar dano a: Un miembro de junta directiva, fideicomisario, empleado o socio del asegurado y sus familiares. Danar propiedades o predios del asegurado o sus servidores publicos dentro del territorio de la republica de colombia. \EXTORSION. Por expresa prohibición legal (Ley 40 de 1993), se excluyen pérdidas por pagos efectuados bajo amenaza de secuestro y/o rescates efectuados para liberar personas secuestradas”.
A40: EXTENSION DEL CRIMEN POR COMPUTADOR
A41: EXTENSION DE COBERTURA DE INCENDIO O LINEAS ALIADAS PARA TITULOS VALORES | C41: $ 200.000.000 evento / $ 500.000.000 vigencia
A42: EXTENSION DE LA COBERTURA DE HAMCC, AMIT | C42: $ 500.000.000 evento vigencia
A43: COBERTURA ADICIONAL POR 24 MESES con cobro de prima siempre y cuando no sea mayor al 30% de la prima anual por cancelación o no renovación de la póliza por decisión de la aseguradora.
A44: AMPARO AUTOMÁTICO PARA NUEVOS CARGOS : No obstante cualquier estipulación en contrario en las condiciones generales de la póliza y sus anexos, este seguro se extiende a cubrir todo nuevo cargo creado por el Asegurado sin limite de plazo para reportar a la aseguradora.
A45: DEFINICION DE EMPLEADO: Se extiende a cubrir personal provisional o temporal o aquellas personas facilitadas por empresas especializadas , siempre y cuando esten bajo la autorizacion y supervision del asegurado en desarrollo de operaciones enconmendada por este.
A46: CONVENIO PARA EL PLAZO DEL PAGO DE LA PRIMA: No obstante cualquier estipulación en contrario, por la presente cláusula se deja establecido que, de acuerdo con lo estipulado en el artículo 81 de la Ley 45/90 y la Resolución numero 03750 de Diciembre 31/74 de la Superintendencia Financiera, las partes contratantes convienen que las primas causadas por el presente Contrato de seguros y los Certificados o Anexos que se emitan en aplicación al mismo serán pagadas por EL ASEGURADO, mínimo dentro de los NOVENTA (90) días contados a partir de la fecha en que el respectivo documento sea recibido en sus oficinas, directamente por la Aseguradora y/o por el intermediario de seguros, quien deberá certificar haber recibido a satisfacción las respectivas pólizas en las condiciones contratada. Si las pólizas no han sido correctamente elaboradas, el término para el pago solo empezará a contarse desde la fecha en que se presenten en debida forma. La demora en el pago originada por la presentación incorrecta de los documentos requeridos será responsabilidad del contratista y no tendrán por ello derecho al pago de intereses o compensación de ninguna naturaleza o a la aplicación de la terminación del contrato por mora en el pago de la prima.
A47: FORMATO 5 : ACEPTACION CLAUSULAS Y CONDICIONES OBLIGATORIAS
A48: REVOCACIÓN , NO RENOVACIÓN O MODIFICACIONES DE LA PÓLIZA Y SUS ANEXOS: La Aseguradora deberá dar aviso por escrito aL ASEGURADO, con una anticipación de noventa (90) días, en caso que decida modificar, revocar o no renovar esta póliza y/o alguno de sus amparos adicionales o modificar cualquiera de sus condiciones. En caso de revocación la aseguradora devolverá al asegurado, la proporción de prima correspondiente al tiempo que falte para el vencimiento de la Póliza, liquidada a prorrata. Si la revocación es solicitada por EL ASEGURADO , la Aseguradora devolverá el valor de la prima no corrida del riesgo, liquidada a Prorrata.
A49: RESTABLECIMIENTO AUTOMÁTICO DE VALOR ASEGURADO POR PAGO DE SINIESTRO : En caso de siniestro el límite asegurado se rebajará en la suma indemnizada a partir de la fecha en que se efectúe el pago y se restablecerá automáticamente a su límite inicial y el Asegurado pagará la prima adicional correspondiente a prorrata. Está cláusula tiene aplicación en cualquier época, aún en aquellos casos en que la indemnización se efectúe posteriormente a la terminación de la vigencia afectada por la reclamación.
A50: ERRORES Y OMISIONES NO INTENCIONALES : El tomador esta obligado a declarar sinceramente los hechos o circunstancias que determinen el estado del riesgo, la inexactitud sobre hechos o circunstancias que conocidas por la compañía, la hubiere retraído de celebrar el contrato, o inducido a estipular condiciones más onerosas, produce la nulidad relativa del seguro. Sin embargo, si el tomador incurriere en errores, omisiones o inexactitudes inculpables a él o al asegurado, el contrato de seguro al cual se adhiere este documento no será nulo, ni habrá lugar a la aplicación del inciso tercero del Art. 1058 del Código de Comercio sobre reducción porcentual de la prestación asegurada. En ese caso, se deberá pagar la prima adecuada al verdadero estado del riesgo: la cual será calculada a la (s) tasa (s) establecida (s) en la (s) póliza (s) a prorrata y en las mismas condiciones en que viene suscrito el riesgo.
A51: MODIFICACIÓN DEL ESTADO DEL RIESGO: No obstante lo estipulado en las condiciones generales de la póliza y sus anexos, por la presente cláusula se establece una limitación a la obligación que el Asegurado notifique los hechos o circunstancias que agraven el riesgo durante la vigencia del contrato, en el sentido, que la aseguradora solo puede invocarla cuando exista relación de causalidad entre la agravación y el siniestro. Se ampararán automáticamente los riesgos cuya agravación se informe, hasta el pronunciamiento del asegurador en contrario.
A52: CONDICIONES TECNICAS Y ECONOMICAS DE REASEGURADORES: Las Aseguradoras deberán conservar sus Reaseguradores durante el período de adjudicación y no podrán cambiarlos salvo fuerza mayor o causa justificada. En caso de ser necesario cambiarlos ó que el reasegurador se retire voluntariamente, él (ó los) reasegurador(es) que lo sustituya(n) deberá(n) ser de la misma categoría ó tener la misma calificación del (os) que se reemplaza(n). Durante el período de adjudicación los oferentes no podrán cambiar las condiciones técnicas y económicas ofrecidas salvo aquellas que sean favorables al asegurado, las cuales deberán incorporarse automáticamente a las Pólizas
A53: . CLAUSULA DE ANTICIPO DE LA INDEMNIZACION HASTA 50%: la Aseguradora anticipara la indemnización, hasta por el 50%, con la demostración de la ocurrencia del siniestro por parte del asegurado, el valor de los daños y la comprobación de que existe cobertura y mientras se formaliza a cabalidad la indemnización Correspondiente
A54: CONOCIMIENTO DEL RIESGO: Por medio de la presente cláusula, la (s) Compañía(s) Aseguradora(s) declara (n) que conocen los riesgos y por consiguiente dejan constancia del conocimiento y aceptación de las circunstancias y condiciones de los mismos. En consecuencia de lo anterior, los proponentes no podrán en ningún caso, oponer excepciones, ni formular objeciones fundamentadas en la circunstancia de no haber llevado a cabo la visita de inspección de los bienes o en el desconocimiento de los mismos.
... A69: VIGENCIA DE LA PROPUESTA
A70: GARANTIAS | B70: Enunciarlas
A71: PRINCIPALES EXCLUSIONES | B71: Enunciarlas
A72: SINIESTRALIDAD
A73: VALORES AGREGADOS: ENUNCIARLOS
A74: COMISION INTERMEDIACION
A75: COMISION INTERMEDIACION
A76: COMISION INTERMEDIACION: 15%

Sheet GRUPO VIDA FUNCIONARIOS
A1: ANEXO 7 ( ESPECIFICACIONES TECNICA SEGURO DE GRUPO VIDA FUNCIONARIOS)
A2: TOMADOR: | B2: MUNICIPIO DE PALMIRA
A3: ASEGURADO : | B3: FUNCIONARIOS DEL TOMADOR SEGÚN RELACION ANEXA 7A
A4: BENEFICIARIO: | B4: LOS DESIGNADOS POR LOS ASEGURADOS O EN SU DEFECTO LOS ESTABLECIDOS POR LA LEY
A5: NIT | B5: =+'[5]TODO RIESGO DANO MATERIAL '!K5 -> 891.380.033-5
A6: RAMO Y POLIZA No. | B6: GRUPO VIDA
A7: PROCESO | B7: MP-SG-LP-CS-021-2014
A8: VIGENCIA | B8: 01 de septiembre de 2014 a las 00:00 horas Hasta el 23 de Agosto de 2015 a las 24:00 horas
A9: CONDICIONES MINIMAS REQUERIDAS OBLIGATORIAS
A10: INTERES ASEGURADO | B10: AMPAROS | C10: VALOR ASEGURADO | D10: PROPUESTA CIA | E10: TASA por mil (%o) | F10: PRIMA
A11: Funcionarios del Municipio de Palmira. Empleados Públicos, trabajadores Oficiales aprendices y trabajadores que tengan contrato laboral con el municipio de palmira Asegurados - según relación ver Anexo No 7A | B11: Vida (En la cobertura basica se incluye suicidio, homicidio y sida desde inicio de vigencia Cubre Epidemia y Pandemia) | C11: =+'REL ASEG (2)'!G471 -> 9300000000
B12: Incapacidad Total y permanente | C12: =SUM(C11) -> 9300000000
B13: Indemnizaciòn adicional por muerte accidental y Beneficios por Desmembracion | C13: =SUM(C12) -> 9300000000
B14: Enfermedades graves 50% como suma asegurada independiente) opera como anticipo | C14: =SUM(C13*50%) -> 4650000000
B15: Auxilio de exequias | C15: =+'REL ASEG (2)'!G472 -> 1023000000
E16: PRIMA
A17: TOTAL ASEGURADOS: VER Relacion anexo 7A
A18: DETERMINACION DEL VALOR ASEGURADO INDIVIDUAL | D18: Basico, Incapacidad, Doble iindemnizacionv/r asegurado convenido $ 20.000.000 c/u. Enferemdades graves 50% del amparo b-asico, auxilio de exequias $ 2.2000.000 -c/ui
A19: VR ASEGURADO MAXIMO | B19: 20000000
A20: CONDICIONES ESPECIALES REQUERIDAS
A21: COBERTURAS | B21: EDAD MAXIM\O DE INGRESO | D21: EDAD MAXIMA DE PERMANENCIA.
A22: Amparo basico y Aux. funerario | B22: 75 | D22: INDEFINIDAD
A23: Incapacidad total y permanente | B23: 65 | D23: 65 mas 364 dias
A24: Enfermedades graves | B24: 65 | D24: 66
A25: Doble indemnizacion por muerte accidental | B25: 65 | D25: 70 | H25: =2014-65 -> 1949
A26: Exequias | B26: 70 | D26: INDEFINIDAD
A27: El amparo basico cubre el suicidio, Homicidioy el sida desde el inicio de la vigencia.
A28: BENEFICIARIOS: | B28: Para efectos de este seguro los beneficiarios seran los estipulados por cada asegurado o en su defecto los de ley.
A29: Extensiòn de Coberturas ( para todas las coberturas excepto Enfermedades graves): Se amparan los eventos accidentales causados por terrorismo, muerte causada con armas de fuego,cortante, punzante o contundente, el Homicidio en cualquiera de sus modalidades, Peleas, riñas, atraco, embriaguez, contravenciones, fenòmenos de la naturaleza, picaduras de insectos, infecciones baterianas, practica de deportes de alto riesgo en calidad de aficionado, cuando el asegurado se encuentre como pasajero en naves o aeronaves de lineas no comerciales y siempre y cuando no haga parte de la tripulacion y tecnicos de dichos aparatos.
A30: CLAUSULA DE AMPARO AUTOMATICO: Con sujeción a los valores asegurados pactados, la póliza ampara automáticamente a todas las personas que entren a formar parte del grupo asegurado, incluyendo cualquier variación en la suma asegurada que se presente, desde la fecha en que tales modificaciones aparezcan en los registros internos del ASEGURADO. El asegurado se compromete a reportar el numero total de asegurados al final de la vigencia con base en lo cual se efectuara el ajuste anual de prima correspondiente.
A31: DESAPARECIMIENTO: Desapariciòn en Catàstrofes Naturales como Terremotos, Inundaciones y Maremotos. Desaparecidos en un Rio, Lago o Mar. Desapariciòn como consecuencia del extravìo, caida, Explosiòn, Naufragio o encalladura de cualquier vehìculo respecto del cual no exista exclusiòn expresa de cobertura, unicamente cuando sea dictado por un fallo judicial
A32: EL FALLECIMIENTO POR HOMICIDIO SE CONSIDERA MUERTE ACCIDENTAL
A33: CONTINUIDAD DE AMPARO : Como ésta póliza se expide en reemplazo inmediato de otra anterior, La Compañía de Seguros ampara a todas las personas que forman parte del grupo asegurado anterior, sin limitaciones de sus condiciones de salud o su edad, valor asegurado, etc, ni exigencias medicas, otorgando por lo tanto continuidad de cobertura para todo el grupo que viene asegurado en la (s) compañía (s) anterior (es), desde la fecha en la persona ingresó en la (s) póliza (S) contratada (s) por EL ASEGURADO.
A34: CONVENIO PARA EL PLAZO DEL PAGO DE LA PRIMA: No obstante cualquier estipulación en contrario, por la presente cláusula se deja establecido que, de acuerdo con lo estipulado en el artículo 81 de la Ley 45/90 y la Resolución numero 03750 de Diciembre 31/74 de la Superintendencia Financiera, las partes contratantes convienen que las primas causadas por el presente Contrato de seguros y los Certificados o Anexos que se emitan en aplicación al mismo serán pagadas por EL ASEGURADO, mínimo dentro de los Noventa (90) días contados a partir de la fecha en que el respectivo documento sea recibido en sus oficinas, directamente por la Aseguradora y/o por el intermediario de seguros, quien deberá certificar haber recibido a satisfacción las respectivas pólizas en las condiciones contratadas. Si las pólizas no han sido correctamente elaboradas, el término para el pago solo empezará a contarse desde la fecha en que se presenten en debida forma. La demora en el pago originada por la presentación incorrecta de los documentos requeridos será responsabilidad del contratista y no tendrán por ello derecho al pago de intereses o compensación de ninguna naturaleza o a la aplicación de la terminación del contrato por mora en el pago de la prima. El Intermediario de Seguros de la entidad, contara con el término máximo de Quince (15) días para la revisión de las pólizas y su respectiva entrega al asegurado.
A35: FORMATO 5 : ACEPTACION CLAUSULAS Y CONDICIONES OBLIGATORIAS
A36: CLAUSULAS PARTICULARES OPCONALES REQUERIDAS
A37: REVOCACIÓN , NO RENOVACIÓN O MODIFICACIONES DE LA PÓLIZA Y SUS ANEXOS: La compañía aseguradora podrá revocar y/o modificar las condiciones de los anexo otorgados bajos las pólizas de grupo vida y grupo deudores Y NO RENOVAR la poliza, mediante aviso escrito al tomador y al asegurado con una anticipación de 90 días. La compañía devolverá el importe de las primas pagadas en forma proporcional, desde la fecha de revocación y/o modificación.
A38: ANTICIPO DE LA INDEMNIZACION HASTA EL 50%:: la Aseguradora anticipara la indemnización, hasta por el 50%, con la demostración de la ocurrencia del siniestro por parte del asegurado, el valor de los daños y la comprobación de que existe cobertura y mientras se formaliza a cabalidad la indemnización Correspondiente
A39: CONOCIMIENTO DEL RIESGO: Por medio de la presente cláusula, la (s) Compañía(s) Aseguradora(s) declara (n) que conocen los riesgos y por consiguiente dejan constancia del conocimiento y aceptación de las circunstancias y condiciones de los mismos. En consecuencia de lo anterior, los proponentes no podrán en ningún caso, oponer excepciones, ni formular objeciones fundamentadas en la circunstancia de no haber llevado a cabo las correspondendientes valoraciones o en el desconocimiento de los mismos.
A40: CONDICIONES TECNICAS Y ECONOMICAS DEL REASEGURADORES : Las Aseguradoras deberán conservar sus Reaseguradores durante el período de adjudicación y no podrán cambiarlos salvo fuerza mayor o causa justificada. En caso de ser necesario cambiarlos ó que el reasegurador se retire voluntariamente, él (ó los) reasegurador(es) que lo sustituya(n) deberá(n) ser de la misma categoría ó tener la misma calificación del (os) que se reemplaza(n). Durante el período de adjudicación los oferentes no podrán cambiar las condiciones técnicas y económicas ofrecidas salvo aquellas que sean favorables al asegurado, las cuales deberán incorporarse automáticamente a las Pólizas
... A51: Emitir constancia y/o certificado individual de seguros para cada uno de los asegurados.
A52: REQUISITOS DE ASEGURABILIDAD: | E52: Ninguno
A53: CLAUSULAS PARTICULARES OPCONALES REQUERIDAS | E53: S/N/D | F53: 150 PUNTOS
A54: COBERTURA PARA PREEXISTENCIAS PARA NUEVOS INGRESOS : hasta por el 90 % del valor asegurado individual máximo $ 20.000.000 por persona, quedando así amparados sin ningún tipo de exclusión por enfermedades preexistentes , independiente del valor asegurado que se tenga en el amparo básico. | F54: 75
A55: ENFERMEDADES GRAVES: Se reconocerá al asegurado como anticipó el porcentaje pactado en la presente póliza, cuando durante la vigencia de este amparo le sea diagnosticada cualquiera de las siguientes enfermedades consideradas como graves: Leucemia, Infarto del Miocardio, Cáncer, Accidente cerebro vascular, Insuficiencia Renal Crónica, Esclerosis múltiple, Cirugía Artero coronaria, trasplante de órganos vitales (Corazón, Pulmones, hígado, Páncreas, medula espinal, riñones). Gran Quemado, Cancer de Seno y Prostata Este amparo solo podrá aplicarse a las enfermedades graves cuando estas se manifiestan o sean diagnosticadas por primera vez habiendo transcurrido por lo menos NOVENTA (90) días calendarios contados desde la iniciación de vigencia de este amparo. | F55: 75
A56: REGISTRO SUPERBANCARIA - POLIZA: ANEXAR CONDICIONADO Y TEXTOS DE CLAUSULAS
A57: CLAUSULAS PARTICULARES SOLICITADAS : indicar con una S si es aceptada, N si es negada, D si es aceptada con desviaciones, para lo cual debe estipular en el formato de desviaciones el texto propuesto.
A58: PROCEDIMIENTO DE ATENCION DE RECLAMOS Y RED DE ATENCION: INDICAR EL PROCEDIMIENTO PARA LA ATENCION Y TRAMITE DE LOS RECLAMOS. SE ANEXA
A59: NOTA: SE DEBE DILIGENCIAR UNICAMENTE LA PARTE SOMBREADA EN GRIS. LAS DEMAS AREAS DEL CUADRO NO DEBEN SER MODIFICADAS
A60: COBERTURAS ADICIONALES Y O VALORES AGREGADOS A LAS ESTABLECIDAS EN EL PLIEGO

Sheet REL ASEG  (2)
A2: ANEXO 7 A
A3: RELACION DE ASEGURADOS EN LAS POLIZAS DE GRUPO VIDA FUNCIONARIOS
A5: NOMBRE | B5: APELLIDO | C5: APELLIDO | D5: FECHA NACIMIENTO | E5: CEDULA | F5: FECHA DE INGRESO | G5: V/R ASEGURDO
A6: JAIRO | B6: ESCOBAR | D6: 20835 | E6: 16254603 | G6: 20000000 | I6: 1
A7: LICENIA MARIA | B7: HERRERA | C7: MOLINA | D7: 21923 | E7: 31156545 | G7: 20000000 | I7: 2
A8: LILIANA | B8: JIMENEZ | C8: ZULUAGA | D8: 20915 | E8: 31151560 | G8: 20000000 | I8: 3
A9: SOLANO | B9: ANGULO | C9: ALOMIA | D9: 27223 | E9: 16861211 | G9: 20000000 | I9: 4
A10: CARLOS ALBERTO | B10: QUINTERO | C10: OSORIO | D10: 22178 | E10: 16266255 | G10: 20000000 | I10: 5
A11: ALBA LUCIA | B11: SUAREZ | C11: VARGAS | D11: 24413 | E11: 31172794 | G11: 20000000 | I11: 6
A12: MARICELA | B12: RUIZ | C12: MONTALVO | D12: 22045 | E12: 31154181 | G12: 20000000 | I12: 7
A13: LUIS EDUARDO | B13: SANCHEZ | C13: GONZALES | D13: 19991 | E13: 16820938 | G13: 20000000 | I13: 8
A14: NHAFER NEY | B14: GONZALEZ | C14: GONZALEZ | D14: 22541 | E14: 16268050 | G14: 20000000 | I14: 9
A15: EDUARDO ALFONSO | B15: CORREA | C15: VALENCIA | D15: 17943 | E15: 16243318 | G15: 20000000 | I15: 10
A16: LORENA | B16: SANCHEZ | C16: CEPEDA | D16: 31956 | E16: 1113627605 | G16: 20000000 | I16: 11
A17: DIANA XIMENA | B17: PULGARIN | C17: MIRANDA | D17: 32757 | E17: 1113642899 | G17: 20000000 | I17: 12
A18: ROBINSON | B18: CHAVES | C18: QUINTERO | D18: 31918 | E18: 1113627823 | G18: 20000000 | I18: 13
... A26: GLORIA STELLA | B26: SAA | C26: TRIANA | D26: 25043 | E26: 31176942 | G26: 20000000 | I26: 21
A27: MARIA DEL CARMEN | B27: COBO | D27: 26126 | E27: 66767200 | G27: 20000000 | I27: 22
A28: MERCEDES | B28: MAGAÐA | C28: RODRIGUEZ | D28: 22377 | E28: 29667585 | G28: 20000000 | I28: 23
A29: JAMEZ | B29: MARTINEZ | C29: SARRIA | D29: 27733 | E29: 94324657 | G29: 20000000 | I29: 24
A30: JESUS RODRIGO | B30: SAAVEDRA | C30: GONZALEZ | D30: 20543 | E30: 6292105 | G30: 20000000 | I30: 25
A31: HECTOR FABIO | B31: TORRES | D31: 24759 | E31: 16280719 | G31: 20000000 | I31: 26
A32: HUMBERTO | B32: TAFURT | C32: TENORIO | D32: 20104 | E32: 16255422 | G32: 20000000 | I32: 27
A33: GLORIA MERCEDES | B33: MORA | C33: ESCOBAR | D33: 21284 | E33: 31152396 | G33: 20000000 | I33: 28
A34: GUILLERMO | B34: BURITICA | C34: SOTO | D34: 19963 | E34: 16255091 | G34: 20000000 | I34: 29
A35: HUGO ALEXANDER | B35: ERAZO | C35: CAICEDO | D35: 30228 | E35: 14695825 | G35: 20000000 | I35: 30
A36: JUAN CARLOS | B36: ESCOBAR | C36: JIMENEZ | D36: 22610 | E36: 10255524 | G36: 20000000 | I36: 31
A37: ELIANA MARCELA | B37: HOYOS | C37: MONTOYA | D37: 28983 | E37: 29435376 | G37: 20000000 | I37: 32
A38: NELIA ROSA | B38: GONZALEZ | C38: DE CARTAGENA | D38: 20727 | E38: 31164865 | G38: 20000000 | I38: 33
A39: JENNY | B39: AYALA | C39: BRAND | D39: 30263 | E39: 29675677 | G39: 20000000 | I39: 34
A40: LUIS ALBERTO | B40: BLANCO | C40: VARGAS | D40: 21737 | E40: 16261492 | G40: 20000000 | I40: 35
A41: FABIO LEON | B41: MARQUEZ | C41: NAVARRO | D41: 20983 | E41: 19432943 | G41: 20000000 | I41: 36
A42: GUILLERMO ADOLFO | B42: ARANGO | C42: RODRIGUEZ | D42: 26580 | E42: 94314302 | G42: 20000000 | I42: 37
A43: GERMAN DE JESUS | B43: RAMIREZ | C43: BEDOYA | D43: 23370 | E43: 16272984 | G43: 20000000 | I43: 38
... A82: DANIEL | B82: CORRALES | C82: LOZANO | D82: 24288 | E82: 16277217 | G82: 20000000 | I82: 77
A83: MARCO TULIO | B83: VELASCO | D83: 23081 | E83: 16269857 | G83: 20000000 | I83: 78
A84: LUCY | B84: RIVADENEIRA | C84: ROSERO | D84: 24004 | E84: 31170627 | G84: 20000000 | I84: 79
A85: ESMERALDA | B85: ROJAS | C85: MEDINA | D85: 21691 | E85: 29700298 | G85: 20000000 | I85: 80
A86: NELSON | B86: MENDEZ | C86: RIOJA | D86: 24606 | E86: 16755490 | G86: 20000000 | I86: 81
A87: RAMIRO ALONSO | B87: FONTAL | C87: HERNANDEZ | D87: 24027 | E87: 16276173 | G87: 20000000 | I87: 82
A88: JOSE LEON | B88: VERA | C88: VARGAS | D88: 21307 | E88: 6398555 | G88: 20000000 | I88: 83
A89: LILA ESTHER | B89: CASAS | C89: VASQUEZ | D89: 20739 | E89: 31146772 | G89: 20000000 | I89: 84
A90: MARIA DEL PILAR | B90: ROA | C90: JARAMILLO | D90: 25239 | E90: 66653137 | G90: 20000000 | I90: 85
A91: ALONSO MARIA | B91: SOTELO | C91: SANTANDER | D91: 24079 | E91: 16280416 | G91: 20000000 | I91: 86
A92: CLAUDIA FERNANDA | B92: GONZALEZ | C92: PAREDES | D92: 31232 | E92: 66661765 | G92: 20000000 | I92: 87
A93: GUILLERMO | B93: SALAZAR | C93: SAA | D93: 19365 | E93: 16249834 | G93: 20000000 | I93: 88
A94: ALDEMAR | B94: LUNA | C94: LUNA | D94: 22998 | E94: 16269750 | G94: 20000000 | I94: 89
A95: EFREN | B95: CRIOLLO | C95: MARTINEZ | D95: 21472 | E95: 16257493 | G95: 20000000 | I95: 90
... A104: RONALD ANDRES | B104: CANIZALES | C104: TENORIO | D104: 31050 | E104: 14702294 | G104: 20000000 | I104: 99
A105: LIBARDO | B105: MAQUILON | D105: 22523 | E105: 16266786 | G105: 20000000 | I105: 100
A106: MARINO | B106: SANCHEZ | C106: PRADO | D106: 25980 | E106: 94309886 | G106: 20000000 | I106: 101
A107: LINA MARIA | B107: MONTENEGRO | C107: VERA | D107: 30316 | E107: 29678903 | G107: 20000000 | I107: 102
A108: YOLANDA | B108: PULIDO | C108: ESCOBAR | D108: 22368 | E108: 31162645 | G108: 20000000 | I108: 103
A109: MARIA ESTHER | B109: GUENDICA | C109: ARGOTE | D109: 24265 | E109: 31171947 | G109: 20000000 | I109: 104
A110: ALDEMAR | B110: COLLAZOS | C110: ANDRADE | D110: 21306 | E110: 6394139 | G110: 20000000 | I110: 105
A111: GLORIA AMPARO | B111: CEBALLOS | C111: CARDONA | D111: 26897 | E111: 66769556 | G111: 20000000 | I111: 106
A112: FABIO ALBERTO | B112: AMAYA | D112: 19624 | E112: 16251761 | G112: 20000000 | I112: 107
A113: GERMAN ENRIQUE | B113: GOMEZ | C113: HOYOS | D113: 25681 | E113: 94307755 | G113: 20000000 | I113: 108
A114: BERTHA LUCIA | B114: GARCIA | C114: DIAZ | D114: 21689 | E114: 31151775 | G114: 20000000 | I114: 109
A115: RICARDO | B115: ORTIZ | C115: MARTINEZ | D115: 17729 | E115: 16243122 | G115: 20000000 | I115: 110
A116: JOSE MANUEL | B116: PARDO | C116: CRUZ | D116: 19500 | E116: 16251563 | G116: 20000000 | I116: 111
A117: ALEXANDER | B117: DOMINGUEZ | C117: ALVAREZ | D117: 25689 | E117: 14705332 | G117: 20000000 | I117: 112
A118: JOSE ALDEMAR | B118: PAREJA | C118: LOPEZ | D118: 20189 | E118: 16253839 | G118: 20000000 | I118: 113
A119: YADIRA | B119: VARELA | C119: MONTENEGRO | D119: 23432 | E119: 31166798 | G119: 20000000 | I119: 114
A120: KENNY | B120: CALVO | C120: DURAN | D120: 19976 | E120: 31146632 | G120: 20000000 | I120: 115
A121: JAIME | B121: OSORIO | C121: VALENCIA | D121: 22214 | E121: 16264207 | G121: 20000000 | I121: 116
A122: JESUS ANIBAL | B122: RISUEÐO | C122: OJEDA | D122: 19398 | E122: 14992589 | G122: 20000000 | I122: 117
A123: BLANCA ADIELA | B123: LOPEZ | C123: VALENCIA | D123: 21312 | E123: 31149276 | G123: 20000000 | I123: 118
A124: CARLOS ALBERTO | B124: FERNANDEZ | C124: LENIS | D124: 19945 | E124: 6294124 | G124: 20000000 | I124: 119
... A197: WILLIAM | B197: DELGADO | C197: QUICENO | D197: 25839 | E197: 94311324 | G197: 20000000 | I197: 192
A198: YENI DEL SOCORRO | B198: RODRIGUEZ | D198: 24383 | E198: 66758252 | G198: 20000000 | I198: 193
A199: VICTOR HUGO | B199: CORREA | C199: CARDENAS | D199: 24622 | E199: 16280586 | G199: 20000000 | I199: 194
A200: CAROLINA | B200: DIAZ | C200: SOTO | D200: 30634 | E200: 31656481 | G200: 20000000 | I200: 195
A201: JORGE ENRIQUE | B201: GARCIA | D201: 19949 | E201: 16253414 | G201: 20000000 | I201: 196
A202: ANDRES | B202: LEMOS | C202: CRUZ | D202: 27463 | E202: 94321894 | G202: 20000000 | I202: 197
A203: LUIS FERNEY | B203: VARGAS | C203: TAPIA | D203: 28939 | E203: 6384136 | G203: 20000000 | I203: 198
A204: ERWIN HUMBERTO | B204: ALPALA | C204: GOMEZ | D204: 27067 | E204: 94320168 | G204: 20000000 | I204: 199
A205: LUIS EDWARD | B205: REINOSO | C205: CASTRILLON | D205: 27514 | E205: 16986075 | G205: 20000000 | I205: 200
A206: ANGELICA MARIA | B206: DIAZ | C206: ANGEL | D206: 29020 | E206: 29661670 | G206: 20000000 | I206: 201
A207: GERMAN ANDRES | B207: DUQUE | C207: MARTINEZ | D207: 28175 | E207: 94327485 | G207: 20000000 | I207: 202
A208: GLORIA STELLA | B208: GIL | C208: RIVERA | D208: 23766 | E208: 31176706 | G208: 20000000 | I208: 203
A209: ANGELA MARIA | B209: LOPEZ | C209: BLANDON | D209: 31910 | E209: 1113626813 | G209: 20000000 | I209: 204
A210: ESPERANZA | B210: FORERO | C210: SANCLEMENTE | D210: 25025 | E210: 31176584 | G210: 20000000 | I210: 205
A211: JORGE HUMBERTO | B211: CASTRO | C211: JIMENEZ | D211: 22775 | E211: 16268666 | G211: 20000000 | I211: 206
A212: GUILLERMO | B212: CARVAJAL | C212: MEJIA | D212: 21301 | E212: 16256126 | G212: 20000000 | I212: 207
A213: JOHN JANER | B213: CALERO | C213: SILVA | D213: 26515 | E213: 94314595 | G213: 20000000 | I213: 208
... A238: HUMBERTO | B238: PALOMINO | C238: BECERRA | D238: 21753 | E238: 16260907 | G238: 20000000 | I238: 233
A239: EUCARIS | B239: VALDERRAMA | D239: 22299 | E239: 31156878 | G239: 20000000 | I239: 234
A240: LILIANA | B240: LOZANO | C240: RIVERA | D240: 22976 | E240: 31164077 | G240: 20000000 | I240: 235
A241: LUISA FERNANDA | B241: LAVERDE | C241: FIGUEROA | D241: 27242 | E241: 66772950 | G241: 20000000 | I241: 236
A242: FERNANDO | B242: MARLES | D242: 21503 | E242: 16263483 | G242: 20000000 | I242: 237
A243: GLORIA LILIANA | B243: MARTINEZ | C243: TABARES | D243: 22709 | E243: 31161056 | G243: 20000000 | I243: 238
A244: ROBERTO ANTONIO | B244: AGUDELO | C244: HERNANDEZ | D244: 22624 | E244: 16267291 | G244: 20000000 | I244: 239
A245: NORBI SELINA | B245: ESCOBAR | C245: VACA | D245: 24359 | E245: 29703120 | G245: 20000000 | I245: 240
A246: ANA DELIA | B246: PEREZ | C246: CASTRO | D246: 20555 | E246: 31149218 | G246: 20000000 | I246: 241
A247: MARIA ROSARIO | B247: TASAMA | C247: JIMENEZ | D247: 25480 | E247: 66758042 | G247: 20000000 | I247: 242
A248: HELMER | B248: GUACA | C248: DAVID | D248: 27523 | E248: 94322489 | G248: 20000000 | I248: 243
A249: MARIA DEL PILAR | B249: CIFUENTES | C249: GARCIA | D249: 28146 | E249: 66781582 | G249: 20000000 | I249: 244
A250: SANDRA VIVIANA | B250: CAICEDO | C250: OSPINA | D250: 29953 | E250: 38559210 | G250: 20000000 | I250: 245
A251: DIANA | B251: SANCHEZ | C251: SEPULVEDA | D251: 30077 | E251: 38565608 | G251: 20000000 | I251: 246
...

Sheet GRUPO VIDA OBREROS
A1: ANEXO 8 ( ESPECIFICACIONES TECNICA SEGURO DE GRUPO VIDA OBREROS)
A2: TOMADOR: | B2: MUNICIPIO DE PALMIRA
A3: ASEGURADO : | B3: OBREROS DE TOMADOR SEGÚN RELACION ANEXA 8A
A4: BENEFICIARIO: | B4: LOS DESIGNADOS POR LOS ASEGURADOS O EN SU DEFECTO LOS ESTABLECIDOS POR LA LEY
A5: NIT | B5: =+'[5]TODO RIESGO DANO MATERIAL '!K5 -> 891.380.033-5
A6: RAMO Y POLIZA No. | B6: GRUPO VIDA
A7: PROCESO | B7: MP-SG-LP-CS-021-2014
A8: VIGENCIA | B8: 01 de septiembre de 2014 a las 00:00 horas Hasta el 23 de Agosto de 2015 a las 24:00 horas
A9: CONDICIONES MINIMAS REQUERIDAS OBLIGATORIAS
A10: INTERES ASEGURADO | B10: AMPAROS | C10: VALOR ASEGURADO | D10: PROPUESTA CIA | E10: TASA por mil (%o) | F10: PRIMA
A11: Personal de obrero al servicio del municipio de palmira Asegurados - según relación ver Anexo No 8A | B11: Vida (En la cobertura basica se incluye suicidio, homicidio y sida desde inicio de vigencia Cubre Epidemia y Pandemia) | C11: $882,000,000 ($18,000,000 c/u)
B12: Incapacidad Total y permanente | C12: $882,000,000 ($18,000,000 c/u)
B13: Indemnizaciòn adicional por muerte accidental y Beneficios por Desmembracion | C13: $882,000,000 ($18,000,000 c/u)
B14: Enfermedades graves 50% como suma asegurada independiente) opera como anticipo | C14: $441,000,000 ($9,000,000 c/u)
B15: Auxilio de exequias | C15: =2200000*49 -> 107800000
E16: PRIMA
A17: TOTAL ASEGURADOS: VER Relacion anexo 7A
A18: DETERMINACION DEL VALOR ASEGURADO INDIVIDUAL | D18: v/r asegurado convenido Basico, Ibcapacidad, Doble indemnizacio $ 18.000.000, Enfermedades Graves 505 del amaro basico. Auxilido funerario $ .2.000.000 ara cad uno de los aseguados
A19: VR ASEGURADO MAXIMO | B19: 18000000
A20: CONDICIONES ESPECIALES REQUERIDAS
A21: COBERTURAS | B21: EDAD MAXIM\O DE INGRESO | D21: EDAD MAXIMA DE PERMANENCIA.
A22: Amparo basico y Aux. funerario | B22: 75 | D22: INDEFINIDAD
A23: Incapacidad total y permanente | B23: 64 | D23: 65
A24: Enfermedades graves | B24: 65 | D24: 66
A25: Doble indemnizacion por muerte accidental | B25: 64 | D25: 70
A26: Exequias | B26: 70 | D26: INDEFINIDAD
A27: El amparo basico cubre el suicidio, Homicidioy el sida desde el inicio de la vigencia.
A28: BENEFICIARIOS: | B28: Para efectos de este seguro los beneficiarios seran los estipulados por cada asegurado o en su defecto los de ley.
A29: Extensiòn de Coberturas ( para todas las coberturas excepto Enfermedades graves): Se amparan los eventos accidentales causados por terrorismo, muerte causada con armas de fuego,cortante, punzante o contundente, el Homicidio en cualquiera de sus modalidades, Peleas, riñas, atraco, embriaguez, contravenciones, fenòmenos de la naturaleza, picaduras de insectos, infecciones baterianas, practica de deportes de alto riesgo en calidad de aficionado, cuando el asegurado se encuentre como pasajero en naves o aeronaves de lineas no comerciales y siempre y cuando no haga parte de la tripulacion y tecnicos de dichos aparatos.
A30: CLAUSULA DE AMPARO AUTOMATICO: Con sujeción a los valores asegurados pactados, la póliza ampara automáticamente a todas las personas que entren a formar parte del grupo asegurado, incluyendo cualquier variación en la suma asegurada que se presente, desde la fecha en que tales modificaciones aparezcan en los registros internos del ASEGURADO. El asegurado se compromete a reportar el numero total de asegurados al final de la vigencia con base en lo cual se efectuara el ajuste anual de prima correspondiente.
A31: DESAPARECIMIENTO: Desapariciòn en Catàstrofes Naturales como Terremotos, Inundaciones y Maremotos. Desaparecidos en un Rio, Lago o Mar. Desapariciòn como consecuencia del extravìo, caida, Explosiòn, Naufragio o encalladura de cualquier vehìculo respecto del cual no exista exclusiòn expresa de cobertura, unicamente cuando sea dictado por un fallo judicial
A32: EL FALLECIMIENTO POR HOMICIDIO SE CONSIDERA MUERTE ACCIDENTAL
A33: CONTINUIDAD DE AMPARO : Como ésta póliza se expide en reemplazo inmediato de otra anterior, La Compañía de Seguros ampara a todas las personas que forman parte del grupo asegurado anterior, sin limitaciones de sus condiciones de salud o su edad, valor asegurado, etc, ni exigencias medicas, otorgando por lo tanto continuidad de cobertura para todo el grupo que viene asegurado en la (s) compañía (s) anterior (es), desde la fecha en la persona ingresó en la (s) póliza (S) contratada (s) por EL ASEGURADO.
A34: CONVENIO PARA EL PLAZO DEL PAGO DE LA PRIMA: No obstante cualquier estipulación en contrario, por la presente cláusula se deja establecido que, de acuerdo con lo estipulado en el artículo 81 de la Ley 45/90 y la Resolución numero 03750 de Diciembre 31/74 de la Superintendencia Financiera, las partes contratantes convienen que las primas causadas por el presente Contrato de seguros y los Certificados o Anexos que se emitan en aplicación al mismo serán pagadas por EL ASEGURADO, mínimo dentro de los Noventa (90) días contados a partir de la fecha en que el respectivo documento sea recibido en sus oficinas, directamente por la Aseguradora y/o por el intermediario de seguros, quien deberá certificar haber recibido a satisfacción las respectivas pólizas en las condiciones contratadas. Si las pólizas no han sido correctamente elaboradas, el término para el pago solo empezará a contarse desde la fecha en que se presenten en debida forma. La demora en el pago originada por la presentación incorrecta de los documentos requeridos será responsabilidad del contratista y no tendrán por ello derecho al pago de intereses o compensación de ninguna naturaleza o a la aplicación de la terminación del contrato por mora en el pago de la prima. El Intermediario de Seguros de la entidad, contara con el término máximo de Quince (15) días para la revisión de las pólizas y su respectiva entrega al asegurado.
A35: FORMATO 5 : ACEPTACION CLAUSULAS Y CONDICIONES OBLIGATORIAS
A36: CLAUSULAS PARTICULARES OPCONALES REQUERIDAS
A37: REVOCACIÓN , NO RENOVACIÓN O MODIFICACIONES DE LA PÓLIZA Y SUS ANEXOS: La compañía aseguradora podrá revocar y/o modificar las condiciones de los anexo otorgados bajos las pólizas de grupo vida y grupo deudores Y NO RENOVAR la poliza, mediante aviso escrito al tomador y al asegurado con una anticipación de 90 días. La compañía devolverá el importe de las primas pagadas en forma proporcional, desde la fecha de revocación y/o modificación.
A38: ANTICIPO DE LA INDEMNIZACION HASTA EL 50%:: la Aseguradora anticipara la indemnización, hasta por el 50%, con la demostración de la ocurrencia del siniestro por parte del asegurado, el valor de los daños y la comprobación de que existe cobertura y mientras se formaliza a cabalidad la indemnización Correspondiente
A39: CONOCIMIENTO DEL RIESGO: Por medio de la presente cláusula, la (s) Compañía(s) Aseguradora(s) declara (n) que conocen los riesgos y por consiguiente dejan constancia del conocimiento y aceptación de las circunstancias y condiciones de los mismos. En consecuencia de lo anterior, los proponentes no podrán en ningún caso, oponer excepciones, ni formular objeciones fundamentadas en la circunstancia de no haber llevado a cabo las correspondendientes valoraciones o en el desconocimiento de los mismos.
A40: CONDICIONES TECNICAS Y ECONOMICAS DEL REASEGURADORES : Las Aseguradoras deberán conservar sus Reaseguradores durante el período de adjudicación y no podrán cambiarlos salvo fuerza mayor o causa justificada. En caso de ser necesario cambiarlos ó que el reasegurador se retire voluntariamente, él (ó los) reasegurador(es) que lo sustituya(n) deberá(n) ser de la misma categoría ó tener la misma calificación del (os) que se reemplaza(n). Durante el período de adjudicación los oferentes no podrán cambiar las condiciones técnicas y económicas ofrecidas salvo aquellas que sean favorables al asegurado, las cuales deberán incorporarse automáticamente a las Pólizas
... A51: Emitir constancia y/o certificado individual de seguros para cada uno de los asegurados.
A52: REQUISITOS DE ASEGURABILIDAD: | E52: Ninguno
A53: CLAUSULAS PARTICULARES OPCONALES REQUERIDAS | E53: S/N/D | F53: 150 PUNTOS
A54: COBERTURA PARA PREEXISTENCIAS PARA NUEVOS INGRESOS : hasta por el 90 % del valor asegurado individual máximo $ 18.000.000 por persona, quedando así amparados sin ningún tipo de exclusión por enfermedades preexistentes , independiente del valor asegurado que se tenga en el amparo básico. | F54: 75
A55: ENFERMEDADES GRAVES: Se reconocerá al asegurado como anticipó el porcentaje pactado en la presente póliza, cuando durante la vigencia de este amparo le sea diagnosticada cualquiera de las siguientes enfermedades consideradas como graves: Leucemia, Infarto del Miocardio, Cáncer, Accidente cerebro vascular, Insuficiencia Renal Crónica, Esclerosis múltiple, Cirugía Artero coronaria, trasplante de órganos vitales (Corazón, Pulmones, hígado, Páncreas, medula espinal, riñones). Gran Quemado, Cancer de Seno y Prostata Este amparo solo podrá aplicarse a las enfermedades graves cuando estas se manifiestan o sean diagnosticadas por primera vez habiendo transcurrido por lo menos NOVENTA (90) días calendarios contados desde la iniciación de vigencia de este amparo. | F55: 75
A56: REGISTRO SUPERBANCARIA - POLIZA: ANEXAR CONDICIONADO Y TEXTOS DE CLAUSULAS
A57: CLAUSULAS PARTICULARES SOLICITADAS : indicar con una S si es aceptada, N si es negada, D si es aceptada con desviaciones, para lo cual debe estipular en el formato de desviaciones el texto propuesto.
A58: PROCEDIMIENTO DE ATENCION DE RECLAMOS Y RED DE ATENCION: INDICAR EL PROCEDIMIENTO PARA LA ATENCION Y TRAMITE DE LOS RECLAMOS. SE ANEXA
A59: NOTA: SE DEBE DILIGENCIAR UNICAMENTE LA PARTE SOMBREADA EN GRIS. LAS DEMAS AREAS DEL CUADRO NO DEBEN SER MODIFICADAS
A60: COBERTURAS ADICIONALES Y O VALORES AGREGADOS A LAS ESTABLECIDAS EN EL PLIEGO

Sheet REL ASEG 
A2: ANEXO 8 A
A3: RELACION DE ASEGURADOS EN LAS POLIZAS DE GRUPO VIDA OBREROS
A5: NOMBRE | B5: CARGO | C5: FECHA NACIMIENTO | D5: CEDULA | E5: FECHA DE INGRESO | F5: SUELDO | G5: VR ASEGURADO
A6: AGUDELO HERNANDEZ ROBERTO ANTONIO | B6: OBRERO | C6: 22624 | D6: 16267291 | F6: 1265178 | G6: 18000000 | H6: =G6*24 -> 432000000 | I6: 18000000
A7: ASPRILLA ESCOBAR JOSE FERNANDO | B7: OBRERO | C7: 25912 | D7: 94309626 | F7: 1265178 | G7: 18000000 | H7: =G7*24 -> 432000000 | I7: 18000000
A8: CASTRO BERMUDEZ JESUS | B8: OBRERO PODADOR ARBOLES | C8: 20030 | D8: 17351346 | F8: 1605442 | G8: 18000000 | H8: =G8*24 -> 432000000 | I8: 18000000
A9: DOMINGUEZ HERNANDEZ EMIRO MANUEL | B9: OBRERO MAESTRO DE OBRA | C9: 19971 | D9: 6398236 | F9: 1605442 | G9: 18000000 | H9: =G9*24 -> 432000000 | I9: 18000000
A10: DOMINGUEZ MAQUILON JORGE ENRIQUE | B10: OBRERO | C10: 25681 | D10: 94307824 | F10: 1265178 | G10: 18000000 | H10: =G10*24 -> 432000000 | I10: 18000000
A11: GARCIA BURBANO LUIS EDUARDO | B11: OBRERO OPERARIO MOTONIVELADORA | C11: 18549 | D11: 6389742 | F11: 1605442 | G11: 18000000 | H11: =G11*24 -> 432000000 | I11: 18000000
A12: GIL RIVERA MARCO TULIO | B12: OBRERO OPERARIO GUADAÑA | C12: 21305 | D12: 16266323 | F12: 1605442 | G12: 18000000 | H12: =G12*24 -> 432000000 | I12: 18000000
A13: GONZALEZ DANIEL | B13: CABO DE CUADRILLA | C13: 21765 | D13: 6388054 | F13: 2099227 | G13: 18000000 | H13: =G13*24 -> 432000000 | I13: 18000000
A14: GONZALEZ URREGO CARLOS ALIRIO | B14: OBRERO | C14: 27840 | D14: 94325431 | F14: 1265178 | G14: 18000000 | H14: =G14*24 -> 432000000 | I14: 18000000
A15: GORDILLO TORRES OMAR | B15: OBRERO OFICIAL ALBAÑIL | C15: 23231 | D15: 16270817 | F15: 1605442 | G15: 18000000 | H15: =G15*24 -> 432000000 | I15: 18000000
A16: HERNANDEZ ABRAHAN | B16: OBRERO MAESTRO DE OBRA | C16: 23878 | D16: 16274381 | F16: 1605442 | G16: 18000000 | H16: =G16*24 -> 432000000 | I16: 18000000
A17: HERNANDEZ GIRALDO LUIS EDUARDO | B17: OBRERO OPERARIO MAQUINARIA | C17: 18314 | D17: 16246165 | F17: 1605442 | G17: 18000000 | H17: =G17*24 -> 432000000 | I17: 18000000
... A29: MONTALVO OROZCO ORLANDO | B29: OBRERO OPERADOR MAQUINARIA | C29: 20107 | D29: 6218986 | F29: 1605442 | G29: 18000000 | H29: =G29*24 -> 432000000 | I29: 18000000
A30: MONTES CHAMORRO EDWIN | B30: OBRERO | C30: 28041 | D30: 6388171 | F30: 1605442 | G30: 18000000 | I30: 18000000
A31: MORALES RIVERA OSCAR | B31: OBRERO OPERADOR MOTONIVELADORA | C31: 21504 | D31: 16259646 | F31: 1605442 | G31: 18000000 | H31: =G31*24 -> 432000000 | I31: 18000000
A32: OLAVE RODRIGUEZ JHON MARIO | B32: OBRERO | C32: 26324 | D32: 94313226 | F32: 1265178 | G32: 18000000 | H32: =G32*24 -> 432000000 | I32: 18000000
A33: ORTIZ IGNACIO | B33: OBRERO | C33: 19935 | D33: 14705131 | F33: 1265178 | G33: 18000000 | H33: =G33*24 -> 432000000 | I33: 18000000
A34: OSORIO PINO DARIO | B34: OBRERO MOTORISTA | C34: 24157 | D34: 16729808 | F34: 1605442 | G34: 18000000 | H34: =G34*24 -> 432000000 | I34: 18000000
A35: PALACIOS ORTIZ LUIS FERNANDO | B35: OBRERO OPERADOR MAQUINARIA | C35: 23892 | D35: 16274610 | F35: 1605442 | G35: 18000000 | H35: =G35*24 -> 432000000 | I35: 18000000
A36: PALOMINO JULIO CESAR | B36: OBRERO | C36: 21708 | D36: 16260234 | F36: 1265178 | G36: 18000000 | H36: =G36*24 -> 432000000 | I36: 18000000
A37: PECHENE RIOS MARIO FERNANDO | B37: OBRERO MOTORISTA | C37: 25415 | D37: 94306783 | F37: 1605442 | G37: 18000000 | H37: =G37*24 -> 432000000 | I37: 18000000
A38: PEREZ DOMINGUEZ FERNANDO | B38: OBRERO MOTORISTA | C38: 21306 | D38: 16855059 | F38: 1605442 | G38: 18000000 | H38: =G38*24 -> 432000000 | I38: 18000000
A39: PRADO CEBALLOS WILSON FERNANDO | B39: CABO DE CUADRILLA | C39: 23398 | D39: 16275341 | F39: 2099227 | G39: 18000000 | H39: =G39*24 -> 432000000 | I39: 18000000
A40: QUINTANA MORALES HUGO FERNANDO | B40: OBRERO OPERADOR DE GUADAÑA | C40: 19014 | D40: 6287956 | F40: 1605442 | G40: 18000000 | H40: =G40*24 -> 432000000 | I40: 18000000
A41: ROA DIAZ JOSE DIONICIO | B41: OBRERO OPERADOR COMPACTADOR | C41: 21655 | D41: 16262010 | F41: 1605442 | G41: 18000000 | H41: =G41*24 -> 432000000 | I41: 18000000
A42: SAAVEDRA LASSO BERTHA CECILIA | B42: OBRERO | C42: 24347 | D42: 31173879 | F42: 1265178 | G42: 18000000 | H42: =G42*24 -> 432000000 | I42: 18000000
A43: SAAVEDRA LASSO GUIDO ARGEMIRO | B43: OBRERO PLOMERO | C43: 25067 | D43: 16284808 | F43: 1605442 | G43: 18000000 | H43: =G43*24 -> 432000000 | I43: 18000000
A44: SANCHEZ TABARES HERMINSUL ALBERTO | B44: OBRERO | C44: 22360 | D44: 16269696 | F44: 1265178 | G44: 18000000 | H44: =SUM(H6:H43) -> 15984000000 | I44: 18000000
A45: SANCLEMENTE APARICIO MAURICIO | B45: OBRERO OPERADOR MAQUINARIA | C45: 25233 | D45: 16283936 | F45: 1605442 | G45: 18000000 | I45: 18000000
A46: SAYIN VELASCO JOSE EMILIO | B46: OBRERO ELECTRICISTA | C46: 23197 | D46: 16716260 | F46: 1605442 | G46: 18000000 | I46: 18000000
A47: T9BAR HERRERA LUIS ALFONSO | B47: OBRERO OPERADOR MAQUINARIA | C47: 20725 | D47: 16259579 | F47: 1605442 | G47: 18000000 | I47: 18000000
A48: TOVAR OVIEDO JAVIER | B48: OBRERO | C48: 23966 | D48: 16276046 | F48: 1265178 | G48: 18000000 | I48: 18000000
A49: VALENCIA RAMIREZ HILTON | B49: OBRERO | C49: 23907 | D49: 94251305 | F49: 1265178 | G49: 18000000 | I49: 18000000
A50: VASQUEZ MOLINA ALEXANDER | B50: CABO DE CUADRILLA | C50: 26024 | D50: 94310181 | F50: 2099227 | G50: 18000000 | I50: 18000000
A51: VELEZ ORTIZ JORGE HUMBERTO | B51: OBRERO | C51: 22495 | D51: 16679207 | F51: 1265178 | G51: 18000000 | I51: 18000000
A52: VERA MONCAYO LUIS ALFONSO | B52: OBRERO OPERADOR MAQUINARIA | C52: 22772 | D52: 16267741 | F52: 1605442 | G52: 18000000 | I52: 18000000
A53: VIVEROS SEPULVEDA ARJAIR | B53: OBRERO | C53: 23714 | D53: 16273390 | F53: 1265178 | G53: 18000000 | I53: 18000000
A54: PISICHANA LUIS ENRIQUE | B54: OBRERO MOTORISTA | C54: 23344 | D54: 16271819 | F54: 1605442 | G54: 18000000 | I54: 18000000
G55: =SUM(G6:G54) -> 882000000 | I55: =SUM(I6:I54) -> 882000000

Sheet ACCIDENTES PERS.
A1: ANEXO 9 ( ESPECIFICACIONES TECNICA SEGURO DE ACCIDENTES PERSONALES COLECTIVO
A2: TOMADOR: | B2: ='[6]GRUPO VIDA'!B2:F2 -> MUNICIPIO DE PALMIRA
A3: ASEGURADO : | B3: OBEROS DEL TOMADOR SEGÚN RELACION ANEXA 8A
A4: BENEFICIARIO: | B4: LOS DESIGNADOS POR LOS ASEGURADOS O EN SU DEFECTO LOS ESTABLECIDOS POR LA LEY
A5: NIT | B5: ='[6]GRUPO VIDA'!B5:F5 -> 891.380.033-5
A6: RAMO Y POLIZA No. | B6: ACCIDENTES PERSONALES
A7: PROCESO | B7: MP-SG-LP-CS-021-2014
A8: VIGENCIA | B8: 01 de septiembre de 2014 a las 00:00 horas Hasta el 23 de Agosto de 2015 a las 24:00 horas
A9: CONDICIONES MINIMAS REQUERIDAS OBLIGATORIAS
A10: INTERES ASEGURADO | B10: AMPAROS | D10: VR ASEGURADO | E10: TASA por mil (%o) | F10: PRIMA
A11: Personal al servicio del Tomador que comprende al personal de obreros al servicio de MUNICIPIO DE PALMIRA TOTAL ASEGURADOS: vern anexo 8A | B11: Muerte Accidental | D11: $882,000,000 ($18,000,000 c/u)
B12: Incapacidad total y permanente Homicidio, desde inicio de la cobertura | D12: $882,000,000 ($18,000,000 c/u)
B13: Desmembracion | D13: $882,000,000 ($18,000,000 c/u)
B14: Indemenizacion adicional por accidentes especifico | D14: $882,000,000 ($18,000,000 c/u)
B15: Gastos Medicos | D15: $441,000,000 ($9,000,000 c/u)
E16: PRIMA TOTAL
A17: REPORTE DE NOVEDADES | B17: Con el reporte realizado a la poliza de Grupo vida.
A18: DETERMINACION DEL VALOR ASEGURADO INDIVIDUAL | B18: v/r asegurado convenido $ 18.000.000 c/u
A19: VR ASEGURADO MAXIMO EN EL AMPARO BASICO | B19: 350000000
A20: CONDICIONES ESPECIALES REQUERIDAS
A21: COBERTURAS | B21: EDAD MAXIM\O DE INGRESO | D21: EDAD MAXIMA DE PERMANENCIA.
A22: Basico y Gastos Medicos | B22: SETENTA Y CINCO (75) ANOS | D22: OCHENTA ( 80) ANOS
A23: Beneficios por Invalidez o desmembracion accidental | B23: SESENTA Y CUATRO (64) | D23: SESENTA Y CINCO (65) ANOS
A24: BENEFICIARIOS: | B24: Para efectos de este seguro los beneficiarios seran los estipulados por cada asegurado o en su defecto los de ley.
A25: Extensiòn de Coberturas: Se amparan los eventos accidentales causados por terrorismo, muerte causada con armas de fuego,cortante, punzante o contundente, el Homicidio en cualquiera de sus modalidades, Peleas, riñas, atraco, embriaguez, contravenciones, fenòmenos de la naturaleza, picaduras de insectos, infecciones baterianas, practica de deportes de alto riesgo en calidad de aficionado, cuando el asegurado se encuentre como pasajero en naves o aeronaves de lineas no comerciales y siempre y cuando no haga parte de la tripulacion y tecnicos de dichos aparatos.
A26: CLAUSULA DE AMPARO AUTOMATICO: Con sujeción a los valores asegurados pactados, la póliza ampara automáticamente a todas las personas que entren a formar parte del grupo asegurado, incluyendo cualquier variación en la suma asegurada que se presente, desde la fecha en que tales modificaciones aparezcan en los registros internos del ASEGURADO. El asegurado se compromete a reportar el numero total de asegurados al final de la vigencia con base en lo cual se efectuara el ajuste anual de prima correspondiente.
A27: DESAPARECIMIENTO: Desapariciòn en Catàstrofes Naturales como Terremotos, Inundaciones y Maremotos. Desaparecidos en un Rio, Lago o Mar. Desapariciòn como consecuencia del extravìo, caida, Explosiòn, Naufragio o encalladura de cualquier vehìculo respecto del cual no exista exclusiòn expresa de cobertura, unicamente cuando sea dictado por un fallo judicial
A28: EL FALLECIMIENTO POR HOMICIDIO SE CONSIDERA MUERTE ACCIDENTAL
A29: CONTINUIDAD DE AMPARO: Como ésta póliza se expide en reemplazo inmediato de otra anterior, La Compañía de Seguros ampara a todas las personas que forman parte del grupo asegurado anterior, sin limitaciones de sus condiciones de salud o su edad, valor asegurado, etc, ni exigencias medicas, otorgando por lo tanto continuidad de cobertura para todo el grupo que viene asegurado en la (s) compañía (s) anterior (es), desde la fecha en la persona ingresó en la (s) póliza (S) contratada (s) por EL ASEGURADO.
A30: CONVENIO PARA EL PLAZO DEL PAGO DE LA PRIMA: No obstante cualquier estipulación en contrario, por la presente cláusula se deja establecido que, de acuerdo con lo estipulado en el artículo 81 de la Ley 45/90 y la Resolución numero 03750 de Diciembre 31/74 de la Superintendencia Financiera, las partes contratantes convienen que las primas causadas por el presente Contrato de seguros y los Certificados o Anexos que se emitan en aplicación al mismo serán pagadas por EL ASEGURADO, mínimo dentro de los NOVENTA (90) días contados a partir de la fecha en que el respectivo documento sea recibido en sus oficinas, directamente por la Aseguradora y/o por el intermediario de seguros, quien deberá certificar haber recibido a satisfacción las respectivas pólizas en las condiciones contratadas. Si las pólizas no han sido correctamente elaboradas, el término para el pago solo empezará a contarse desde la fecha en que se presenten en debida forma. La demora en el pago originada por la presentación incorrecta de los documentos requeridos será responsabilidad del contratista y no tendrán por ello derecho al pago de intereses o compensación de ninguna naturaleza o a la aplicación de la terminación del contrato por mora en el pago de la prima. El Intermediario de Seguros de la entidad, contara con el término máximo de Quince (15) días para la revisión de las pólizas y su respectiva entrega al asegurado.
A31: SISTEMA BLANKET: La forma de ajuste blanket será anual. Para el calculo de la prima inicial, el Tomador suministrará un archivo en medio magnético de las personas a asegurar en el que se indique el nombre, cédula de ciudadanía, edad, ocupación y salario. Un archivo con estas mismas características deberá ser entregado a cada período anual durante la vigencia de la póliza. Con base en estos dos listados, la Aseguradora efectuara el ajuste de primas correspondientes, estableciendo la diferencia entre la prima del listado final de asegurado y la prima cobrada de acuerdo al listado inicial suministrado por el Tomador. Si el valor resustante de la anterior operación es positivo, el Tomador pagará el 50% de diferencia a la aseguradora. Si el valor es negativo, se devolverá el msmo porcentaje. No obstante lo anterior el tomador no quedara eximido de efectuar oportunamente los reportes por ingresos y retiros de asegurado o por incrementos en los salarios.
A32: REVOCACIÓN , NO RENOVACIÓN O MODIFICACIONES DE LA PÓLIZA Y SUS ANEXOS: La compañía aseguradora podrá revocar y/o modificar las condiciones de los anexo otorgados bajos las pólizas de grupo vida Y NO RENOVAR la poliza, mediante aviso escrito al tomador y al asegurado con una anticipación de 60 días. La compañía devolverá el importe de las primas pagadas en forma proporcional, desde la fecha de revocación y/o modificación.
A33: MODIFICACION DEL ESTADO DEL RIESGO: No obstante lo estipulado en las condiciones generales de la póliza y sus anexos, por la presente cláusula se establece una limitación a la obligación que el Asegurado notifique los hechos o circunstancias que agraven el riesgo durante la vigencia del contrato, en el sentido, que la aseguradora solo puede invocarla cuando exista relación de causalidad entre la agravación y el siniestro. Se ampararán automáticamente los riesgos cuya agravación se informe, hasta el pronunciamiento del asegurador en contrario.
A34: ANTICIPO DE LA INDEMNIZACION HASTA EL 50%:: la Aseguradora anticipara la indemnización, hasta por el 50%, con la demostración de la ocurrencia del siniestro por parte del asegurado, el valor de los daños y la comprobación de que existe cobertura y mientras se formaliza a cabalidad la indemnización Correspondiente
A35: CONOCIMIENTO DEL RIESGO: Por medio de la presente cláusula, la (s) Compañía(s) Aseguradora(s) declara (n) que conocen los riesgos y por consiguiente dejan constancia del conocimiento y aceptación de las circunstancias y condiciones de los mismos. En consecuencia de lo anterior, los proponentes no podrán en ningún caso, oponer excepciones, ni formular objeciones fundamentadas en la circunstancia de no haber llevado a cabo las correspondendientes valoraciones o en el desconocimiento de los mismos.
A36: CONDICIONES TECNICAS Y ECONOMICAS DEL REASEGURADORES : Las Aseguradoras deberán conservar sus Reaseguradores durante el período de adjudicación y no podrán cambiarlos salvo fuerza mayor o causa justificada. En caso de ser necesario cambiarlos ó que el reasegurador se retire voluntariamente, él (ó los) reasegurador(es) que lo sustituya(n) deberá(n) ser de la misma categoría ó tener la misma calificación del (os) que se reemplaza(n). Durante el período de adjudicación los oferentes no podrán cambiar las condiciones técnicas y económicas ofrecidas salvo aquellas que sean favorables al asegurado, las cuales deberán incorporarse automáticamente a las Pólizas
... A47: COBERTURAS ADICIONALES Y O VALORES AGREGADOS A LAS ESTABLECIDAS EN EL PLIEGO. VER CALIFICACION

Sheet AP ESCOLARES 
A1: ANEXO 10 ESPECIFICACIONES TECNICA SEGURO DE ACCIDENTES PERSONALES ESCOLAR
A2: TOMADOR: | B2: ='[7]ACCIDENTES PERS.'!B2:F2 -> MUNICIPIO DE PALMIRA
A3: ASEGURADO : | B3: =+B2 -> MUNICIPIO DE PALMIRA
A4: BENEFICIARIO: | B4: =+B2 -> MUNICIPIO DE PALMIRA
A5: NIT | B5: ='[7]ACCIDENTES PERS.'!B5:F5 -> 891.380.033-5
A6: RAMO Y POLIZA No. | B6: ACCIDENTES ESCOLARES
A7: PROCESO | B7: MP-SG-LP-CS-021-2014
A8: VIGENCIA | B8: 01 de septiembre de 2014 a las 00:00 horas Hasta el 23 de Agosto de 2015 a las 24:00 horas
A9: CONDICIONES MINIMAS REQUERIDAS OBLIGATORIAS
A10: INTERES ASEGURADO | B10: AMPAROS | C10: VR ASEGURADO MINIMO REQUERIDO POR ALUMNO | D10: VR PROPUESTA CIA. | E10: TASA por mil (%o) | F10: PRIMA
A11: ESTUDIANTES DE LAS ESCUELAS Y COLEGIOS DEL MUNICIPIO DE PALMIRA, UBICADAS TANTO EN LA ZONA URBANA COMO RURAL. INCLUYENDO MENORES DEL PROGRAMA DE ATENCION INTEGRAL A LA PRIMERA INFANCIA/. | B11: Muerte Natural por cualquier causa. | C11: 6000000
B12: Muerte Accidental | C12: =C11 -> 6000000
B13: Incapacidad total y Permanente | C13: =C12 -> 6000000
B14: Desmembracion o Invalidez | C14: =C13 -> 6000000
B15: Gastos Medicos por accidente | C15: 3000000
B16: Enfermedades Graves | C16: 4000000
B17: Auxilio funerario | C17: 2000000
B18: Riesgo biologico | C18: 1200000
B19: Gastos de traslado por accidente (ambulancia) | C19: 200000
B20: Enfermedades Amparadas | C20: 4000000
B21: Rehabilitacion Integral por invalidez | C21: 10000000
A22: PRIMA
A23: No. TOTAL DE ESTUDIANTES: | B23: CUARENTA Y SEIS MIL ( 46.000) | D23: PRIMA TOTAL
A24: CONDICIONES ESPECIALES OBLIGATORIAS
A25: BENEFICIARIO: Los padres, el mismo asegurado mayor de edad o las personas que acrediten haber realizado los pagos ocasionados por el accidente mediante autorizacion previa, estos costos podran ser pagado al centro asistencial. Para el caso de los menores de edad y que la patria potestad no sea ejercida por los padres , se tendra en cuenta lo contemplado en el articulo 228 del codigo civil;Esto correspondera a los amparos adicionales como gastos medicos y gasto de entierro; para el amparo basico se entendera que son los de ley.
A26: RESTABLECIMIENTO DE LA SUMA ASEGURADA EN ATENCION MEDICA: sin limites de eventos durante la vigencia y sin cobro de prima.
A27: CLAUSULA DE AMPARO AUTOMATICO: Con sujeción a las coberturra y a los valores asegurados pactados en la póliza, se ampara automáticamente a todao los alumnos que formen y/o entren a formar parte del grupo de estudiantes de los diferentes establecimientos educativos bajo responsabiliad de la Secretaria de Educacion del MUNICIPIO DE PALMIRA
A28: CONTINUIDAD DE AMPARO: Se amparan a todos los estudiantes que forman parte del grupo asegurado sin limitaciones en sus condiciones de Salud, o edad
A29: SE AMPARA EL HOMICIDIO DESDE EL PRIMER DIA DE COBERTURA.
A30: CONVENIO PARA EL PLAZO DEL PAGO DE LA PRIMA: No obstante cualquier estipulación en contrario, por la presente cláusula se deja establecido que, de acuerdo con lo estipulado en el artículo 81 de la Ley 45/90 y la Resolución numero 03750 de Diciembre 31/74 de la Superintendencia Financiera, las partes contratantes convienen que las primas causadas por el presente Contrato de seguros y los Certificados o Anexos que se emitan en aplicación al mismo serán pagadas por EL ASEGURADO, mínimo dentro de los NOVENTA (90) días contados a partir de la fecha en que el respectivo documento sea recibido en sus oficinas, directamente por la Aseguradora y/o por el intermediario de seguros, quien deberá certificar haber recibido a satisfacción las respectivas pólizas en las condiciones contratadas. Si las pólizas no han sido correctamente elaboradas, el término para el pago solo empezará a contarse desde la fecha en que se presenten en debida forma. La demora en el pago originada por la presentación incorrecta de los documentos requeridos será responsabilidad del contratista y no tendrán por ello derecho al pago de intereses o compensación de ninguna naturaleza o a la aplicación de la terminación del contrato por mora en el pago de la prima.
A31: COBERTURA INTERNACIONAL: La cobertrua se extiende a los mismo amparos mediante reembolso.
A32: INDICAR EL PROCEDIMIENTO DE ATENCION DE RECLAMOS Y RED DE ATENCION :
A33: EN EL MOMENTO DE LA ENTREGA DE LA POLIZA SE DEBE ANEXAR VOLANTES Y/O CIRCULARES Y/O FOLLETO POR EL NUMERO DE ALUMNOS INDICANDO LAS COBERTURAS Y EL PROCEDIMIENTO EN CASO DE RECLAMACIONES.
A34: DESAPARECIMIENTO: Desapariciòn en Catàstrofes Naturales como Terremotos, Inundaciones y Maremotos. Desaparecidos en un Rio, Lago o Mar. Desapariciòn como consecuencia del extravìo, caida, Explosiòn, Naufragio o encalladura de cualquier vehìculo respecto del cual no exista exclusiòn expresa de cobertura
A35: SISTEMA BLANCKET: Queda expresamente declarado y convenido que la presente poliza se expide sin exigencia de relacion de asegurados..En caso de reclamaciones el respectivo establecimiento educativo debe emitir la certificacion correspondiente de la respectiva matricula, del alumno que se vea afectado por cualquie evento amprado bajo al presente poliza,
... A50: COBERTURAS ADICIONALES Y O VALORES AGREGADOS A LAS ESTABLECIDAS EN EL PLIEGO. VER CALIFICACION

Sheet RC SERVIDORES
A1: ANEXO Nº 4 (ESPECIFICACIONES TECNICAS SEGURO DE RESPONSABILIDAD CIVIL SERVIDORES PUBLICOS)
A2: TOMADOR | C2: =DMC!C2 -> INSTITUTO PARA LA INVESTIGACION Y PRESERVACION DEL PATRIMONIO CULTURAL Y NATURAL DEL VALLE DEL CAUCA - INCIVA
A3: ASEGURADO | C3: =C2 -> INSTITUTO PARA LA INVESTIGACION Y PRESERVACION DEL PATRIMONIO CULTURAL Y NATURAL DEL VALLE DEL CAUCA - INCIVA
A4: BENEFICIARIO | C4: =C2 -> INSTITUTO PARA LA INVESTIGACION Y PRESERVACION DEL PATRIMONIO CULTURAL Y NATURAL DEL VALLE DEL CAUCA - INCIVA
A5: NIT | C5: =DMC!C5 -> 800.086.201 - 5
A6: RAMO Y POLIZA No. | C6: RC SERVIDORES PUBLICOS
A7: PROCESO
A8: VIGENCIA | C8: =DMC!C8 -> Desde las 00:00 horas del 30 de Septiembre de 2026 Hasta las 24:00 del 10 de Julio de 2027
A9: CONDICIONES MINIMAS REQUERIDAS OBLIGATORIAS
A10: OBJETO | C10: AMPAROS | D10: VALOR ASEGURADO
A11: Territorio Mundial | D11: V/R ASEGURADO | E11: TASA | F11: PRIMA
A12: Amparar los perjuicios o detrimentos patrimoniales causados al ASEGURADO o a terceros como consecuencia de decisiones de gestión incorrectas, pero no dolosas, adoptadas y/o ejecutadas o inejecutadas, por los Servidores Públicos y/o funcionarios con regímenes de responsabilidad similares a los de los Servidores Públicos, cuyos cargos se relacionan en el presente Pliego de Condiciones. Asumir los gastos de defensa (honorarios profesionales de abogados defensores y cauciones judiciales) según los límites por etapas procesales establecidos en este documento, en todo tipo de procesos, incluidos los penales siempre que se trate de delitos no dolosos; civiles; administrativos; iniciados por entes de control (Procuraduría, Contraloría o similares) o; por cualquier organismo oficial, en los que se discuta la responsabilidad correspondiente a los cargos asegurados. | C12: Cobertura de RC Servidores Públicos | D12: 300000000
C14: Gastos y Costos Judiciales | D14: Sublimitado a $30.000.000 por evento y persona y $150.000.000 en el agregado anual
C16: PRIMA NETA
C17: IMPOVENTAS
C18: TOTAL CON IMPOVENTAS
A19: 1 | B19: Claims Made | C19: Claims Made, La presente póliza opera bajo la modalidad de cobertura por reclamación o "claims made" de conformidad con la Ley 389 de 1997. La cobertura de la póliza aplica a: (i) reclamaciones o investigaciones notificadas a los funcionarios asegurado por primera vez durante la vigencia de la póliza; y/o (ii) circunstancias por las que los funcionarios asegurados tengan conocimiento por primera vez durante la vigencia de la póliza, de investigaciones iniciadas o que estarán siendo iniciadas en su contra. La cobertura se circunscribe a hechos que hayan ocurrido dentro del período de retroactividad de la póliza. Todas las reclamaciones o investigaciones subsiguientes relacionadas con la primera notificación e informada a la Aseguradora, se considerarán cubiertas por la póliza vigente en el momento de la primera notificación. Por esto mismo, las reclamaciones, investigaciones o circunstancias ya notificadas quedan excluidas de todas las vigencias posteriores.” Queda entendido y acordado que se excluyen los procesos, investigaciones y/o reclamos en curso, notificados a los funcionarios y/o la entidad, previo al inicio de la vigencia y aquellos previamente notificados y/o reclamados a una póliza anterior. Los hallazgos o circunstancias en averiguación que no individualicen ningún funcionario o cargo asegurado no se considerarán, para efectos de la póliza, como hechos conocidos que puedan dar lugar a una reclamación aplicable bajo el presente seguro sino hasta el momento que sea vinculado el funcionario(s) formalmente a alguna investigación o indagación preliminar. En consecuencia, en caso de que estos hechos se materialicen posteriormente en una reclamación, no se consideraran hechos excluidos aun cuando no hubiesen sido reportados a la aseguradora. Así mismo queda expresamente acordado y convenido que la aseguradora acepta bajo los mismos términos, las condiciones del sistema de cobertura aquí definidas y en caso de existencia de textos, cláusulas o condiciones contenidas en la propuesta o indicadas en el ejemplar de las condiciones generales de la póliza u otro documento, en contradicción con lo dispuesto en esta cláusula, se entenderán por no escritas
A20: 2 | B20: Cargos Asegurados | C20: Los detallados en el formulario publicado por la entidad
A21: 2.1 | B21: MIEMBROS DE JUNTA DIRECTIVA
A22: 2.2 | B22: DIRECTIVOS DE LA INSTITUCION TOMADORA
A23: 3 | B23: Responsabilidad civil por detrimentos patrimoniales sufridos por el Estado o por terceros siempre que sean consecuencia de los actos incorrectos cometidos por los funcionarios asegurados en el desempeño de las funciones propias a su cargo, cuando fueren declarados civil o administrativamente responsables del detrimento patrimonial.
A24: 4 | B24: Gastos de defensa | C24: $30.000.000 por evento y $150.000.000 en el agregado anual, el cual se encuentra dentro de la suma asegurada anual. Sin deducible en esta cobertura.
A25: 5 | B25: Cauciones Judiciales | C25: Gastos y costos en que incurran los funcionarios asegurados para la constitución de cauciones exigidas por las autoridades o necesarias para ejercitar derechos, dentro de procedimientos civiles, penales, administrativos o disciplinarios iniciados como consecuencia de actos incorrectos de los que se pudiera derivar una responsabilidad fiscal. $20.000.000 por evento y vigencia
A26: 6 | B26: Amparo retroactivo | C26: Desde octubre 29 del 2017.
A27: CARGOS ASEGURADOS
A28: Los Establecidos por INCIVA según relación del formulario diligenciado
A29: CONDICIONES ESPECIALES OBLIGATORIAS
A30: 7 | B30: LA POLIZA DEBE CONTENER LAS CONDICIONES PROPIAS PARA ENTIDADES ESTATALES
A31: 8 | B31: AMPARO DE GASTOS DE DEFENSA EN INVESTIGACION PRELIMINAR
A32: 9 | B32: AMPARO DE DEFENSA PENAL ADMINISTRATIVA SIEMPRE Y CUANDO NO SEA A TITULO DOLOSO, OPERA BAJO REEMBOLSO AL ASEGURADO
A33: 10 | B33: COBERTURA PARA DIRECTIVOS PASADOS, PRESENTES Y FUTUROS
A34: 11 | B34: SE AMPARAN TODAS LAS RECLAMACIONES CONTRA DIRECTIVOS INDEPENDIENTEMENTE DEL ORGANO QUE LAS INICIA. SIEMPRE Y CUANDO EL ORGANO QUE LAS INICIA CUENTE CON LAS FACULTADES LEGALES PARA HACERLO.
A35: 12 | B35: DEFINICION DE ASEGURADO | C35: Se considera asegurado: los administradores de INCIVA, cuyos cargos se detallan en el formulario de solicitud adjunto a estos Pliegos de Condiciones. Cuando se de un cambio de funcionario éste se cubre automáticamente, siempre y cuando el cargo que se ocupe se encuentre en la relación de los cargos asegurados.
A36: 13 | B36: CONVENIO PARA EL PLAZO DEL PAGO DE LA PRIMA | C36: No obstante cualquier estipulación en contrario, por la presente cláusula se deja establecido que, de acuerdo con lo estipulado en el artículo 81 de la Ley 45/90 y la Resolución numero 03750 de Diciembre 31/74 de la Superintendencia Financiera, las partes contratantes convienen que las primas causadas por el presente Contrato de seguros y los Certificados o Anexos que se emitan en aplicación al mismo serán pagadas por EL ASEGURADO, mínimo dentro de los noventa (90) días contados a partir de la fecha en que el respectivo documento sea recibido en sus oficinas, directamente por la Aseguradora y/o por el intermediario de seguros, quien deberá certificar haber recibido a satisfacción las respectivas pólizas en las condiciones contratadas; Si las pólizas no han sido correctamente elaboradas, el término para el pago solo empezará a contarse desde la fecha en que se presenten en debida forma. La demora en el pago originada por la presentación incorrecta de los documentos requeridos será responsabilidad del contratista y no tendrán por ello derecho al pago de intereses o compensación de ninguna naturaleza o a la aplicación de la terminación del contrato por mora en el pago de la prima.
A37: 14 | B37: REVOCACIÓN , NO RENOVACIÓN O MODIFICACIONES DE LA PÓLIZA Y SUS ANEXOS | C37: La Aseguradora deberá dar aviso por escrito aL ASEGURADO, con una anticipación de noventa (90) días, en caso que decida modificar, revocar o no renovar esta póliza y/o alguno de sus amparos adicionales o modificar cualquiera de sus condiciones. En caso de revocación la aseguradora devolverá al asegurado, la proporción de prima correspondiente al tiempo que falte para el vencimiento de la Póliza, liquidada a prorrata. Si la revocación es solicitada por EL ASEGURADO , la Aseguradora devolverá el valor de la prima no corrida del riesgo, liquidada a Prorrata.
A38: 15 | B38: ERRORES Y OMISIONES NO INTENCIONALES | C38: El tomador esta obligado a declarar sinceramente los hechos o circunstancias que determinen el estado del riesgo, la inexactitud sobre hechos o circunstancias que conocidas por la compañía, la hubiere retraído de celebrar el contrato, o inducido a estipular condiciones más onerosas, produce la nulidad relativa del seguro. Sin embargo, si el tomador incurriere en errores, omisiones o inexactitudes inculpables a él o al asegurado, el contrato de seguro al cual se adhiere este documento no será nulo, ni habrá lugar a la aplicación del inciso tercero del Art. 1058 del Código de Comercio sobre reducción porcentual de la prestación asegurada. En ese caso, se deberá pagar la prima adecuada al verdadero estado del riesgo: la cual será calculada a la (s) tasa (s) establecida (s) en la (s) póliza (s) a prorrata y en las mismas condiciones en que viene suscrito el riesgo.
A39: 16 | B39: MODIFICACIÓN DEL ESTADO DEL RIESGO | C39: No obstante lo estipulado en las condiciones generales de la póliza y sus anexos, por la presente cláusula se establece una limitación a la obligación que el Asegurado notifique los hechos o circunstancias que agraven el riesgo durante la vigencia del contrato, en el sentido, que la aseguradora solo puede invocarla cuando exista relación de causalidad entre la agravación y el siniestro. Se ampararán automáticamente los riesgos cuya agravación se informe, hasta el pronunciamiento del asegurador en contrario.
A40: 17 | B40: CONOCIMIENTO DEL RIESGO | C40: Por medio de la presente cláusula, la (s) Compañía(s) Aseguradora(s) declara (n) que conocen los riesgos y por consiguiente dejan constancia del conocimiento y aceptación de las circunstancias y condiciones de los mismos. En consecuencia de lo anterior, los proponentes no podrán en ningún caso, oponer excepciones, ni formular objeciones fundamentadas en la circunstancia de no haber llevado a cabo la visita de inspección o en el desconocimiento de los mismos.
A41: 18 | B41: ACUERDO PARA AJUSTE EN CASO DE SINIESTRO | C41: Por medio de la presente Cláusula se conviene que todos los siniestros serán ajustados conforme al procedimiento especial de ajuste que se acuerde entre el Asegurador y Asegurado, y que bajo estas condiciones, operará el Ajustador que se designe cuando sea necesario
A42: 19 | B42: NOMBRAMIENTO DE AJUSTADOR | C42: En caso de siniestro que afecte las pólizas contratadas y en los que a juicio de la aseguradora se deba asignar Ajustador, dichos Ajustadores no podrán ser asignados unilateralmente por la aseguradora, sino bajo los siguientes parámetros: • Se escogerá al inicio de la vigencia de las pólizas una terna de firmas Ajustadores nominada por EL ASEGURADO y la ASEGURADORA. • Las firmas seleccionadas deberán tener sede principal u oficina similar en la ciudad de Cali. La asignación del Ajustador proveniente de la terna inicialmente escogida, deberá realizarse dentro de los 3 días hábiles siguientes a la fecha del reporte del siniestro y el Ajustador deberá contactar al asegurado y efectuar las visitas correspondientes dentro de los 2 días hábiles siguientes a la fecha de designación. En caso contrario, se designará otro integrante de la terna preseleccionada.
A43: 20 | B43: AVISO DE PÉRDIDA 60 DÍAS | C43: No obstante lo dispuesto en las condiciones la Póliza o en sus anexos, por la presente cláusula se conviene entre las partes, un término SESENTA ( 60) días calendario para que el Asegurado de aviso al Asegurador de cualquier evento que afecte a la presente Póliza, contados a partir de la fecha en que haya tenido conocimiento de dicho evento, sin perjuicio de lo establecido en el artículo 1081 del Código de Comercio.
A44: 21 | B44: DOMICILIO | C44: Sin perjuicios de las disposiciones procesales para los efectos relacionados con el presente contrato, se fija como domicilio de las partes la ciudad de MUNICIPIO DE CALI en la República de Colombia.
A45: 22 | B45: PRORROGAS | C45: Queda expresamente declarado y convenido que la (s) aseguradora (s) queda (n) obligadas (s) a otorgar la (s) prorroga (s) que el Asegurado solicite en caso de que se requiera tiempo adicional para surtir los trámites internos de una nueva licitación, en las mismas condiciones en que se encuentran suscritas las pólizas, incluido el intermediario y su cobro será calculado a prorrata
A46: 23 | B46: ADHESION | C46: Si durante la vigencia de este seguro se presentan modificaciones a las condiciones generales y particulares de la póliza, que presenten un beneficio a favor del ASEGURADO, tales modificaciones se consideran automáticamente incorporadas a la póliza siempre que el cambio no implique un aumento en la prima originalmente pactada
... A51: 28 | B51: GASTOS Y COSTOS DE DEFENSA EN INSTANCIAS PREVIAS | C51: : La presente póliza se extiende a cubrir los gastos y costos de defensa que se ocasionen durante las instancias previas que se presenten una vez se dicte la Resolución o Auto que ordena la apertura de la respectiva instancia preliminar. Para perjuicios causados a terceros por actos incorrectos amparados por la póliza y cometidos por los funcionarios asegurados, se considera que el tomador es igualmente asegurado
A52: 29 | B52: EXTIENDE A CUBRIR AL CONYUGUE Y A LOS HEREDEROS DEL FUNCIONARIO ASEGURADO, EN AQUELLOS CASOS EN QUE LA OBLICACION INDEMNIZATORIA SE TRAMITE POR CAUSA DE MUERTE, INHABILIDAD, INSOLVENCIA O QUIEBRA
A53: 30 | B53: AMPARO POR CULPA GRAVE | C53: No obstante lo establecido en las condiciones particulares y generales de la póliza y sus anexos, queda establecido y convenidoque el seguro amapara los perjuicios patrimoniales de los terceros por culpa grave del asegurdo
A54: 31 | B54: ABOGADOS | C54: Por la presente cláusula queda establecido y convenido que los asegurados podrán elegir libremente el abogado que asumirá su defensa.
A55: 32 | B55: COBERTURA PARA JUICIOS DE RESPONSABILIDAD FISCAL | C55: No obstante lo establecido en las condiciones generales y particulares de la póliza y sus anexos, la póliza se extiende a amparar los perjuicios que sufra el Asegurado como consecuencia de las investigaciones y fallos de la contraloría, con alcance fiscal.
A56: 31 | B56: Cláusula de aplicación de condiciones particulares | C56: Queda expresamente acordado y convenido, que la Compañía acepta las condiciones básicas tecnicas establecidas en este anexo en los terminos señalados en el mismo, por lo tanto, en caso de existir discrepancia ente los ofrecimientos contenidos en la propuesta tecnica básica, frente a los textos de los ejemplares de las pólizas, certificados, anexos o cualquier otro documento; prevalecerá la información y condiciones básicas tecnicas establecidas.
A57: 32 | B57: SE AMPARA FALTA GRAVISIMAS CONTEMPLADAS EN LA LEY 1952 DE 2019 CUANDO SEAN COMETIDOS SIN DOLO
A58: CLAUSULAS PARTICULARES OPCIONALES REQUERIDAS | E58: S / N / D | G58: PUNTOS
A59: 1 | B59: SILENCIO ADMINISTRATIVO POSITIVO | C59: Por la presente cláusula queda establecido y convenido que la Aseguradora se compromete a indemnizar los perjuicios causados a terceros, a los socios y a la entidad estatal, provenientes de la responsabilidad civil de los administradores originada en cualquier reclamación iniciada por primera vez contra los asegurados durante la vigencia de la póliza, por la declaratoria del silencio administrativo positivo en contra de la empresa de la entidad , derivada de todo acto culposo o culpa grave real o presunta cometida por los administradores, de acuerdo con la resolución 365 del 4 de Julio de 1995, expedida por la Superintendencia de Servicios Públicos y demás disposiciones legales que la modifiquen o complementen.
A60: 2 | B60: HONORARIOS DE ABOGADOS, COSTAS Y GASTOS PERSONALES | C60: Queda expresamente declarado y convenido que la poliza contempla el reconocimiento en excesos de los limites pactados para los distintos amparos, los gastos en que por este concepto incurra el asegurado de acuerdo con la costumbre tarifaria de este tipo de negocios juridicos
A61: 3 | B61: LOS COSTOS Y GASTOS DERIVADOS DE LOS PROCESOS PENALES SE PAGAN SIN CONDICIONAMIENTO ALGUNO REFERENTE A LA INOCENCIA DEL ASEGURADO Y LA COBERTURA NO SE LIMITA HASTA EL FALLO EN PRIMERA INSTANCIA.
A62: 4 | B62: GASTOS DE DEFENSA EN RECLAMACIONES EXTRAJUDICIALES | C62: Por la presente cláusula queda establecido y convenido que la presente póliza ampara los honorarios y gastos de defensa en los que incurra el asegurado para su defensa frente a reclamaciones extrajudiciales, previamente autorizados por la aseguradora
A63: 5 | B63: RECLAMACION DIRECTA | C63: Indemnizacion si fallo de Responabilidad Fiscal. Se debe presentar acta de inicio de la investigacion e instarurar denuncia penal en contra del empleado.
A64: 6 | B64: ACCION SOCIAL DE RESPONSABILIDAD CIVIL | C64: Queda establecido y convenido por la presente cláusula que la aseguradora indemnizará a la empresa de servicios públicos cuando se produzca una condena contra el ó los administradores como consecuencia de la acción instaurada con base en el artículo 25 de la Ley 222 de 1995.
A65: 7 | B65: RESTABLECIMIENTO AUTOMÁTICO DE VALOR ASEGURADO POR PAGO DE SINIESTRO | C65: En caso de siniestro el límite asegurado se rebajará en la suma indemnizada a partir de la fecha en que se efectúe el pago y se restablecerá automáticamente a su límite inicial y el Asegurado pagará la prima adicional correspondiente a prorrata. Está cláusula tiene aplicación en cualquier época, aún en aquellos casos en que la indemnización se efectúe posteriormente a la terminación de la vigencia afectada por la reclamación.
A66: 8 | B66: SOCIEDAD TOMADORA | C66: Por la presente cláusula queda establecido y convenido que la presente póliza ampara la totalidad de los gastos procesales y de defensa en los casos en los que la reclamación se haga también contra EL ASEGURADO sin exceder del límite asegurado pactado en la póliza.
A67: 9 | B67: RECLAMACIONES | C67: Este seguro se extiende a cubrir el reembolso de cualquier suma que se vea precisado a pagar el asegurado como consecuencia de los actos y omisiones a que se refiere este contrato , en el evento de que la victima, dejando de lado la eventual responsabilidad civil extracontractual que ello podria generar, opte por reclamar o iniciar en contra del asegurado una responsabiliad de tipo contractual.
A68: 10 | B68: GASTOS POR ACCIONES SINDICALES | C68: Se conviene entre las partes y no obstante lo establecido en las condiciones generales de la Póliza y sus anexos, que la Aseguradora cubrirá los gastos que se generen por los honorarios de mediadores que traten de apaciguar la huelga ó conflictos con los empleados del ASEGURADO, generado a causa de una acción del Directivo.
A69: 11 | B69: COBERTURA PARA GASTOS DE DEFENSA DE LA SOCIEDAD TOMADORA Y/O SUBORDINADAS | C69: Por la presente clausula queda expresamente declarado y convenido que la presente poliza ampara la totalidad de los gastos procesales y de defensa en los casos en que la reclamacion se haga tambien contra la sociedad y/o sus subordinadas, sin exceder del limite asegurado pactado en la poliza.
A70: 12 | B70: COBERTURA ADICIONAL POR 24 MESES con cobro de prima siempre y cuando no sea mayor al 50% de la prima anual, por cancelación o no renovación de la póliza por decisión de la aseguradora.
A71: PUNTAJE TOTAL | G71: =SUM(G59:G70) -> 0
A72: DEDUCIBLE REQUERIDO
A73: SIN APLICACION DE DEDUCIBLE | D73: SIN APLICACION DE DEDUCIBLE
A75: REGISTRO SUPERBANCARIA - POLIZA: ANEXAR CONDICIONADO Y TEXTOS DE CLAUSULAS
A76: NOTA: SE DEBE DILIGENCIAR UNICAMENTE LA PARTE SOMBREADA. LAS DEMAS AREAS DEL CUADRO NO DEBEN SER MODIFICADAS

Sheet TRANSPORTE DE VALORES
A1: ANEXO No. 5 (ESPECIFICACIONES TECNICAS SEGURO DE TRANSPORTE AUTOMATICO DE VALORES )
A2: TOMADOR | C2: =DMC!C2 -> INSTITUTO PARA LA INVESTIGACION Y PRESERVACION DEL PATRIMONIO CULTURAL Y NATURAL DEL VALLE DEL CAUCA - INCIVA
A3: ASEGURADO | C3: =DMC!C3 -> INSTITUTO PARA LA INVESTIGACION Y PRESERVACION DEL PATRIMONIO CULTURAL Y NATURAL DEL VALLE DEL CAUCA - INCIVA
A4: BENEFICIARIO | C4: =DMC!C4 -> INSTITUTO PARA LA INVESTIGACION Y PRESERVACION DEL PATRIMONIO CULTURAL Y NATURAL DEL VALLE DEL CAUCA - INCIVA
A5: NIT | C5: =DMC!C5 -> 800.086.201 - 5
A6: RAMO Y POLIZA No. | C6: TRANSPORTE DE VALORES
A7: PROCESO
A8: VIGENCIA | C8: =DMC!C8 -> Desde las 00:00 horas del 30 de Septiembre de 2026 Hasta las 24:00 del 10 de Julio de 2027
A9: INTERES ASEGURADO | C9: PRESUPUESTO | D9: AMPAROS | F9: TASA | G9: PRIMA
A10: TERRITORIO COLOMBIANO : SE AMPARAN LAS MOVILIZACIONES DE DINERO EN EFECTIVO Y CHEQUES DESDE LAS OFICINAS DEL ASEGURADO Y DE LOS RECAUDADORES HASTA LOS BANCOS- ENTIDADES FINANCIERAS Y OFICINAS DE LA MISMA CIUDAD Y DESDE LAS OFICINAS RURALES ASEGURADO Y DEL RECAUDADOR HASTA LOS BANCOS DE CIUDADES CERCANAS Y/O VICEVERSA. | C10: 100000000 | D10: Perdidas o daños accidentales
D11: Hurto Calificado
D12: Huelga Simple
D13: Permanencia en lugares iniciales o finales 72 horas
D16: Trayectos multiples
C19: Limite Maximo Despacho | D19: PRIMA NETA
A20: LIMITE MAXIMO POR DESPACHO | C20: 12000000 | D20: GASTOS EXPEDICION
D21: IVA
A22: TOTAL VALOR ASEGURADO | D22: PRIMA TOTAL CON IVA
A23: CONDICIONES ESPECIALES DE OBLIGATORIA ACEPTACION
A24: 1 | B24: EL SEGURO SE EXTIENDE A CUBRIR MIENTRAS LOS VALORES SE ENCUENTRAN EN LAS DEPENDENCIAS DEL ASEGURADO Y/O RECAUDODORES Y/O CONTRATISTAS LOS FINES DE SEMANA Y LOS DIAS FESTIVOS.
A25: 2 | B25: EL COBRO DE LA PRIMA SE HACE ANUALMENTE CON BASE EN EL PRESUPUESTO REPORTADO, NO SE DECLARA MENSUALMENTE Y NO SE AJUSTA CON BASE EN MOVIMIENTOS REALES AL FINALIZAR LA VIGENCIA
A26: 3 | B26: SE INCLUYE DENTRO DEL TERMINO DE MENSAJERO PARTICULAR, LOS RECAUDADORES PERSONAS NATURALES O JURIDICAS QUE TIENEN CONTRATO DE PRESTACION DE SERVICIOS Y QUE RECAUDAN EN NOMBRE INCIVA L EN LAS DIFERENTES POBLACIONES DONDE ESTA ENTIDAD EJERCE SUS ACTIVIDADES.
A27: 4 | B27: EL SEGURO SE EXTIENDE A CUBRIR LAS CONSIGNACIONES NOCTURNAS .
A28: 6 | B28: REVOCACIÓN Ó NO RENOVACIÓN O MODIFICACIONES DE LA PÓLIZA Y SUS ANEXOS 90 DÍAS | C28: La Aseguradora deberá dar aviso por escrito al ASEGURADO con una anticipación de noventa (90) días, en caso que decida revocar o no renovar esta póliza, alguno de sus amparos adicionales o modificar cualquiera de sus condiciones. En caso de revocación la aseguradora devolverá al asegurado, la proporción de prima correspondiente al tiempo que falte para el vencimiento de la Póliza, liquidada a prorrata. Para HUELGAS Aplican 10 días. Si la revocación es solicitada por La Entidad, la Aseguradora devolverá el valor de la prima no corrida del riesgo, liquidada a Prorrata.
A29: 7 | B29: ERRORES Y OMISIONES NO INTENCIONALES | C29: El tomador esta obligado a declarar sinceramente los hechos o circunstancias que determinen el estado del riesgo, la inexactitud sobre hechos o circunstancias que conocidas por la compañía, la hubiere retraído de celebrar el contrato, o inducido a estipular condiciones más onerosas, produce la nulidad relativa del seguro. Sin embargo, si el tomador incurriere en errores, omisiones o inexactitudes inculpables a él o al asegurado, el contrato de seguro al cual se adhiere este documento no será nulo, ni habrá lugar a la aplicación del inciso tercero del Art. 1058 del Código de Comercio sobre reducción porcentual de la prestación asegurada. En ese caso, se deberá pagar la prima adecuada al verdadero estado del riesgo, cuyo cálculo se efectuará a prorrata a las tasas y condiciones vigentes en las pólizas al momento de efectuarse la modificación.
A30: 8 | B30: CLAUSULA DE ANTICIPO DE LA INDEMNIZACION | C30: La aseguradora anticipara la indemnización, hasta por el 50%, con la demostración de la ocurrencia del siniestro por parte del asegurado, el valor de los daños y la comprobación de que existe cobertura y mientras se formaliza a cabalidad la indemnización Correspondiente
A31: 9 | B31: CONOCIMIENTO DEL RIESGO | C31: Por medio de la presente cláusula, la (s) Compañía(s) Aseguradora(s) declara (n) que conocen los riesgos y por consiguiente dejan constancia del conocimiento y aceptación de las circunstancias y condiciones de los mismos. En consecuencia de lo anterior, los proponentes no podrán en ningún caso, oponer excepciones, ni formular objeciones fundamentadas en la circunstancia de no haber llevado a cabo la visita de inspección de los bienes o en el desconocimiento de los mismos.
A32: 10 | B32: ACUERDO PARA AJUSTE EN CASO DE SINIESTRO | C32: Por medio de la presente Cláusula se conviene que todos los siniestros serán ajustados conforme al procedimiento especial de ajuste que se acuerde entre el Asegurador y Asegurado, y que bajo estas condiciones, operará el Ajustador que se designe cuando sea necesario.
A33: 11 | B33: NOMBRAMIENTO DE AJUSTADOR | C33: En caso de siniestro que afecte las pólizas contratadas y en los que a juicio de la aseguradora se deba asignar Ajustador, dichos Ajustadores no podrán ser asignados unilateralmente por la aseguradora, sino bajo los siguientes parámetros: • Se escogerá al inicio de la vigencia de las pólizas una terna de firmas Ajustadores nominada por el Asegurado y la Aseguradora. • Las firmas seleccionadas deberán tener sede principal u oficina similar en la ciudad de Cali. La asignación del Ajustador proveniente de la terna inicialmente escogida, deberá realizarse dentro de los 3 días hábiles siguientes a la fecha del reporte del siniestro y el Ajustador deberá contactar al asegurado y efectuar las visitas correspondientes dentro de los 2 días hábiles siguientes a la fecha de designación. En caso contrario, se designará otro integrante de la terna preseleccionada.
A34: 12 | B34: NO CONCURRENCIA DE DEDUCIBLES | C34: De presentarse un evento indemnizable bajo la presente póliza, en cualquiera de sus secciones o por cualquiera de los riesgos cubiertos por la misma, que afecte a dos o más artículos o bienes amparados y si en los mismos figuran deducibles diferentes, para los efectos de liquidación de siniestro, se aplicará únicamente el deducible cuya cobertura se afectó por el origen del siniestro y no la sumatoria de ellos.
A35: 13 | B35: AVISO DE PÉRDIDA 60 DÍAS | C35: No obstante lo dispuesto en las condiciones la Póliza o en sus anexos, por la presente cláusula se conviene entre las partes, un término sesenta (60) días calendario para que el Asegurado de aviso al Asegurador de cualquier evento que afecte a la presente Póliza, contados a partir de la fecha en que haya tenido conocimiento de dicho evento, sin perjuicio de lo establecido en el artículo 1081 del Código de Comercio.
A36: 14 | B36: ACTOS DE AUTORIDAD | C36: No obstante lo estipulado en las Condiciones Generales de la Póliza o en sus anexos, queda entendido y convenido que este seguro cubre las pérdidas o daños materiales por la destrucción ordenada o ejecutada por actos de la autoridad competente con el fin de aminorar o evitar la propagación de las consecuencias de cualquier evento cubierto por la Póliza ó por cualquier error que la misma cometa en función de su actividad.
A37: 15 | B37: PAGO DE INDEMNIZACIONES | C37: No obstante lo estipulado en la Cláusula de indemnizaciones del presente Contrato se conviene entre las partes, que el pago de la indemnización o la autorización de reparar el bien afectado por la realización de un riesgo amparado, se hará a quién designe el Asegurado, previa información escrita a la Aseguradora y con la firma de la solicitud de indemnización correspondiente, todo, teniendo en cuenta los controles administrativos que posee el ASEGURADO . Igualmente, se conviene que en caso de reparaciones o reposiciones, se tendrá prelación por la firma con la cual el Asegurado posea relaciones comerciales o sea su contratista.
A38: 16 | B38: ASONADA, MOTIN, CONMOCION CIVIL O POPULAR, HUELGA, CONFLICTOS COLECTIVOS DE TRABAJO, ACTOS MAL INTENCIONADOS DE TERCEROS, INCLUYENDO LOS ACTOS TERRORISTAS Y DE MOVIMIENTOS SUBVERSIVOS | C38: No obstante lo establecido en las condiciones generales de la póliza ó de sus anexos, se deja constancia que los hechos cometidos por movimientos subversivos o terroristas, incluyendo los eventos de guerra, rebelión, sedición, revolución, insurrección, usurpación ó toma del poder militar serán considerados dentro de esta cobertura. Este amparo se concede a todos los predios asegurados donde estén ubicados en el Territorio Colombiano, dentro o fuera del perímetro urbano de cualquier ciudad o población. Se cubren los daños o perjuicios a terceros , causados por o a consecuencia de asonada según su definición en el código penal, Motín o Conmoción civil o popular, huelgas, conflictos colectivos de trabajo, suspensión de hecho de labores; actos mal intencionado de terceros que incluyen actos de cualquier naturaleza cometidos por movimientos subversivos. Se hace constar que estas coberturas se extienden a cubrir los daños que se causen mediante el uso de cohetes, misiles y proyectiles en general, sean estos fabricados mediante el uso de tecnología especializadas en armas de este tipo, o a partir de elementos adaptados para tal propósito, tales como cilindros, tubos, recipientes o cualquier otro elemento que inicialmente hayan sido diseñados para un propósito diferente. Así mismo se cubre la toma a poblaciones y/o municipio. Los daños ocasionados por estos eventos, deben ser indemnizados directamente por la aseguradora sin exigencia al asegurado de reclamarle al estado.
A39: 17 | B39: ADHESIÓN | C39: Si durante la vigencia de este seguro se presentan modificaciones a las condiciones generales y particulares de la póliza, que presenten un beneficio a favor del ASEGURADO , tales modificaciones se consideran automáticamente incorporadas a la póliza siempre que el cambio no implique un aumento en la prima originalmente pactada.
... A44: 22 | B44: MODIFICACIÓN DEL ESTADO DEL RIESGO. | C44: No obstante lo estipulado en las condiciones generales de la póliza y sus anexos, por la presente cláusula se establece una limitación a la obligación que el Asegurado notifique los hechos o circunstancias que agraven el riesgo durante la vigencia del contrato, en el sentido, que la aseguradora solo puede invocarla cuando exista relación de causalidad entre la agravación y el siniestro. Se ampararán automáticamente los riesgos cuya agravación se informe, hasta el pronunciamiento del asegurador en contrario
A45: GARANTIAS (Obligatorias)
A46: Despachos transportados por el mensajero particular | D46: hasta 10 SMMLV | I46: ESTAS GARANTIAS SON OBLIGATORIAS
A47: Mensajero acompañado de una persona mayor | D47: 11 a 20 SMMLV
A48: Mensajero acompañado de una persona mayor armada | D48: 21-40 SMMLV
A49: Vehiculo Blindado especializado, carro patrulla o vehiculo de transportadora de valores con vehiculo escolta o personal armado | D49: mas de 41 SMMLV
A51: CLAUSULAS PARTICULARES OPCIONALES REQUERIDAS | E51: S/ N / D | G51: PUNTOS
A52: 1 | B52: NO APLICACIÓN DE INFRASEGURO | C52: Queda entendido, convenido y aceptado que en caso de siniestro amparado por este seguro, la compañía de seguros indemnizará la pérdida, hasta el límite del valor asegurado que figura en la póliza, sin aplicación de infraseguro.
A53: PUNTAJE TOTAL | G53: =SUM(G33:G52) -> 0
A54: La Entidad utilizará esta póliza, cuando sus necesidades de protección lo exijan, nunca sin informar a la Aseguradora, dejando constancia que la póliza no se cancelará cuando no se efectúan movilizaciones frecuentemente.
A55: DEDUCIBLES | D55: PROPUESTA CIA
A56: PARA TODOS LOS EVENTOS:
A57: NOTA: SE DEBE DILIGENCIAR UNICAMENTE LA PARTE SOMBREADA. LAS DEMAS AREAS DEL CUADRO NO DEBEN SER MODIFICADAS

Sheet AUTOMOVILES
A1: ANEXO Nº 6 (ESPECIFICACIONES TECNICAS SEGURO DE AUTOMOVILES )
